Workbook

Sheet RREO
A1: Prefeitura Municipal de Cacapava do Sul - RS
A2: Relatório Resumido da Execução Orçamentária
A3: Demonstrativo Simplificado do Relatório Resumido da Execução Orçamentária
A4: Orçamentos Fiscal e da Seguridade Social
A5: Janeiro a Junho 2023/Bimestre Maio-Junho
A6: RREO - Anexo 14 (LRF, Art. 48) | H6: Em Reais
A7: BALANÇO ORÇAMENTÁRIO | D7: 1º Bimentre | E7: 2º Bimentre | F7: 3º Bimentre | H7: Até o bimestre
A8: RECEITAS
B9: Previsão Inicial | D9: 2.3501919e+08 | E9: 2.3501919e+08 | F9: 2.3501919e+08 | H9: 2.3501919e+08
B10: Previsão Atualizada | D10: 2.3501919e+08 | E10: 2.3503294e+08 | F10: 2.3587022e+08 | H10: 2.3587022e+08
B11: Receitas Realizadas | D11: 30373838 | E11: 60509687 | F11: 91605278 | H11: 91605278
B12: Déficit Orçamentário
B13: Saldos de Exercícios Anteriores(Utilizados para Créditos Adicionais) | D13: 1260790.3 | E13: 1853823.1 | F13: 2285209.8 | H13: 2285209.8
A14: DESPESAS
B15: Dotação Inicial | D15: 2.182765e+08 | E15: 2.182765e+08 | F15: 2.182765e+08 | H15: 2.182765e+08
B16: Dotação Atualizada | D16: 2.2056008e+08 | E16: 2.2116308e+08 | F16: 2.225189e+08 | H16: 2.225189e+08
B17: Despesas Empenhadas | D17: 40259038 | E17: 72337403 | F17: 1.0367137e+08 | H17: 1.0367137e+08
B18: Despesas Liquidadas | D18: 26853396 | E18: 58167778 | F18: 90917225 | H18: 90917225
B19: Despesas Pagas | D19: 19501449 | E19: 45189535 | F19: 75599828 | H19: 75599828
B20: Superávit Orçamentário | D20: 3520443 | E20: 2341908.8 | F20: 688053 | H20: 688053
A22: DESPESAS POR FUNÇÃO/SUBFUNÇÃO | D22: 1º Bimentre | E22: 2º bemestre | F22: 3º bemestre | G22: bimestre Anterior | H22: Até o bimestre
A23: Despesas Empenhadas | D23: 40259038 | E23: 72337403 | F23: 1.0367137e+08 | H23: 72337403
A24: Despesas Liquidadas | D24: 26853396 | E24: 58167778 | F24: 90917225 | H24: 58167778
D25: RCL gerada p/ Sistema | F25: RCL apurada p/ Contabilidade¹
A26: RECEITA CORRENTE LÍQUIDA - RCL | D26: 2º Bimentre | E26: 1º Semestre | F26: 2º Bimentre | G26: 1º Semestre | H26: Até o bimestre
A27: Receita Corrente Líquida | D27: 1.3601737e+08 | E27: 1.349182e+08 | F27: 1.3285731e+08 | G27: =130014671.91 -> 1.3001467e+08 | H27: 1.349182e+08
A28: Receita Corrente Líquida Ajustada para Cálculo dos Limites de Endividamento | D28: 1.3561737e+08 | E28: 1.347682e+08 | F28: 1.3260731e+08 | G28: =129745178.91 -> 1.2974518e+08 | H28: 1.347682e+08
A29: ¹Receita Corrente Líquida Ajustada para Cálculo dos Limites da Despesa c/ Pessoal | D29: 1.3561737e+08 | E29: 1.347682e+08 | F29: 1.2740874e+08 | G29: =129745178.91 -> 1.2974518e+08 | H29: 1.347682e+08
A31: RECEITAS E DESPESAS DO REGIME PRÓPRIO DE PREVIDÊNCIA DOS SERVIDORES | D31: 1º Bimentre | E31: 2º Semestre | F31: 3º Semestre | H31: Até o bimestre
A32: Fundo em Capitalização (PLANO PREVIDENCIÁRIO)
B33: Receitas Previdenciárias Realizadas | D33: 7047198.8 | E33: 12801508 | F33: 21208278 | H33: 21208278
B34: Despesas Previdenciárias Empenhadas | D34: 5127182.3 | E34: 10531940 | F34: 17325616 | H34: 17325616
B35: Despesas Previdenciárias Liquidadas | D35: 5127182.3 | E35: 10531940 | F35: 17325616 | H35: 17325616
B36: Despesas Previdenciárias Pagas | D36: 5127182.3 | E36: 10530760 | F36: 17317380 | H36: 17317380
B37: Resultado Previdenciário | D37: 1920016.5 | E37: 2269631.3 | F37: 3882661.3 | H37: 3882661.3
A38: Fundo em Repartição (PLANO FINANCEIRO)
B39: Receitas Previdenciárias Realizadas | D39: 0 | E39: 0 | F39: 0 | H39: 0
B40: Despesas Previdenciárias Empenhadas | D40: 0 | E40: 0 | F40: 0 | H40: 0
B41: Despesas Previdenciárias Liquidadas | D41: 0 | E41: 0 | F41: 0 | H41: 0
B42: Despesas Previdenciárias Pagas | D42: 0 | E42: 0 | F42: 0 | H42: 0
B43: Resultado Previdenciário | D43: 0 | E43: 0 | F43: 0 | H43: 0
A45: RESULTADOS PRIMÁRIO E NOMINAL | D45: Meta Fixada no | E45: Resultado Apurado | F45: Resultado Apurado | G45: % em Relação à Meta
D46: Anexo de Metas | E46: 2º Bimestre | F46: Até o Bimestre
D47: Fiscais da LDO
D48: (a) | E48: (b) | G48: (b/a)
A49: Resultado Primário | D49: -34174904 | E49: 124941.63 | F49: 520963.75 | G49: =(F49/D49)*100 -> -1.5244044
A50: Resultado Nominal | D50: -34174904 | E50: 4006442 | F50: -1487574 | G50: =(F50/D50)*100 -> 4.3528255
A52: RESTOS A PAGAR POR PODER E MINISTÉRIO PÚBLICO | D52: Inscrição | E52: Cancelamento | F52: Pagamento | G52: Saldo
E53: Até o bimestre | F53: Até o bimestre | G53: a Pagar
B54: RESTOS A PAGAR PROCESSADOS | D54: 24631980 | E54: 5971.88 | F54: 7808134.9 | G54: 16817873
C55: Poder Executivo | D55: 24630142 | E55: 5971.88 | F55: 78062974 | G55: 16817873
C56: Poder Legislativo | D56: 1837.41 | E56: 0 | F56: 1837.41 | G56: 0
B57: RESTOS A PAGAR NÃO-PROCESSADOS | D57: 4720024.6 | E57: 211054.78 | F57: 2897110 | G57: 1611859.7
C58: Poder Executivo | D58: 4720024.6 | E58: 211054.78 | F58: 2897110 | G58: 1611859.7
C59: Poder Legislativo | D59: 0 | E59: 0 | F59: 0 | G59: 0
A60: TOTAL | D60: 29352004 | E60: 217026.66 | F60: 10705245 | G60: 18429732
A62: DESPESAS COM MANUTENÇÃO E DESENVOLVIMENTO DO ENSINO | E62: Limites Constitucionais Anuais²
E63: Valor Apurado | F63: % Mínimo a | G63: % Aplicado Até o
E64: Até o Bimestre | F64: Aplicar no Exercício | G64: Bimestre
A65: ²Mínimo Anual de 25% das Receitas de Impostos na Manutenção e Desenvolvimento do Ensino | E65: 17532937 | F65: 0.25 | G65: 35.7
A66: Mínimo Anual de 70% do FUNDEB na Remuneração dos Profissionais da Educação Básica | E66: 13748732 | F66: 0.7 | G66: 98.88
A67: Percentual de 50% da Complementação da União ao FUNDEB (VAAT) na Educação Infantil | F67: 0.5 | G67: 0
A68: Mínimo de 15% da Complementação da União ao FUNDEB (VAAT) em Despesas de Capital | F68: 0.15 | G68: 0
C70: RECEITAS DE OPERAÇÕES DE CRÉDITO E DESPESAS DE CAPITAL | F70: Valor apurado até o bimestre | G70: Saldo Não Realizado
B71: Receitas de Operações de Crédito
B72: Despesas de Capital Líquida
A74: PROJEÇÃO ATUARIAL DOS REGIMES DE PREVIDÊNCIA | D74: Exercício | E74: 10º Exercício | F74: 20º Exercício | G74: 35º Exercício
A75: Plano Previdênciário
B76: Receitas Previdenciárias | D76: 5034543.4 | E76: 15657018 | F76: 1754724.9 | G76: 838596.03
B77: Despesas Previdenciárias | D77: 9128461.1 | E77: 15657018 | F77: 17866061 | G77: 11592677
B78: Resultado Previdenciário | D78: -4093917.6 | E78: -12560174 | F78: -16111336 | G78: -10754081
A79: Plano Financeiro
B80: Receitas Previdenciárias | D80: 0 | E80: 0 | F80: 0 | G80: 0
B81: Despesas Previdenciárias | D81: 0 | E81: 0 | F81: 0 | G81: 0
B82: Resultado Previdenciário | D82: 0 | E82: 0 | F82: 0 | G82: 0
C84: RECEITAS DA ALIENAÇÃO DE ATIVOS E APLICAÇÃO DOS RECURSOS | F84: Valor apurado no Exercício | G84: Saldo a Realizar
B85: Receitas Da Alienação de Ativos | F85: 0 | G85: 0
B86: Aplicação dos Recursos da Alienação de Ativos | F86: 0 | G86: 0
E88: Valor Apurado | F88: Limite Constitucional Anual
A89: DESPESAS COM AÇÕES E SERVIÇOS PÚBLICOS DE SAÚDE | E89: Até o Bimestre | F89: % Mínimo a | G89: % Aplicado Até o Bimestre
F90: Aplicar no exercicio
A91: ³Despesas com Ações e Serviços Públicos de Saúde executadas com recursos de impostos | E91: 13279774 | F91: 15% | G91: 27.09
A93: DESPESAS DE CARÁTER CONTINUADO DERIVADAS DE PPP | F93: Valor Apurado no Exercício Corrente
A94: Total das Despesas Consideradas para o Limite / RCL (%) | G94: 0
A95: ¹Fonte: Cálculo da RCL dos doze últimos meses realizado pela Contabilidade.
A96: ²Fonte: Percentual apurado pela Contabilidade do "Mínimo Anual de 25% das Receitas de Impostos na MDE" foi de 37,12%.
A97: ³Fonte: Cálculo do valor aplicado em ASPS foi realizado pela Contabilidade.
B100: Giovani Amestoy da Silva | E100: Ihoko Nakashima Mota | G100: Arlei Lopes Souza
B101: Prefeito Municipal | E101: Secret. de Município da Fazenda | G101: Contador - CRC/RS: 068452/O-6

Sheet RGF
A7: PREFEITURA MUNICIPAL DE CACAPAVA DO SUL - RS - PODER EXECUTIVO
A8: RELATÓRIO DE GESTÃO FISCAL
A9: DEMONSTRATIVO SIMPLIFICADO DO RELATÓRIO DE GESTÃO FISCAL
A10: ORÇAMENTOS FISCAL E DA SEGURIDADE SOCIAL
A11: 1º SEMESTRE DE 2023
A12: Janeiro a Junho 2023/Bimestre Maio-Junho
A13: LRF, Art. 48 - Anexo 6 | E13: R$ 1,00
A14: RECEITA CORRENTE LÍQUIDA | C14: VALOR ATÉ O QUADRIMESTRE/SEMESTRE
A15: Receita Corrente líquida | E15: 1.3001467e+08
A16: Receita Corrente Líquida Ajustada para Cálculo dos Limites de Endividamento | E16: 1.2974518e+08
A17: Receita Corrente Líquida Ajustada para Cálculo dos Limites da Despesa com Pessoal | E17: 1.2974518e+08
A19: DESPESA COM PESSOAL | C19: VALOR | E19: % SOBRE A RCL AJUSTADA
A20: Despesa Total com Pessoal DTP | C20: 98216679 | E20: =C20/E17 -> 0.75699675
A21: Limite Máximo (incisos I,II e III, art. 20 da LRF) - 54,00% | C21: =E17*0.54 -> 70062397 | E21: 54
A22: Limite Prudencial (§ único, art. 22 da LRF) - 51,30% | C22: =C20/0.513 -> 1.9145552e+08 | E22: 51.3
A23: Limite de Alerta (inciso II do §1º do art. 59 da LRF) - 48,60% | C23: =E17*0.486 -> 63056157 | E23: 48.6
A25: DÍVIDA CONSOLIDADA | C25: VALOR ATÉ O QUADRIMESTRE DE REFERÊNCIA | E25: % SOBRE A RCL AJUSTADA
A26: Dívida Consolidada Líquida
A27: Limite Definido por Resolução do Senado Federal | C27: 0 | E27: 0
A29: GARANTIAS DE VALORES | C29: VALOR ATÉ O QUADRIMESTRE DE REFERÊNCIA | E29: % SOBRE A RCL AJUSTADA
A30: Total das Garantias Concedidas | C30: 0 | E30: 0
A31: Limite Definido por Resolução do Senado Federal | C31: 0 | E31: 0
A33: OPERAÇÕES DE CRÉDITO | C33: VALOR | E33: % SOBRE A RCL AJUSTADA
A34: Operações de Crédito Internas e Externas | C34: 0 | E34: 0
A35: Limite Definido pelo Senado Federal para Operações de | C35: =E17*1.2 -> 1.5569421e+08 | E35: 120
A36: Crédito Externas e Internas | E36: =(C36/E17)*100 -> 0
A37: Operações de Crédito por Antecipação da Receita | C37: 0 | E37: 0
A38: Limite Definido pelo Senado Federal para Operações de
A39: Crédito por Antecipação da Receita | C39: 0 | E39: 0
A41: RESTOS A PAGAR | C41: RESTOS A PAGAR EMPENHADOS E NÃO LIQUIDADOS DO EXERCÍCIO | E41: DISPONIBILIDADE DE CAIXA LÍQUIDA (APÓS A INSCRIÇÃO EM RESTOS A PAGAR NÃO PROCESSADOS DO EXERCÍCIO)
A42: Valor Total
A43: Fonte: SIAFIC/Cálculos da Contabilidade.
A46: Giovani Amestoy da Silva | C46: Ihoko Nakashima Mota | E46: Arlei Lopes Souza
A47: Prefeito Municipal | C47: Secret. de Município da Fazenda | E47: Contador - CRC/RS: 068452/O-6

Sheet BalOrç
A1: Prefeitura Municipal de Cacapava do Sul-RS | S1: Página 1 de 3
A2: Relatório Resumido da Execução Orçamentária
A3: Balanço Orçamentário
A4: Orçamento Fiscal e da Seguridade Socials
A5: Janeiro a Junho 2023/Bimestre Maio-Junho
A7: RREO - Anexo 1 (LRF, Art. 52, inciso I, alineas "a" e "b" do inciso II e §1º) | Q7: R$ 1,00
A8: RECEITAS | B8: PREVISÃO INICIAL | D8: PREVISÃO ATUALIZADA (a) | E8: RECEITAS REALIZADAS | O8: SALDO (a-c)
E9: No Bimestre (b) | F9: % (b/a) | I9: Até o Bimestre (c) | M9: % (c/a)
A10: RECEITAS (EXCETO INTRA-ORÇAMENTÁRIAS) (I) | B10: 189.246.719,66 | D10: 190.097.748,56 | E10: 25.239.939,90 | F10: 13,28 | I10: 77.235.417,23 | M10: 40,63 | O10: 112.862.331,33
A11: RECEITAS CORRENTES | B11: 189.131.998,70 | D11: 189.798.782,31 | E11: 25.186.964,56 | F11: 13,27 | I11: 76.793.103,95 | M11: 40,46 | O11: 113.005.678,36
A12: IMPOSTOS, TAXAS E CONTRIBUIÇÕES DE MELHORIA | B12: 19.859.945,64 | D12: 19.859.945,64 | E12: 3.654.072,13 | F12: 18,40 | I12: 11.231.625,76 | M12: 56,55 | O12: 8.628.319,88
A13: Impostos | B13: 18.633.280,21 | D13: 18.633.280,21 | E13: 3.571.507,02 | F13: 19,17 | I13: 10.711.965,67 | M13: 57,49 | O13: 7.921.314,54
A14: Taxas | B14: 1.225.690,17 | D14: 1.225.690,17 | E14: 82.565,11 | F14: 6,74 | I14: 519.660,02 | M14: 42,40 | O14: 706.030,15
A15: Contribuição de Melhoria | B15: 975,26 | D15: 975,26 | E15: - | F15: - | I15: 0,07 | M15: 0,01 | O15: 975,19
A16: CONTRIBUIÇÕES | B16: 10.754.571,21 | D16: 10.754.571,21 | E16: 1.544.730,20 | F16: 14,36 | I16: 4.858.223,68 | M16: 45,17 | O16: 5.896.347,53
A17: Contribuições Sociais | B17: 9.471.291,35 | D17: 9.471.291,35 | E17: 1.544.730,20 | F17: 16,31 | I17: 4.578.166,36 | M17: 48,34 | O17: 4.893.124,99
A18: Contribuição para o Custeio do Serviço de Iluminação Pública | B18: 1.283.279,86 | D18: 1.283.279,86 | E18: - | F18: - | I18: 280.057,32 | M18: 21,82 | O18: 1.003.222,54
A19: RECEITA PATRIMONIAL | B19: 4.063.837,31 | D19: 4.116.638,41 | E19: 1.662.834,56 | F19: 40,39 | I19: 7.188.732,88 | M19: 174,63 | O19: (3.072.094,47)
A20: Exploração do Patrimônio Imobiliário do Estado | B20: 1.283.279,86 | D20: 1.283.279,86 | E20: 4.000,68 | F20: 0,31 | I20: 13.042,54 | M20: 1,02 | O20: 1.270.237,32
A21: Valores Mobiliários | B21: 2.780.557,45 | D21: 2.833.358,55 | E21: 1.658.833,88 | F21: 58,55 | I21: 4.565.690,28 | M21: 161,14 | O21: (1.732.331,73)
... A46: RECEITAS (INTRA-ORÇAMENTÁRIAS) (II) | B46: 45.772.471,39 | D46: 45.772.471,39 | E46: 5.855.651,33 | F46: 12,79 | I46: 14.369.860,85 | M46: 31,39 | O46: 31.402.610,54
A47: FONTE: GOVBR - Responsabilidade Fiscal, SECRETARIA DE MUNICÍPIO DA FAZENDA, 26/Jul/2023, 13h e 58m.
A49: Prefeitura Municipal de Cacapava do Sul-RS | S49: Página 2 de 3
A50: Relatório Resumido da Execução Orçamentária
A51: Balanço Orçamentário
A52: Orçamento Fiscal e da Seguridade Socials
A53: Janeiro a Junho 2023/Bimestre Maio-Junho
A55: RREO - Anexo 1 (LRF, Art. 52, inciso I, alineas "a" e "b" do inciso II e §1º) | Q55: R$ 1,00
A56: RECEITAS | B56: PREVISÃO INICIAL | D56: PREVISÃO ATUALIZADA (a) | E56: RECEITAS REALIZADAS | O56: SALDO (a-c)
E57: No Bimestre (b) | F57: % (b/a) | I57: Até o Bimestre (c) | M57: % (c/a)
A58: SUBTOTAL DAS RECEITAS (III) = (I + II) | B58: 235.019.191,05 | D58: 235.870.219,95 | E58: 31.095.591,23 | F58: 13,18 | I58: 91.605.278,08 | M58: 38,84 | O58: 144.264.941,87
A59: TOTAL DAS RECEITAS (V) = (III + IV) | B59: 235.019.191,05 | D59: 235.870.219,95 | E59: 31.095.591,23 | F59: 13,23 | I59: 91.605.278,08 | M59: 38,98 | O59: 144.264.941,87
A60: DÉFICIT (VI) | B60: - | D60: - | E60: - | F60: - | I60: - | M60: - | O60: -
A61: TOTAL COM DÉFICIT (VII) = (V + VI) | B61: 235.019.191,05 | D61: 235.870.219,95 | E61: 31.095.591,23 | F61: 13,23 | I61: 91.605.278,08 | M61: 38,98 | O61: -
A62: SALDOS DE EXERCÍCIOS ANTERIORES | B62: - | D62: - | E62: - | F62: - | I62: 2.285.209,83 | M62: - | O62: -
A63: Recursos Arrecadados em Exercícios Anteriores - RPPS | B63: - | D63: - | E63: - | F63: - | I63: - | M63: - | O63: -
A64: Superávit Financeiro Utilizado para Créditos Adicionais | B64: - | D64: - | E64: - | F64: - | I64: 2.285.209,83 | M64: - | O64: -
A66: DESPESAS | B66: DOTAÇÃO INICIAL (d) | D66: DOTAÇÃO ATUALIZADA (e) | E66: DESPESAS EMPENHADAS | J66: SALDO (g)=(e-f) | L66: DESPESAS LIQUIDADAS | P66: SALDO (i)=(e-h) | Q66: DESPESAS PAGAS ATÉ O BIMESTRE (j) | R66: INSCRITAS EM RESTOS A PAGAR NÃO PROCESSADOS (k)
E67: No Bimestre | F67: Até o Bimestre (f) | L67: No Bimestre | O67: Até o Bimestre (h)
A68: DESPESAS (EXCETO INTRAORÇAMENTÁRIAS) (VIII) | B68: 169.179.269,60 | D68: 173.487.151,09 | E68: 24.224.665,68 | F68: 82.405.107,07 | J68: 91.082.044,02 | L68: 25.640.148,12 | O68: 69.650.964,91 | P68: 103.836.186,18 | Q68: 65.785.374,93 | R68: -
A69: DESPESAS CORRENTES | B69: 159.682.874,64 | D69: 161.875.125,03 | E69: 22.969.279,88 | F69: 78.390.687,77 | J69: 83.484.437,26 | L69: 24.391.308,01 | O69: 68.066.617,56 | P69: 93.808.507,47 | Q69: 64.893.433,32 | R69: -
A70: PESSOAL E ENCARGOS SOCIAIS | B70: 113.486.668,31 | D70: 113.707.707,35 | E70: 16.901.995,16 | F70: 52.464.074,11 | J70: 61.243.633,24 | L70: 17.769.387,50 | O70: 50.717.195,89 | P70: 62.990.511,46 | Q70: 49.928.872,14 | R70: -
A71: JUROS E ENCARGOS DA DÍVIDA | B71: 606.150,00 | D71: 606.150,00 | E71: 232.587,50 | F71: 569.746,56 | J71: 36.403,44 | L71: 232.587,50 | O71: 569.746,56 | P71: 36.403,44 | Q71: 337.159,06 | R71: -
A72: OUTRAS DESPESAS CORRENTES | B72: 45.590.056,33 | D72: 47.561.267,68 | E72: 5.834.697,22 | F72: 25.356.867,10 | J72: 22.204.400,58 | L72: 6.389.333,01 | O72: 16.779.675,11 | P72: 30.781.592,57 | Q72: 14.627.402,12 | R72: -
A73: DESPESAS DE CAPITAL | B73: 9.315.836,92 | D73: 11.611.882,99 | E73: 1.255.385,80 | F73: 4.014.419,30 | J73: 7.597.463,69 | L73: 1.248.840,11 | O73: 1.584.347,35 | P73: 10.027.535,64 | Q73: 891.941,61 | R73: -
A74: INVESTIMENTOS | B74: 9.315.073,92 | D74: 11.611.119,99 | E74: 1.255.385,80 | F74: 4.014.419,30 | J74: 7.596.700,69 | L74: 1.248.840,11 | O74: 1.584.347,35 | P74: 10.026.772,64 | Q74: 891.941,61 | R74: -
A75: INVERSÕES FINANCEIRAS | B75: 252 | D75: 252 | E75: - | F75: - | J75: 252 | L75: - | O75: - | P75: 252 | Q75: - | R75: -
A76: AMORTIZAÇÃO DA DÍVIDA | B76: 511 | D76: 511 | E76: - | F76: - | J76: 511 | L76: - | O76: - | P76: 511 | Q76: - | R76: -
A77: RESERVA DE CONTINGÊNCIA | B77: 180.558,04 | D77: 143.07 | E77: - | F77: - | J77: 143.07 | L77: - | O77: - | P77: 143.07 | Q77: - | R77: -
A78: DESPESAS (INTRAORÇAMENTÁRIAS) (IX) | B78: 49.097.233,02 | D78: 49.031.748,02 | E78: 7.109.298,89 | F78: 21.266.260,17 | J78: 27.765.487,85 | L78: 7.109.298,89 | O78: 21.266.260,17 | P78: 27.765.487,85 | Q78: 9.814.452,91 | R78: -
A79: SUBTOTAL DAS DESPESAS (X) = (VIII + IX) | B79: 218.276.502,62 | D79: 222.518.899,11 | E79: 31.333.964,57 | F79: 103.671.367,24 | J79: 118.847.531,87 | L79: 32.749.447,01 | O79: 90.917.225,08 | P79: 131.601.674,03 | Q79: 75.599.827,84 | R79: -
A80: AMORTIZAÇÃO DA DÍV. / REFINANCIAMENTO (XI) | B80: - | D80: - | E80: - | F80: - | J80: - | L80: - | O80: - | P80: - | Q80: - | R80: -
A81: Amortização da Dívida Interna | B81: - | D81: - | E81: - | F81: - | J81: - | L81: - | O81: - | P81: - | Q81: - | R81: -
A82: Amortização da Dívida Externa | B82: - | D82: - | E82: - | F82: - | J82: - | L82: - | O82: - | P82: - | Q82: - | R82: -
A83: TOTAL DAS DESPESAS (XII) = (X + XI) | B83: 218.276.502,62 | D83: 222.518.899,11 | E83: 31.333.964,57 | F83: 103.671.367,24 | J83: 118.847.531,87 | L83: 32.749.447,01 | O83: 90.917.225,08 | P83: 131.601.674,03 | Q83: 75.599.827,84 | R83: -
A84: SUPERÁVIT (XIII) | B84: - | D84: - | E84: - | F84: - | J84: - | L84: - | O84: 688.053,00 | P84: - | Q84: 16.005.450,24 | R84: -
A85: TOTAL COM SUPERÁVIT (XIV) = (XII + XIII) | B85: 218.276.502,62 | D85: 222.518.899,11 | E85: 31.333.964,57 | F85: 103.671.367,24 | J85: - | L85: 32.749.447,01 | O85: 91.605.278,08 | P85: 131.601.674,03 | Q85: 91.605.278,08 | R85: -
A86: RESERVA DO RPPS | B86: 16.742.688,43 | D86: 16.742.688,43 | E86: - | F86: - | J86: 16.742.688,43 | L86: - | O86: - | P86: 16.742.688,43 | Q86: - | R86: -
A88: RECEITAS INTRAORÇAMENTÁRIAS | B88: PREVISÃO INICIAL | D88: PREVISÃO ATUALIZADA (a) | E88: RECEITAS REALIZADAS | L88: SALDO (a-c)
E89: No Bimestre (b) | F89: % (b/a) | G89: Até o Bimestre (c) | K89: % (c/a)
A90: RECEITAS (INTRA-ORÇAMENTÁRIAS) (II) | B90: 45.772.471,39 | D90: 45.772.471,39 | E90: 5.855.651,33 | F90: 12,79 | G90: 14.369.860,85 | K90: 31,39 | L90: 31.402.610,54
A91: RECEITAS CORRENTES | B91: 45.772.471,39 | D91: 45.772.471,39 | E91: 5.853.962,25 | F91: 12,79 | G91: 14.356.973,91 | K91: 31,37 | L91: 31.415.497,48
A92: CONTRIBUIÇÕES | B92: 45.686.351,71 | D92: 45.686.351,71 | E92: 5.632.149,77 | F92: 12,33 | G92: 13.683.589,93 | K92: 29,95 | L92: 32.002.761,78
A93: Contribuições Sociais | B93: 45.686.351,71 | D93: 45.686.351,71 | E93: 5.632.149,77 | F93: 12,33 | G93: 13.683.589,93 | K93: 29,95 | L93: 32.002.761,78
A94: OUTRAS RECEITAS CORRENTES | B94: 86.119,68 | D94: 86.119,68 | E94: 221.812,48 | F94: 257,56 | G94: 673.383,98 | K94: 781,92 | L94: (587.264,30)
A95: FONTE: GOVBR - Responsabilidade Fiscal, SECRETARIA DE MUNICÍPIO DA FAZENDA, 26/Jul/2023, 13h e 58m.
A97: Prefeitura Municipal de Cacapava do Sul-RS | S97: Página 3 de 3
A98: Relatório Resumido da Execução Orçamentária
A99: Balanço Orçamentário
A100: Orçamento Fiscal e da Seguridade Socials
A101: Janeiro a Junho 2023/Bimestre Maio-Junho
A103: RREO - Anexo 1 (LRF, Art. 52, inciso I, alineas "a" e "b" do inciso II e §1º) | Q103: R$ 1,00
A104: RECEITAS INTRAORÇAMENTÁRIAS | B104: PREVISÃO INICIAL | D104: PREVISÃO ATUALIZADA (a) | E104: RECEITAS REALIZADAS | L104: SALDO (a-c)
E105: No Bimestre (b) | F105: % (b/a) | G105: Até o Bimestre (c) | K105: % (c/a)
A106: Multas Administrativas, Contratuais e Judiciais | B106: - | D106: - | E106: 221.812,48 | F106: - | G106: 673.383,98 | K106: - | L106: (673.383,98)
A107: Indenizações, Restituições e Ressarcimentos | B107: 76.119,68 | D107: 76.119,68 | E107: - | F107: - | G107: - | K107: - | L107: 76.119,68
A108: Demais Receitas Correntes | B108: 10.000,00 | D108: 10.000,00 | E108: - | F108: - | G108: - | K108: - | L108: 10.000,00
A109: RECEITAS DE CAPITAL | B109: - | D109: - | E109: 1.689,08 | F109: - | G109: 12.886,94 | K109: - | L109: (12.886,94)
A110: AMORTIZAÇÕES DE EMPRÉSTIMOS | B110: - | D110: - | E110: 1.689,08 | F110: - | G110: 12.886,94 | K110: - | L110: (12.886,94)
A112: DESPESAS INTRAORÇAMENTÁRIAS | B112: DOTAÇÃO INICIAL (d) | D112: DOTAÇÃO ATUALIZADA (e) | E112: DESPESAS EMPENHADAS | J112: SALDO (g)=(e-f) | L112: DESPESAS LIQUIDADAS | P112: SALDO (i)=(e-h) | Q112: DESPESAS PAGAS ATÉ O BIMESTRE (j) | R112: INSCRITAS EM RESTOS A PAGAR NÃO PROCESSADOS (k)
E113: No Bimestre | F113: Até o Bimestre (f) | L113: No Bimestre | O113: Até o Bimestre (h)
A114: DESPESAS (INTRAORÇAMENTÁRIAS) (IX) | B114: 49.097.233,02 | D114: 49.031.748,02 | E114: 7.109.298,89 | F114: 21.266.260,17 | J114: 27.765.487,85 | L114: 7.109.298,89 | O114: 21.266.260,17 | P114: 27.765.487,85 | Q114: 9.814.452,91 | R114: -
A115: DESPESAS CORRENTES | B115: 49.096.831,02 | D115: 49.031.346,02 | E115: 7.109.298,89 | F115: 21.266.260,17 | J115: 27.765.085,85 | L115: 7.109.298,89 | O115: 21.266.260,17 | P115: 27.765.085,85 | Q115: 9.814.452,91 | R115: -
A116: PESSOAL E ENCARGOS SOCIAIS | B116: 37.606.575,74 | D116: 40.942.898,74 | E116: 6.723.922,88 | F116: 20.119.178,92 | J116: 20.823.719,82 | L116: 6.723.922,88 | O116: 20.119.178,92 | P116: 20.823.719,82 | Q116: 9.633.197,23 | R116: -
A117: JUROS E ENCARGOS DA DÍVIDA | B117: 301 | D117: 301,00 | E117: - | F117: - | J117: 301,00 | L117: - | O117: - | P117: 301,00 | Q117: - | R117: -
A118: OUTRAS DESPESAS CORRENTES | B118: 11.489.954,28 | D118: 8.088.146,28 | E118: 385.376,01 | F118: 1.147.081,25 | J118: 6.941.065,03 | L118: 385.376,01 | O118: 1.147.081,25 | P118: 6.941.065,03 | Q118: 181.255,68 | R118: -
A119: DESPESAS DE CAPITAL | B119: 402 | D119: 402,00 | E119: - | F119: - | J119: 402,00 | L119: - | O119: - | P119: 402,00 | Q119: - | R119: -
A120: AMORTIZAÇÃO DA DÍVIDA | B120: 402 | D120: 402,00 | E120: - | F120: - | J120: 402,00 | L120: - | O120: - | P120: 402,00 | Q120: - | R120: -
A121: 1 O déficit será apurado pela diferença entre a receita realizada e a despesa liquidada nos cinco primeiros bimestres e a despesa empenhada no último bimestre.
A125: __________________________________ __________________________________ __________________________________ GIOVANI AMESTOY DA SILVA IHOKO NAKASHIMA MOTA ARLEI LOPES SOUZA PREFEITO MUNICIPAL SECRETARIA DE MUNICIPIO DA FAZENDA 610.320.420-87 CPF: 009.854.830-16 CPF: 390.226.680-53 CONTADOR: RS-068452/O-6
A129: FONTE: GOVBR - Responsabilidade Fiscal, SECRETARIA DE MUNICÍPIO DA FAZENDA, 26/Jul/2023, 13h e 58m.

Sheet Funç
A1: Prefeitura Municipal de Cacapava do Sul - RS
A2: Relatório Resumido de Execução Orçamentária
A3: Demonstrativo da Execução das Despesas por Função/Subfunção
A4: Orçamento Fiscal e da Seguridade Social
A5: Janeiro a Junho 2023/Bimestre Maio-Junho
A7: RREO - ANEXO 2 (LRF, Art. 52, inciso II, alínea 'c') | L7: R$ 1,00
A8: FUNÇÃO/SUBFUNÇÃO | C8: Dotação | D8: Dotação | E8: Despesas Empenhadas | H8: SALDO | I8: Despesas Liquidadas | L8: Saldo
C9: Inicial | D9: Atualizada | E9: No Bimestre | F9: Até o Bimestre | G9: % | I9: No Bimestre | J9: Até o Bimestre | K9: %
D10: (a) | F10: (b) | G10: (b/total b) | H10: (c)=(a-b) | J10: (d) | K10: (d/Total d) | L10: (e)=(a-d)
A12: DESPESAS(EXCETO INTRAORÇAMENTÁRIAS)(I) | C12: 1.6917927e+08 | D12: 1.7348715e+08 | E12: 24224666 | F12: 82405107 | G12: 79.49 | H12: 91082044 | I12: 25640148 | J12: 69650965 | K12: 76.61 | L12: 1.0383619e+08
A13: Legislativa | C13: 5160368 | D13: 5160368 | E13: 643421.08 | F13: 2267063.8 | G13: 2.19 | H13: 2893304.2 | I13: 702773.58 | J13: 2041066.1 | K13: 2.24 | L13: 3119301.9
B14: Ação Legislativa | C14: 5160368 | D14: 5160368 | E14: 643421.08 | F14: 2267063.8 | G14: 2.19 | H14: 2893304.2 | I14: 702773.58 | J14: 2041066.1 | K14: 2.24 | L14: 3119301.9
A15: Essencial à Justiça | C15: 15000 | D15: 20001 | E15: 0 | F15: 9937.42 | G15: 0.01 | H15: 10063.58 | I15: 0 | J15: 8728.62 | K15: 0.01 | L15: 11272.38
B16: Representação Judicial e Extrajudicial | C16: 15000 | D16: 20001 | E16: 0 | F16: 9937.42 | G16: 0.01 | H16: 10063.58 | I16: 0 | J16: 8728.62 | K16: 0.01 | L16: 11272.38
A17: Administração | C17: 21993961 | D17: 22214617 | E17: 2919193.1 | F17: 10101196 | G17: 9.74 | H17: 12113421 | I17: 2850313.1 | J17: 9115032.2 | K17: 10.03 | L17: 13099585
B18: Planejamento e Orçamento | C18: 117985.93 | D18: 103485.93 | E18: 1367.48 | F18: 53991.7 | G18: 0.05 | H18: 49494.23 | I18: 21344.93 | J18: 38613.86 | K18: 0.04 | L18: 64872.07
B19: Administração Geral | C19: 18516829 | D19: 18740054 | E19: 2377409.9 | F19: 8286646.9 | G19: 7.99 | H19: 10453407 | I19: 2457091.9 | J19: 7909654.8 | K19: 8.7 | L19: 10830399
B20: Administração Financeira | C20: 1340000 | D20: 1332000 | E20: 254655.95 | F20: 926849.85 | G20: 0.89 | H20: 405150.15 | I20: 128390.7 | J20: 429706.06 | K20: 0.47 | L20: 902293.94
B21: Controle Interno | C21: 18000 | D21: 14502 | E21: 0 | F21: 1278.35 | G21: 0 | H21: 13223.65 | I21: 0 | J21: 1278.35 | K21: 0 | L21: 13223.65
B22: Normatização e Fiscalização | C22: 5 | D22: 5 | E22: 0 | F22: 0 | G22: 0 | H22: 5 | I22: 0 | J22: 0 | K22: 0 | L22: 5
B23: Tecnologia da Informação | C23: 145000 | D23: 145000 | E23: 62135.65 | F23: 103585.65 | G23: 0.1 | H23: 41414.35 | I23: 8710 | J23: 43130 | K23: 0.05 | L23: 101870
B24: Formação de Recursos Humanos | C24: 27332.88 | D24: 37258.12 | E24: 11506.74 | F24: 22516.84 | G24: 0.02 | H24: 14741.28 | I24: 10410.54 | J24: 18018.84 | K24: 0.02 | L24: 19239.28
B25: Administração de Receitas | C25: 60000 | D25: 60000 | E25: 0 | F25: 0 | G25: 0 | H25: 60000 | I25: 0 | J25: 0 | K25: 0 | L25: 60000
B26: Comunicação Social | C26: 10000 | D26: 22000 | E26: 3000 | F26: 3000 | G26: 0 | H26: 19000 | I26: 0 | J26: 0 | K26: 0 | L26: 22000
B27: Previdência Básica | C27: 590195.45 | D27: 590491.45 | E27: 83506.56 | F27: 247923.68 | G27: 0.24 | H27: 342567.77 | I27: 83506.56 | J27: 247923.68 | K27: 0.27 | L27: 342567.77
B28: Previdência Complementar | C28: 10 | D28: 10 | E28: 0 | F28: 0 | G28: 0 | H28: 10 | I28: 0 | J28: 0 | K28: 0 | L28: 10
B29: Proteção e Benefícios ao Trabalhador | C29: 934104.05 | D29: 934104.05 | E29: 123643.94 | F29: 362249.8 | G29: 0.35 | H29: 571854.25 | I29: 123643.94 | J29: 362249.8 | K29: 0.4 | L29: 571854.25
B30: Turismo | C30: 234498.66 | D30: 235706.92 | E30: 1966.9 | F30: 93153.56 | G30: 0.09 | H30: 142553.36 | I30: 17214.56 | J30: 64456.86 | K30: 0.07 | L30: 171250.06
A31: Segurança Pública | C31: 104763.03 | D31: 113320.03 | E31: 4816.54 | F31: 34763.4 | G31: 0.03 | H31: 78556.63 | I31: 1567.93 | J31: 15800.7 | K31: 0.02 | L31: 97519.33
B32: Policiamento | C32: 27510 | D32: 27510 | E32: 0 | F32: 0 | G32: 0 | H32: 27510 | I32: 0 | J32: 0 | K32: 0 | L32: 27510
B33: Defesa Civil | C33: 77252.03 | D33: 85809.03 | E33: 4816.54 | F33: 34763.4 | G33: 0.03 | H33: 51045.63 | I33: 1567.93 | J33: 15800.7 | K33: 0.02 | L33: 70008.33
B34: Proteção e Benefícios ao Trabalhador | C34: 1 | D34: 1 | E34: 0 | F34: 0 | G34: 0 | H34: 1 | I34: 0 | J34: 0 | K34: 0 | L34: 1
A35: Assistência Social | C35: 1535589.4 | D35: 1915681.3 | E35: 191450.53 | F35: 682991.24 | G35: 0.66 | H35: 1232690.1 | I35: 193129.86 | J35: 444718.82 | K35: 0.49 | L35: 1470962.5
B36: Administração Geral | C36: 208067.68 | D36: 201591.29 | E36: 25581.18 | F36: 152347.08 | G36: 0.15 | H36: 49244.21 | I36: 36855.32 | J36: 95537.73 | K36: 0.11 | L36: 106053.56
B37: Assistência ao Idoso | C37: 237469.03 | D37: 237169.03 | E37: 0 | F37: 1988.2 | G37: 0 | H37: 235180.83 | I37: 0 | J37: 1988.2 | K37: 0 | L37: 235180.83
B38: Assistência ao Portador de Deficiência | C38: 61018 | D38: 271018 | E38: 0 | F38: 6891.63 | G38: 0.01 | H38: 264126.37 | I38: 0 | J38: 6891.63 | K38: 0.01 | L38: 264126.37
B39: Assistência à Criança e ao Adolescente | C39: 335857.32 | D39: 399033.91 | E39: 18763.72 | F39: 173461.34 | G39: 0.17 | H39: 225572.57 | I39: 18006 | J39: 104064.26 | K39: 0.11 | L39: 294969.65
B40: Assistência Comunitária | C40: 609754.56 | D40: 704413.59 | E40: 127181.07 | F40: 327573.8 | G40: 0.32 | H40: 376839.79 | I40: 137036.91 | J40: 234789.37 | K40: 0.26 | L40: 469624.22
B41: Previdência Básica | C41: 122 | D41: 122 | E41: 0 | F41: 0 | G41: 0 | H41: 122 | I41: 0 | J41: 0 | K41: 0 | L41: 122
B42: Direitos Individuais, Coletivos e Difusos | C42: 7300.82 | D42: 7300.82 | E42: 0 | F42: 0 | G42: 0 | H42: 7300.82 | I42: 0 | J42: 0 | K42: 0 | L42: 7300.82
B43: Habitação Rural | C43: 49000 | D43: 47732.65 | E43: 19662.56 | F43: 19662.56 | G43: 0.02 | H43: 28070.09 | I43: 381 | J43: 381 | K43: 0 | L43: 47351.65
B44: Habitação Urbana | C44: 27000 | D44: 47300 | E44: 262 | F44: 1066.63 | G44: 0 | H44: 46233.37 | I44: 850.63 | J44: 1066.63 | K44: 0 | L44: 46233.37
A45: Previdência Social | C45: 41972713 | D45: 41972713 | E45: 6895491.5 | F45: 19606205 | G45: 18.91 | H45: 22366507 | I45: 7464965.7 | J45: 19256804 | K45: 21.18 | L45: 22715909
B46: Administração Geral | C46: 80000 | D46: 80000 | E46: 9975 | F46: 22151.64 | G46: 0.02 | H46: 57848.36 | I46: 1010.22 | J46: 5101.1 | K46: 0.01 | L46: 74898.9
B47: Previdência do Regime Estatutário | C47: 37000265 | D47: 37000265 | E47: 6793676.7 | F47: 17325616 | G47: 16.71 | H47: 19674649 | I47: 6793676.7 | J47: 17325616 | K47: 19.06 | L47: 19674649
B48: Assistência Hospitalar e Ambulatorial | C48: 4892447.3 | D48: 4892447.3 | E48: 91839.78 | F48: 2258437.4 | G48: 2.18 | H48: 2634009.9 | I48: 670278.76 | J48: 1926086.6 | K48: 2.12 | L48: 2966360.7
A49: Saúde | C49: 33779880 | D49: 34802510 | E49: 3726491.6 | F49: 17044258 | G49: 16.44 | H49: 17758252 | I49: 4811718.6 | J49: 13173369 | K49: 14.49 | L49: 21629141
B50: Administração Geral | C50: 6177628.5 | D50: 6309216.5 | E50: 845648.01 | F50: 2825550.7 | G50: 2.73 | H50: 3483665.8 | I50: 939794.2 | J50: 2564628 | K50: 2.82 | L50: 3744588.5
B51: Tecnologia da Informação | C51: 25100 | D51: 25100 | E51: 0 | F51: 1008.25 | G51: 0 | H51: 24091.75 | I51: 336.08 | J51: 840.2 | K51: 0 | L51: 24259.8
B52: Previdência Básica | C52: 127386.76 | D52: 127386.76 | E52: 19161.47 | F52: 54427.74 | G52: 0.05 | H52: 72959.02 | I52: 19161.47 | J52: 54427.74 | K52: 0.06 | L52: 72959.02
B53: Previdência Complementar | C53: 11 | D53: 11 | E53: 0 | F53: 0 | G53: 0 | H53: 11 | I53: 0 | J53: 0 | K53: 0 | L53: 11
B54: Atenção Básica | C54: 7555431.1 | D54: 7866209.8 | E54: 785181.11 | F54: 3518414.2 | G54: 3.39 | H54: 4347795.5 | I54: 1008965.8 | J54: 3125414.5 | K54: 3.44 | L54: 4740795.3
B55: Assistência Hospitalar e Ambulatorial | C55: 16188765 | D55: 16504160 | E55: 1651079.1 | F55: 9195949.7 | G55: 8.87 | H55: 7308210.4 | I55: 2468137 | J55: 6157506.2 | K55: 6.77 | L55: 10346654
B56: Suporte Profilático e Terapêutico | C56: 1565799.6 | D56: 1699799.6 | E56: 183758.69 | F56: 705276.85 | G56: 0.68 | H56: 994522.75 | I56: 119208.94 | J56: 555806.96 | K56: 0.61 | L56: 1143992.6
B57: Vigilância Sanitária | C57: 517729.8 | D57: 489494.63 | E57: 22119.65 | F57: 73654.15 | G57: 0.07 | H57: 415840.48 | I57: 25953.18 | J57: 66441.68 | K57: 0.07 | L57: 423052.95
B58: Vigilância Epidemiológica | C58: 860612.2 | D58: 1019715.9 | E58: 125961.82 | F58: 368284.14 | G58: 0.36 | H58: 651431.76 | I58: 127567.34 | J58: 346611.15 | K58: 0.38 | L58: 673104.75
B59: Proteção e Benefícios ao Trabalhador | C59: 761416.16 | D59: 761416.16 | E59: 93581.67 | F59: 301692.73 | G59: 0.29 | H59: 459723.43 | I59: 102594.54 | J59: 301692.73 | K59: 0.33 | L59: 459723.43
A60: Educação | C60: 43754834 | D60: 44532447 | E60: 6808229.5 | F60: 20970766 | G60: 20.23 | H60: 23561681 | I60: 6721237.5 | J60: 19973512 | K60: 21.97 | L60: 24558934
B61: Administração Geral | C61: 68140 | D61: 97107 | E61: 2342.42 | F61: 61354.83 | G61: 0.06 | H61: 35752.17 | I61: 6515.47 | J61: 52436.34 | K61: 0.06 | L61: 44670.66
B62: Previdência Básica | C62: 107023.04 | D62: 124718.04 | E62: 9667.77 | F62: 27578.33 | G62: 0.03 | H62: 97139.71 | I62: 9667.77 | J62: 27578.33 | K62: 0.03 | L62: 97139.71
B63: Previdência Complementar | C63: 23 | D63: 23 | E63: 0 | F63: 0 | G63: 0 | H63: 23 | I63: 0 | J63: 0 | K63: 0 | L63: 23
B64: Proteção e Benefícios ao Trabalhador | C64: 2197860.3 | D64: 2204699.3 | E64: 286506.66 | F64: 768508.46 | G64: 0.74 | H64: 1436190.8 | I64: 286506.66 | J64: 768508.46 | K64: 0.85 | L64: 1436190.8
B65: Ensino Fundamental | C65: 25968777 | D65: 26768940 | E65: 4307385.3 | F65: 12906479 | G65: 12.45 | H65: 13862461 | I65: 4077183.8 | J65: 12334844 | K65: 13.57 | L65: 14434097
B66: Ensino Médio | C66: 1595100 | D66: 1595100 | E66: 576601.43 | F66: 1593068.6 | G66: 1.54 | H66: 2031.41 | I66: 543259.52 | J66: 1540778.3 | K66: 1.69 | L66: 54321.7
B67: Educação Infantil | C67: 10029421 | D67: 9826956.3 | E67: 1135398 | F67: 3990484.9 | G67: 3.85 | H67: 5836471.5 | I67: 1295246 | J67: 3669160.5 | K67: 4.04 | L67: 6157795.8
B68: Educação de Jovens e Adultos | C68: 459550.49 | D68: 463101.49 | E68: 76958.17 | F68: 220605.42 | G68: 0.21 | H68: 242496.07 | I68: 76958.17 | J68: 220605.42 | K68: 0.24 | L68: 242496.07
B69: Educação Especial | C69: 1932801.2 | D69: 2054251.2 | E69: 199729.17 | F69: 751406.22 | G69: 0.72 | H69: 1302844.9 | I69: 212259.54 | J69: 708936.59 | K69: 0.78 | L69: 1345314.6
B70: Educação Básica | C70: 1396138.2 | D70: 1397550.2 | E70: 213640.63 | F70: 651280.23 | G70: 0.63 | H70: 746269.94 | I70: 213640.63 | J70: 650664.8 | K70: 0.72 | L70: 746885.37
A71: Cultura | C71: 743356.48 | D71: 771496.07 | E71: 86740 | F71: 302280 | G71: 0.29 | H71: 469216.07 | I71: 50714.6 | J71: 257254.6 | K71: 0.28 | L71: 514241.47
B72: Administração Geral | C72: 80005 | D72: 80005 | E72: 0 | F72: 0 | G72: 0 | H72: 80005 | I72: 0 | J72: 0 | K72: 0 | L72: 80005
B73: Normatização e Fiscalização | C73: 8 | D73: 8 | E73: 0 | F73: 0 | G73: 0 | H73: 8 | I73: 0 | J73: 0 | K73: 0 | L73: 8
B74: Patrimônio Histórico, Artístico e Arqueológico | C74: 1001 | D74: 1001 | E74: 0 | F74: 0 | G74: 0 | H74: 1001 | I74: 0 | J74: 0 | K74: 0 | L74: 1001
B75: Difusão Cultural | C75: 423667.6 | D75: 392987.19 | E75: 63000 | F75: 63000 | G75: 0.06 | H75: 329987.19 | I75: 18714.6 | J75: 18714.6 | K75: 0.02 | L75: 374272.59
B76: Turismo | C76: 238674.88 | D76: 297494.88 | E76: 23740 | F76: 239280 | G76: 0.23 | H76: 58214.88 | I76: 32000 | J76: 238540 | K76: 0.26 | L76: 58954.88
A77: Direitos da Cidadania | C77: 17000 | D77: 19900 | E77: 440 | F77: 5910 | G77: 0.01 | H77: 13990 | I77: 3410 | J77: 3683.81 | K77: 0 | L77: 16216.19
B78: Administração Geral | C78: 5000 | D78: 5000 | E78: 0 | F78: 0 | G78: 0 | H78: 5000 | I78: 0 | J78: 0 | K78: 0 | L78: 5000
B79: Direitos Individuais, Coletivos e Difusos | C79: 12000 | D79: 14900 | E79: 440 | F79: 5910 | G79: 0.01 | H79: 8990 | I79: 3410 | J79: 3683.81 | K79: 0 | L79: 11216.19
A80: Urbanismo | C80: 8252594.5 | D80: 9157026.8 | E80: 528923.15 | F80: 4853434.3 | G80: 4.68 | H80: 4303592.5 | I80: 915692.87 | J80: 1415423.8 | K80: 1.56 | L80: 7741603
B81: Infra-estrutura Urbana | C81: 6175104.4 | D81: 6978064.8 | E81: 512212.99 | F81: 3408449.3 | G81: 3.29 | H81: 3569615.5 | I81: 858327.82 | J81: 1300918 | K81: 1.43 | L81: 5677146.7
B82: Serviços Urbanos | C82: 2077490.1 | D82: 2178962 | E82: 16710.16 | F82: 1444985 | G82: 1.39 | H82: 733977.03 | I82: 57365.05 | J82: 114505.76 | K82: 0.13 | L82: 2064456.3
A83: Habitação | C83: 315263.64 | D83: 303365.26 | E83: 0 | F83: 0 | G83: 0 | H83: 303365.26 | I83: 0 | J83: 0 | K83: 0 | L83: 303365.26
B84: Assistência Comunitária | C84: 4000 | D84: 4000 | E84: 0 | F84: 0 | G84: 0 | H84: 4000 | I84: 0 | J84: 0 | K84: 0 | L84: 4000
B85: Habitação Rural | C85: 65413.09 | D85: 62868 | E85: 0 | F85: 0 | G85: 0 | H85: 62868 | I85: 0 | J85: 0 | K85: 0 | L85: 62868
B86: Habitação Urbana | C86: 245850.55 | D86: 236497.26 | E86: 0 | F86: 0 | G86: 0 | H86: 236497.26 | I86: 0 | J86: 0 | K86: 0 | L86: 236497.26
A87: Saneamento | C87: 3297439.3 | D87: 3294439.3 | E87: 675258.22 | F87: 2059416.9 | G87: 1.99 | H87: 1235022.4 | I87: 430375.23 | J87: 1047807.4 | K87: 1.15 | L87: 2246631.9
B88: Saneamento Básico Rural | C88: 116030 | D88: 113030 | E88: 6472.12 | F88: 45000.9 | G88: 0.04 | H88: 68029.1 | I88: 13346.57 | J88: 22396.99 | K88: 0.02 | L88: 90633.01
B89: Saneamento Básico Urbano | C89: 3181409.3 | D89: 3181409.3 | E89: 668786.1 | F89: 2014416 | G89: 1.94 | H89: 1166993.3 | I89: 417028.66 | J89: 1025410.5 | K89: 1.13 | L89: 2155998.9
A90: Gestão Ambiental | C90: 344802.4 | D90: 791501.44 | E90: 188951.26 | F90: 594644.46 | G90: 0.57 | H90: 196856.98 | I90: 268415.54 | J90: 391939.44 | K90: 0.43 | L90: 399562
B91: Preservação e Conservação Ambiental | C91: 25388.14 | D91: 25388.14 | E91: 0 | F91: 0 | G91: 0 | H91: 25388.14 | I91: 0 | J91: 0 | K91: 0 | L91: 25388.14
B92: Controle Ambiental | C92: 126673.12 | D92: 378573.12 | E92: 14084.9 | F92: 281479.3 | G92: 0.27 | H92: 97093.82 | I92: 261405.82 | J92: 262587.82 | K92: 0.29 | L92: 115985.3
B93: Recursos Hídricos | C93: 192741.14 | D93: 387540.18 | E93: 174866.36 | F93: 313165.16 | G93: 0.3 | H93: 74375.02 | I93: 7009.72 | J93: 129351.62 | K93: 0.14 | L93: 258188.56
A94: Agricultura | C94: 708839.11 | D94: 1187432.7 | E94: 634976.9 | F94: 838967.97 | G94: 0.81 | H94: 348464.73 | I94: 541228.77 | J94: 663995.71 | K94: 0.73 | L94: 523436.99
B95: Abastecimento | C95: 58000 | D95: 45000 | E95: 0 | F95: 0 | G95: 0 | H95: 45000 | I95: 0 | J95: 0 | K95: 0 | L95: 45000
B96: Extensão Rural | C96: 273638.9 | D96: 820989.49 | E96: 609892.66 | F96: 667164.74 | G96: 0.64 | H96: 153824.75 | I96: 487400.82 | J96: 544672.9 | K96: 0.6 | L96: 276316.59
B97: Promoção da Produção Agropecuária | C97: 349199.21 | D97: 293442.21 | E97: 25343.24 | F97: 165693.23 | G97: 0.16 | H97: 127748.98 | I97: 52794.95 | J97: 117770.73 | K97: 0.13 | L97: 175671.48
B98: Defesa Agropecuária | C98: 28001 | D98: 28001 | E98: -259 | F98: 6110 | G98: 0.01 | H98: 21891 | I98: 1033 | J98: 1552.08 | K98: 0 | L98: 26448.92
A99: Indústria | C99: 15001 | D99: 13001 | E99: 3728 | F99: 3728 | G99: 0 | H99: 9273 | I99: 0 | J99: 0 | K99: 0 | L99: 13001
B100: Promoção Industrial | C100: 15001 | D100: 13001 | E100: 3728 | F100: 3728 | G100: 0 | H100: 9273 | I100: 0 | J100: 0 | K100: 0 | L100: 13001
A101: Comércio e Serviços | C101: 100908.32 | D101: 370861.84 | E101: -245499.45 | F101: 36030.05 | G101: 0.03 | H101: 334831.79 | I101: 3356.49 | J101: 29896.85 | K101: 0.03 | L101: 340964.99
B102: Preservação e Conservação Ambiental | C102: 1500 | D102: 1500 | E102: 0 | F102: 0 | G102: 0 | H102: 1500 | I102: 0 | J102: 0 | K102: 0 | L102: 1500
...

Sheet Result
A1: Prefeitura Municipal de Cacapava do Sul-RS | L1: Página 1 de 3
A2: Relatório Resumido da Execução Orçamentária
A3: Demonstrativo dos Resultados Primário e Nominal
A4: Orçamento Fiscal e da Seguridade Social
A5: Janeiro a Junho 2023/Bimestre Maio-Junho
A7: RREO - ANEXO VI(LRF, art. 53, inciso III) | J7: R$ 1,00
A8: ACIMA DA LINHA
A9: RECEITAS PRIMÁRIAS | F9: Previsão Atualizada | G9: Até o Bimestre/2023
G10: Receitas Realizadas
G11: (a)
A12: RECEITAS CORRENTES (EXCETO FONTES RPPS) (I) | F12: 181.748.299,79 | G12: 69.866.411,83
A13: Impostos, Taxas e Contribuições de Melhoria | F13: 19.859.945,64 | G13: 11.231.625,76
A14: IPTU | F14: 3.387.739,85 | G14: 1.876.271,30
A15: ISS | F15: 7.166.361,38 | G15: 4.098.230,35
A16: ITBI | F16: 2.375.922,52 | G16: 1.323.448,60
A17: IRRF | F17: 5.703.256,46 | G17: 3.414.015,42
A18: Outros Impostos, Taxas, e Contribuições de Melhoria | F18: 1.226.665,43 | G18: 519.660,09
A19: Contribuições | F19: 5.173.184,02 | G19: 1.874.097,11
A20: Receita Patrimonial | F20: 1.658.863,08 | G20: 3.506.703,93
A21: Aplicações Financeiras (II) | F21: 375.583,22 | G21: 883.661,33
A22: Outras Receitas Patrimoniais | F22: 1.283.279,86 | G22: 2.623.042,60
A23: Transferências Correntes | F23: 151.220.249,49 | G23: 51.757.435,56
... A54: RECEITA PRIMÁRIA TOTAL (EXCETO FONTES RPPS) (XVII) = (IV + XIII) | F54: 180.359.224,88 | G54: 69.149.575,60
A56: DESPESAS PRIMÁRIAS | C56: Dotação Atualizada | D56: Até o Bimestre/2023
D57: Despesas Empenhadas | F57: Despesas Liquidadas | G57: Despesas Pagas | I57: Restos a Pagar Processados Pagos | K57: Restos a Pagar não Processados
K58: Liquidados | M58: Pagos (c)
G59: (a) | I59: (b)
A60: DESPESAS CORRENTES (EXCETO FONTES RPPS) (XVIII) | C60: 173.839.685,57 | D60: 82.309.180,01 | F60: 72.002.160,34 | G60: 57.385.479,66 | I60: 7.620.012,06 | K60: 1.570.123,92 | M60: 1.483.408,25
A61: Pessoal e Encargos Sociais | C61: 117.650.330,61 | D61: 55.257.636,74 | F61: 53.510.758,52 | G61: 42.244.688,90 | I61: 4.146.277,03 | K61: 402.541,35 | M61: 402.541,35
A62: Juros e Encargos da Dívida (XIX) | C62: 606.451,00 | D62: 569.746,56 | F62: 569.746,56 | G62: 337.159,06 | I62: - | K62: - | M62: -
A63: Outras Despesas Correntes | C63: 55.582.903,96 | D63: 26.481.796,71 | F63: 17.921.655,26 | G63: 14.803.631,70 | I63: 3.473.735,03 | K63: 1.167.582,57 | M63: 1.080.866,90
A64: DESPESAS PRIMÁRIAS CORRENTES (EXCETO FONTES RPPS) (XX) = (XVIII - XIX) | C64: 173.233.234,57 | D64: 81.739.433,45 | F64: 71.432.413,78 | G64: 57.048.320,60 | I64: 7.620.012,06 | K64: 1.570.123,92 | M64: 1.483.408,25
A66: DESPESAS PRIMÁRIAS CORRENTES (COM FONTES RPPS) (XXI) | C66: 37.066.785,48 | D66: 17.347.767,93 | F66: 17.330.717,39 | G66: 17.322.406,57 | I66: 4.008,39 | K66: - | M66: -
A67: DESPESAS NÃO PRIMÁRIAS CORRENTES (COM FONTES RPPS) (XXII) | C67: - | D67: - | F67: - | G67: - | I67: - | K67: - | M67: -
A69: DESPESAS DE CAPITAL (EXCETO FONTES RPPS) (XXIII) | C69: 11.598.804,99 | D69: 4.014.419,30 | F69: 1.584.347,35 | G69: 891.941,61 | I69: 184.114,48 | K69: 1.455.778,87 | M69: 1.413.701,79
A71: FONTE: GOVBR - Responsabilidade Fiscal, SECRETARIA DE MUNICÍPIO DA FAZENDA, 26/Jul/2023, 14h e 05m.
A72: Prefeitura Municipal de Cacapava do Sul-RS | L72: Página 2 de 3
A73: Relatório Resumido da Execução Orçamentária
A74: Demonstrativo dos Resultados Primário e Nominal
A75: Orçamento Fiscal e da Seguridade Social
A76: Janeiro a Junho 2023/Bimestre Maio-Junho
A78: Investimentos | C78: 11.597.639,99 | D78: 4.014.419,30 | F78: 1.584.347,35 | G78: 891.941,61 | I78: 171.227,54 | K78: 1.455.778,87 | M78: 1.413.701,79
A79: Inversões Financeiras | C79: 252,00 | D79: - | F79: - | G79: - | I79: - | K79: - | M79: -
A80: Concessão de Empréstimos e Financiamentos (XXIV) | C80: - | D80: - | F80: - | G80: - | I80: - | K80: - | M80: -
A81: Aquisição de Título de Capital já Integralizado (XXV) | C81: - | D81: - | F81: - | G81: - | I81: - | K81: - | M81: -
A82: Aquisição de Título de Crédito (XXVI) | C82: - | D82: - | F82: - | G82: - | I82: - | K82: - | M82: -
A83: Demais Inversões Financeiras | C83: 252,00 | D83: - | F83: - | G83: - | I83: - | K83: - | M83: -
A84: Amortização da Dívida (XXVII) | C84: 913,00 | D84: - | F84: - | G84: - | I84: 12.886,94 | K84: - | M84: -
A85: DESPESAS PRIMÁRIAS DE CAPITAL (EXCETO FONTES RPPS) (XXVIII) = [XXIII - (XXIV + XXV + XXVI + XXVII)] | C85: 11.597.891,99 | D85: 4.014.419,30 | F85: 1.584.347,35 | G85: 891.941,61 | I85: 171.227,54 | K85: 1.455.778,87 | M85: 1.413.701,79
A87: RESERVA DE CONTINGÊNCIA (XXIX) | C87: 143,07 | D87: - | F87: - | G87: - | I87: - | K87: - | M87: -
A88: DESPESAS PRIMÁRIAS DE CAPITAL (COM FONTES RPSS) (XXX) | C88: 13.480,00 | D88: - | F88: - | G88: - | I88: - | K88: - | M88: -
A90: DESPESAS NÃO PRIMÁRIAS DE CAPITAL (COM FONTES RPPS) (XXXI) | C90: - | D90: - | F90: - | G90: - | I90: - | K90: - | M90: -
A91: DESPESA PRIMÁRIA TOTAL (XXXII) = (XX + XXI + XXVIII + XXIX + XXX) | C91: 221.911.392,04 | D91: 103.101.620,68 | F91: 90.347.478,52 | G91: 75.262.668,78 | I91: 7.795.247,99 | K91: 3.025.902,79 | M91: 2.897.110,04
A92: DESPESA PRIMÁRIA TOTAL (EXCETO FONTES RPPS) (XXXIII) = (XX + XXVIII + XXIX) | C92: 184.831.126,56 | D92: 85.753.852,75 | F92: 73.016.761,13 | G92: 57.940.262,21 | I92: 7.791.239,60 | K92: 3.025.902,79 | M92: 2.897.110,04
A94: RESULTADO PRIMÁRIO (COM RPPS) - Acima da Linha (XXXIV) = [XVIa - (XXXIIa + XXXIIb + XXXIIc)] | C94: 796.185,87
A96: RESULTADO PRIMÁRIO (SEM RPPS) - Acima da Linha (XXXV) = [XVIIa - (XXXIIIa + XXXIIIb + XXXIIIc)] | C96: 520.963,75
A98: META FISCAL PARA O RESULTADO PRIMÁRIO | C98: VALOR CORRENTE
A99: Meta fixada no Anexo de Metas Fiscais da LDO para o exercício de referência | C99: -34.174.904,47
A101: JUROS NOMINAIS | C101: Até o Bimestre/2023
C102: VALOR INCORRIDO
A103: Juros, Encargos e Variações Monetárias Ativos (XXXVI) | C103: 941.256,95
A104: Juros, Encargos e Variações Monetárias Passivos (XXXVII) | C104: 569.746,56
A106: RESULTADO NOMINAL (SEM RPPS) - Acima da Linha (XXXVIII) = XXXV + (XXXVI - XXXVII) | C106: 892.474,14
A108: ABAIXO DA LINHA
A109: CÁLCULO DO RESULTADO NOMINAL | C109: SALDO
C110: Em 31/Dez/2022 | H110: Até o 3º Bimestre
C111: (a) | H111: (b)
A112: DÍVIDA CONSOLIDADA (XXIX) | C112: 5.629.528,18 | H112: 8.163.947,47
A113: DEDUÇÕES (XL) | C113: 525.935,16 | H113: 1.572.780,48
A114: Disponibilidade de Caixa | C114: - | H114: 1.038.637,74
A115: Disponibilidade de Caixa Bruta | C115: 17.239.673,64 | H115: 19.126.609,40
A116: (-) Restos a Pagar Processados (XLI) | C116: 24.490.260,68 | H116: 16.821.841,95
A117: (-) Depósitos Restituíveis e Valores Vinculados | C117: 1.096.690,60 | H117: 1.266.129,71
A118: Demais Haveres Financeiros | C118: 525.935,16 | H118: 534.142,74
A119: DÍVIDA CONSOLIDADA LÍQUIDA (XLII) = (XXXIX - XL) | C119: 5.103.593,02 | H119: 6.591.166,99
A120: RESULTADO NOMINAL (SEM RPPS) - Abaixo da Linha (XLIII) = (XLIIa - XLIIb) | C120: -1.487.573,97
A122: META FISCAL PARA O RESULTADO NOMINAL | C122: VALOR CORRENTE
A123: Meta fixada no Anexo de Metas Fiscais da LDO para o exercício | C123: -34.174.904,47
A125: AJUSTE METODOLÓGICO | C125: Até o Bimestre/2023
A126: VARIAÇÃO SALDO RPP = (XLIV) = (XLIb - XLIa) | H126: -7.668.418,73
A127: RECEITA DE ALIENAÇÃO DE INVESTIMENTOS PERMANENTES (XLV) = (XI) | H127: -
A128: VARIAÇÃO CAMBIAL (XLVI) | H128: -
A129: VARIAÇÃO DO SALDO DE PRECATÓRIOS INTEGRANTES DA DC (XLVII) | H129: -
A130: VARIAÇÃO DO SALDO DAS DEMAIS OBRIGAÇÕES INTEGRANTES DA DC (XLVIII) | H130: -
A131: OUTROS AJUSTES (XLXIX) | H131: -
A132: RESULTADO NOMINAL (SEM RPPS) AJUSTADO - Abaixo da Linha (L) = [XLIII + ( XLIV - XLV - XLVI + XLVII + XLVIII) +/- (XLXIX)] | C132: -9.155.992,70
A134: RESULTADO PRIMÁRIO (SEM RPPS) - Abaixo da Linha (LI) = (L) - (XXXVI - XXXVII) | C134: -9.527.503,09
A136: INFORMAÇÕES ADICIONAIS | C136: PREVISÃO ORÇAMENTÁRIA
A137: SALDO DE EXERCÍCIOS ANTERIORES | H137: 2.285.209,83
A139: FONTE: GOVBR - Responsabilidade Fiscal, SECRETARIA DE MUNICÍPIO DA FAZENDA, 26/Jul/2023, 14h e 05m.
A140: Prefeitura Municipal de Cacapava do Sul-RS | L140: Página 3 de 3
A141: Relatório Resumido da Execução Orçamentária
A142: Demonstrativo dos Resultados Primário e Nominal
A143: Orçamento Fiscal e da Seguridade Social
A144: Janeiro a Junho 2023/Bimestre Maio-Junho
A147: INFORMAÇÕES ADICIONAIS | C147: PREVISÃO ORÇAMENTÁRIA
A148: Recursos Arrecadados em Exercícios Anteriores - RPPS | H148: -
A149: Superávit Financeiro Utilizado para Abertura e Reabertura de Créditos Adicionais | H149: 2.285.209,83
A150: RESERVA ORÇAMENTÁRIA DO RPPS | H150: 16.742.688,43
A155: __________________________________ __________________________________ __________________________________ GIOVANI AMESTOY DA SILVA IHOKO NAKASHIMA MOTA ARLEI LOPES SOUZA PREFEITO MUNICIPAL SECRETARIA DE MUNICIPIO DA FAZENDA 610.320.420-87 CPF: 009.854.830-16 CPF: 390.226.680-53 CONTADOR: RS-068452/O-6
...

Sheet FAPS
A1: Prefeitura Municipal de Cacapava do Sul-RS | L1: Página 1 de 5
A2: RELATÓRIO RESUMIDO DA EXECUÇÃO ORÇAMENTÁRIA
A3: DEMONSTRATIVO DAS RECEITAS E DESPESAS PREVIDENCIÁRIAS
A4: ORÇAMENTO FISCAL E DA SEGURIDADE SOCIAL
A5: Junho de 2023
A7: RREO - Anexo 4 (LRF, Art. 53, inciso II) | H7: Em Reais
A8: REGIME PRÓPRIO DE PREVIDÊNCIA DOS SERVIDORES - RPPS
A9: FUNDO EM CAPITALIZAÇÃO (PLANO PREVIDENCIÁRIO)
A10: RECEITAS PREVIDENCIÁRIAS - RPPS (FUNDO EM CAPITALIZAÇÃO) | B10: PREVISÃO ATUALIZADA (a) | E10: RECEITAS REALIZADAS Até o Bimestre (b)
A11: RECEITAS CORRENTES (I) | B11: 53.595.330,64 | E11: 21.195.390,67
A12: Receita de Contribuições dos Segurados | B12: 9.116.339,27 | E12: 3.558.746,49
A13: Ativo | B13: 7.000.721,81 | E13: 2.567.122,29
A14: Inativo | B14: 1.995.936,49 | E14: 932.249,75
A15: Pensionista | B15: 119.680,97 | E15: 59.374,45
A16: Receita de Contribuições Patronais | B16: 41.931.551,69 | E16: 13.036.816,64
A17: Ativo | B17: 30.973.518,94 | E17: 10.683.676,91
A18: Inativo | B18: 10.316.870,02 | E18: 2.219.377,07
A19: Pensionista | B19: 641.162,73 | E19: 133.762,66
A20: Receita Patrimonial | B20: 2.450.000,00 | E20: 3.665.906,96
A21: Receitas Imobiliárias | B21: - | E21: -
... A33: TOTAL DAS RECEITAS DO FUNDO EM CAPITALIZAÇÃO - (IV) = (I+III-II) | B33: 53.585.330,64 | E33: 21.208.277,61
A35: DESPESAS PREVIDENCIÁRIAS - RPPS (FUNDO EM CAPITALIZAÇÃO) | B35: DOTAÇÃO ATUALIZADA (c) | D35: DESPESAS EMPENHADAS Até o Bimestre (d) | F35: DESPESAS LIQUIDADAS Até o Bimestre (e) | G35: DESPESAS PAGAS Até o Bimestre (f) | J35: INSCRITAS EM RESTOS A PAGAR NÃO PROCESSADOS No Exercício (g)
A36: Benefícios | B36: 37.000.265,48 | D36: 17.325.616,29 | F36: 17.325.616,29 | G36: 17.317.380,47 | J36: -
A37: Aposentadorias | B37: 33.019.128,31 | D37: 15.470.021,95 | F37: 15.470.021,95 | G37: 15.464.795,96 | J37: -
A38: Pensões por Morte | B38: 3.981.137,17 | D38: 1.855.594,34 | F38: 1.855.594,34 | G38: 1.852.584,51 | J38: -
A39: Outras Despesas Previdenciárias | B39: - | D39: - | F39: - | G39: - | J39: -
A40: Compensação Financeira entre os regimes | B40: - | D40: - | F40: - | G40: - | J40: -
A41: Demais Despesas Previdenciárias | B41: - | D41: - | F41: - | G41: - | J41: -
A42: TOTAL DAS DESPESAS DO FUNDO EM CAPITALIZAÇÃO (V) | B42: 37.000.265,48 | D42: 17.325.616,29 | F42: 17.325.616,29 | G42: 17.317.380,47 | J42: -
A44: RESULTADO PREVIDENCIÁRIO - FUNDO EM CAPITALIZAÇÃO (VI) = (IV – V)² | B44: 16.585.065,16 | D44: 3.882.661,32 | F44: 3.882.661,32 | G44: 3.890.897,14
A46: FONTE: GOVBR - Responsabilidade Fiscal, SECRETARIA DE MUNICÍPIO DA FAZENDA, 26/Jul/2023, 14h e 11m.
A47: Prefeitura Municipal de Cacapava do Sul-RS | L47: Página 2 de 5
A48: RELATÓRIO RESUMIDO DA EXECUÇÃO ORÇAMENTÁRIA
A49: DEMONSTRATIVO DAS RECEITAS E DESPESAS PREVIDENCIÁRIAS
A50: ORÇAMENTO FISCAL E DA SEGURIDADE SOCIAL
A51: Junho de 2023
A53: RREO - Anexo 4 (LRF, Art. 53, inciso II) | H53: Em Reais
A54: RECURSOS RPPS ARRECADADOS EM EXERCÍCIOS ANTERIORES | B54: PREVISÃO ORÇAMENTÁRIA
A55: VALOR | B55: -
A56: RESERVA ORÇAMENTÁRIA DO RPPS | B56: PREVISÃO ORÇAMENTÁRIA
A57: VALOR | B57: 16.742.688,43
A58: APORTES DE RECURSOS PARA O FUNDO EM CAPITALIZAÇÃO DO RPPS | B58: APORTES REALIZADOS
A59: Plano de Amortização - Contribuição Patronal Suplementar | B59: -
A60: Plano de Amortização - Aporte Periódico de Valores Predefinidos | B60: -
A61: Outros Aportes para o RPPS | B61: -
A62: Recursos para Cobertura de Déficit Financeiro | B62: -
A64: BENS E DIREITOS DO RPPS (FUNDO EM CAPITALIZAÇÃO) | B64: SALDO ATUAL
A65: Caixa e Equivalentes de Caixa | B65: -
A66: Investimentos e Aplicações | B66: 28.182.618,09
A67: Outros Bens e Direitos | B67: 22.786.277,91
A73: FONTE: GOVBR - Responsabilidade Fiscal, SECRETARIA DE MUNICÍPIO DA FAZENDA, 26/Jul/2023, 14h e 11m.
A74: Prefeitura Municipal de Cacapava do Sul-RS | L74: Página 3 de 5
A75: RELATÓRIO RESUMIDO DA EXECUÇÃO ORÇAMENTÁRIA
A76: DEMONSTRATIVO DAS RECEITAS E DESPESAS PREVIDENCIÁRIAS
A77: ORÇAMENTO FISCAL E DA SEGURIDADE SOCIAL
A78: Junho de 2023
A80: RREO - Anexo 4 (LRF, Art. 53, inciso II) | H80: Em Reais
A81: FUNDO EM REPARTIÇÃO (PLANO FINANCEIRO)
A82: RECEITAS PREVIDENCIÁRIAS - RPPS (FUNDO EM REPARTIÇÃO) | B82: PREVISÃO ATUALIZADA (a) | D82: RECEITAS REALIZADAS Até o Bimestre (b)
A83: RECEITAS CORRENTES (VII) | B83: - | D83: -
A84: Receita de Contribuições dos Segurados | B84: - | D84: -
A85: Ativo | B85: - | D85: -
A86: Inativo | B86: - | D86: -
A87: Pensionista | B87: - | D87: -
A88: Receita de Contribuições Patronais | B88: - | D88: -
A89: Ativo | B89: - | D89: -
A90: Inativo | B90: - | D90: -
A91: Pensionista | B91: - | D91: -
A92: Receita Patrimonial | B92: - | D92: -
A93: Receitas Imobiliárias | B93: - | D93: -
... A104: TOTAL DAS RECEITAS DO FUNDO EM REPARTIÇÃO (IX) = (VII + VIII) | B104: - | D104: -
A106: DESPESAS PREVIDENCIÁRIAS - RPPS (FUNDO EM REPARTIÇÃO) | B106: DOTAÇÃO ATUALIZADA (c) | D106: DESPESAS EMPENHADAS Até o Bimestre (d) | F106: DESPESAS LIQUIDADAS Até o Bimestre (e) | G106: DESPESAS PAGAS Até o Bimestre (e) | J106: INSCRITAS EM RESTOS A PAGAR NÃO PROCESSADOS No Exercício (g)
A107: Benefícios | B107: - | D107: - | F107: - | G107: - | J107: -
A108: Aposentadorias | B108: - | D108: - | F108: - | G108: - | J108: -
A109: Pensões por Morte | B109: - | D109: - | F109: - | G109: - | J109: -
A110: Outras Despesas Previdenciárias | B110: - | D110: - | F110: - | G110: - | J110: -
A111: Compensação Financeira entre os regimes | B111: - | D111: - | F111: - | G111: - | J111: -
A112: Demais Despesas Previdenciárias | B112: - | D112: - | F112: - | G112: - | J112: -
A113: TOTAL DAS DESPESAS DO FUNDO EM REPARTIÇÃO (X) | B113: - | D113: - | F113: - | G113: - | J113: -
A115: RESULTADO PREVIDENCIÁRIO - FUNDO EM REPARTIÇÃO (XI) = (IX – X)² | B115: - | D115: - | F115: - | G115: -
A117: FONTE: GOVBR - Responsabilidade Fiscal, SECRETARIA DE MUNICÍPIO DA FAZENDA, 26/Jul/2023, 14h e 11m.
A118: Prefeitura Municipal de Cacapava do Sul-RS | L118: Página 4 de 5
A119: RELATÓRIO RESUMIDO DA EXECUÇÃO ORÇAMENTÁRIA
A120: DEMONSTRATIVO DAS RECEITAS E DESPESAS PREVIDENCIÁRIAS
A121: ORÇAMENTO FISCAL E DA SEGURIDADE SOCIAL
A122: Junho de 2023
A124: RREO - Anexo 4 (LRF, Art. 53, inciso II) | H124: Em Reais
A125: APORTES DE RECURSOS PARA O FUNDO EM REPARTIÇÃO DO RPPS | B125: APORTES REALIZADOS
A126: Recursos para Cobertura de Insuficiências Financeiras | B126: -
A127: Recursos para Formação de Reserva | B127: -
A129: BENS E DIREITOS DO RPPS (FUNDO EM REPARTIÇÃO) | B129: SALDO ATUAL
A130: Caixa e Equivalentes de Caixa | B130: -
A131: Investimentos e Aplicações | B131: 26.519.378,34
A132: Outros Bens e Direitos | B132: -
A134: ADMINISTRAÇÃO DO REGIME PRÓPRIO DE PREVIDÊNICA DOS SERVIDORES - RPPS
A135: RECEITAS DA ADMINISTRAÇÃO - RPPS | B135: PREVISÃO ATUALIZADA (a) | D135: RECEITAS REALIZADAS Até o Bimestre (b)
A136: Receitas Correntes | B136: 227.623,27 | D136: 88.275,36
A137: TOTAL DAS RECEITAS DA ADMINISTRAÇÃO RPPS (XII) | B137: 227.623,27 | D137: 88.275,36
A139: DESPESAS DA ADMINISTRAÇÃO - RPPS | B139: DOTAÇÃO ATUALIZADA (c) | D139: DESPESAS EMPENHADAS Até o Bimestre (d) | F139: DESPESAS LIQUIDADAS Até o Bimestre (e) | G139: DESPESAS PAGAS Até o Bimestre (f) | J139: INSCRITAS EM RESTOS A PAGAR NÃO PROCESSADOS No Exercício (g)
A140: Despesas Correntes (XIII) | B140: 66.520,00 | D140: 22.151,64 | F140: 5.101,10 | G140: 5.026,10 | J140: -
...

Sheet Restos
A2: Prefeitura Municipal de Cacapava do Sul - RS
A3: Relatório Resumido da Execução Orçamentária
A4: Demonstrativo dos Restos a Pagar por Poder e Órgão
A5: Orçamentos Fiscal e da Seguridade Social
A6: Janeiro a Junho 2023/Bimestre Maio-Junho
A8: RREO - ANEXO 7 (LRF, art.53, inciso V) | M8: R$ 1,00
A9: PODER/ÓRGÃO | B9: RESTOS A PAGAR PROCESSADOS | G9: RESTOS A PAGAR NÃO PROCESSADOS | M9: Saldo Total
B11: Inscritos | D11: Pagos | E11: Cancelados | F11: Saldo | G11: Inscritos | I11: Liquidados | J11: Pagos | K11: Cancelados | L11: Saldo | M11: Saldo Total
B12: Em Exercícios | C12: Em 31 de | G12: Em Exercícios | H12: Em 31 de
B13: Anteriores | C13: dezembro de 2022 | G13: Anteriores | H13: dezembro de 2022
B14: (a) | C14: (b) | D14: (c) | E14: (d) | F14: e=(a+b)-(c+d) | G14: (f) | H14: (g) | I14: (h) | J14: (i) | K14: (j) | L14: k=(f+g)-(i+j) | M14: L=(e+k)
A15: RESTOS A PAGAR(EXCETO INTRA-ORÇAMENTÁRIOS) (I) | B15: 1380765.9 | C15: 3496082.7 | D15: 3252727 | E15: 5971.88 | F15: 1618149.7 | G15: 1424297.1 | H15: 3295727.5 | I15: 3025902.8 | J15: 2897110 | K15: 211054.78 | L15: 1611859.7 | M15: 3230009.4
A16: PODER EXECUTIVO | B16: 1380765.9 | C16: 3494245.3 | D16: 3250889.6 | E16: 5971.88 | F16: 1618149.7 | G16: 1424297.1 | H16: 3295727.5 | I16: 3025902.8 | J16: 2897110 | K16: 211054.78 | L16: 1611859.7 | M16: 3230009.4
A17: PODER LEGISLATIVO | B17: 0 | C17: 1837.41 | D17: 1837.41 | E17: 0 | F17: 0 | G17: 0 | H17: 0 | I17: 0 | J17: 0 | K17: 0 | L17: 0 | M17: 0
A18: CAMARA MUNICIPAL CACAPAVA DO SUL | B18: 0 | C18: 1837.41 | D18: 1837.41 | E18: 0 | F18: 0 | G18: 0 | H18: 0 | I18: 0 | J18: 0 | K18: 0 | L18: 0 | M18: 0
A19: RESTOS A PAGAR(INTRA-ORÇAMENTÁRIOS) (II) | B19: 9576538.5 | C19: 10178592 | D19: 4555407.9 | E19: 0 | F19: 15199723 | G19: 0 | H19: 0 | I19: 0 | J19: 0 | K19: 0 | L19: 0 | M19: 15199723
A20: PODER EXECUTIVO | B20: 9576538.5 | C20: 10178592 | D20: 4555407.9 | E20: 0 | F20: 15199723 | G20: 0 | H20: 0 | I20: 0 | J20: 0 | K20: 0 | L20: 0 | M20: 15199723
A21: TOTAL (III) = (I+II) | B21: 10957304 | C21: 13674675 | D21: 7808134.9 | E21: 5971.88 | F21: 16817873 | G21: 1424297.1 | H21: 3295727.5 | I21: 3025902.8 | J21: 2897110 | K21: 211054.78 | L21: 1611859.7 | M21: 18429732
A28: __________________________________ __________________________________ __________________________________
A29: GIOVANI AMESTOY DA SILVA IHOKO NAKASHIMA MOTA ARLEI LOPES SOUZA
A30: PREFEITO MUNICIPAL SECRETARIA DE MUNICIPIO DA FAZENDA 610.320.420-87
A31: CPF: 009.854.830-16 CPF: 390.226.680-53 CONTADOR: RS-068452/O-6

Sheet MDE
A1: Prefeitura Municipal de Cacapava do Sul-RS | W1: Página 1 de 6
A2: RELATÓRIO RESUMIDO DA EXECUÇÃO ORÇAMENTÁRIA
A3: DEMONSTRATIVO DAS RECEITAS E DESPESAS COM MANUTENÇÃO E DESENVOLVIMENTO DO ENSINO - MDE
A4: ORÇAMENTO FISCAL E DA SEGURIDADE SOCIAL
A5: Janeiro a Junho 2023/Bimestre Maio-Junho
A7: RREO - Anexo 8 (LDB,art. 72) | P7: Em Reais
A8: RECEITA RESULTANTE DE IMPOSTOS (Arts. 212 e 212-A da Constituição Federal)
A9: RECEITA RESULTANTE DE IMPOSTOS | B9: PREVISÃO ATUALIZADA (a) | I9: RECEITAS REALIZADAS Até o Bimestre (b)
A10: 1- RECEITA DE IMPOSTOS | B10: 18.633.280,21 | I10: 10.711.965,67
A11: 1.1- Receita Resultante do Imposto sobre a Propriedade Predial e Territorial Urbana – IPTU | B11: 3.387.739,85 | I11: 1.876.271,30
A12: 1.2- Receita Resultante do Imposto sobre Transmissão Inter Vivos – ITBI | B12: 2.375.922,52 | I12: 1.323.448,60
A13: 1.3- Receita Resultante do Imposto sobre Serviços de Qualquer Natureza – ISS | B13: 7.166.361,38 | I13: 4.098.230,35
A14: 1.4- Receita Resultante do Imposto de Renda Retido na Fonte – IRRF | B14: 5.703.256,46 | I14: 3.414.015,42
A15: 2- RECEITA DE TRANSFERÊNCIAS CONSTITUCIONAIS E LEGAIS | B15: 85.004.282,57 | I15: 38.402.085,18
A16: 2.1- Cota-Parte FPM | B16: 39.778.847,43 | I16: 19.072.744,61
A17: 2.1.1- Parcela referente à CF, art. 159, I, alínea b | B17: 37.262.913,64 | I17: 19.072.744,61
A18: 2.1.2- Parcela referente à CF, art. 159, I, alíneas d e e | B18: 2.515.933,79 | I18: -
A19: 2.2- Cota-Parte ICMS | B19: 36.531.088,44 | I19: 15.880.541,99
A20: 2.3- Cota-Parte IPI-Exportação | B20: 486.327,09 | I20: 156.800,45
... A27: 5- VALOR MÍNIMO A SER APLICADO ALÉM DO VALOR DESTINADO AO FUNDEB - 5% DE ((2.1.1) + (2.2) + (2.3) + (2.4) + (2.5) + (2.7)) + 25% DE ((1.1) + (1.2) + (1.3) + (1.4) + (2.1.2) + (2.6)) | B27: 9.411.720,94 | I27: 4.598.095,68
A29: FUNDEB
A30: RECEITAS DO FUNDEB RECEBIDAS NO EXERCÍCIO | B30: PREVISÃO ATUALIZADA (a) | I30: RECEITAS REALIZADAS Até o Bimestre (b)
A31: 6- TOTAL DAS RECEITAS DO FUNDEB RECEBIDAS | B31: 36.042.779,42 | I31: 13.904.664,05
A32: 6.1- FUNDEB - Impostos e Transferências de Impostos | B32: 36.042.779,42 | I32: 13.904.664,05
A33: 6.1.1- Principal | B33: 36.032.673,99 | I33: 13.831.746,43
A34: 6.1.2- Rendimentos de Aplicação Financeira | B34: 10.105,43 | I34: 72.917,62
A35: 6.1.3- Ressarcimento de recursos do Fundeb | B35: - | I35: -
A36: 6.2- FUNDEB - Complementação da União - VAAF | B36: - | I36: -
A37: 6.2.1- Principal | B37: - | I37: -
A38: 6.2.2- Rendimentos de Aplicação Financeira | B38: - | I38: -
A39: 6.2.3- Ressarcimento de recursos do Fundeb | B39: - | I39: -
A40: 6.3- FUNDEB - Complementação da União - VAAT | B40: - | I40: -
A41: 6.3.1- Principal | B41: - | I41: -
... A43: 6.3.3- Ressarcimento de recursos do Fundeb | B43: - | I43: -
A45: FONTE: GOVBR - Responsabilidade Fiscal, SECRETARIA DE MUNICÍPIO DA FAZENDA, 26/Jul/2023, 14h e 19m.
A46: Prefeitura Municipal de Cacapava do Sul-RS | W46: Página 2 de 6
A47: RELATÓRIO RESUMIDO DA EXECUÇÃO ORÇAMENTÁRIA
A48: DEMONSTRATIVO DAS RECEITAS E DESPESAS COM MANUTENÇÃO E DESENVOLVIMENTO DO ENSINO - MDE
A49: ORÇAMENTO FISCAL E DA SEGURIDADE SOCIAL
A50: Janeiro a Junho 2023/Bimestre Maio-Junho
A52: RREO - Anexo 8 (LDB,art. 72) | P52: Em Reais
A53: FUNDEB
A54: RECEITAS DO FUNDEB RECEBIDAS NO EXERCÍCIO | B54: PREVISÃO ATUALIZADA (a) | I54: RECEITAS REALIZADAS Até o Bimestre (b)
A55: 6.4- FUNDEB - Complementação da União - VAAR | B55: - | I55: -
A56: 6.4.1- Principal | B56: - | I56: -
A57: 6.4.2- Rendimentos de Aplicação Financeira | B57: - | I57: -
A58: 6.4.3- Ressarcimento de recursos do Fundeb | B58: - | I58: -
A59: 7- RESULTADO LÍQUIDO DAS TRANSFERÊNCIAS DO FUNDEB (6.1.1 – 4)¹ | B59: 19.535.004,23 | I59: 6.151.329,39
A61: RECURSOS RECEBIDOS EM EXERCÍCIOS ANTERIORES E NÃO UTILIZADOS (SUPERÁVIT) | B61: VALOR
A62: 8- TOTAL DOS RECURSOS DE SUPERÁVIT | B62: -
A63: 8.1- SUPERÁVIT DO EXERCÍCIO IMEDIATAMENTE ANTERIOR | B63: -
A64: 8.2- SUPERÁVIT RESIDUAL DE OUTROS EXERCÍCIOS | B64: -
A65: 9- TOTAL DOS RECURSOS DO FUNDEB DISPONÍVEIS PARA UTILIZAÇÃO (6 + 8) | B65: 13.904.664,05
A67: DESPESAS COM RECURSOS DO FUNDEB (Por Subfunção) | B67: DOTAÇÃO ATUALIZADA (c) | F67: DESPESAS EMPENHADAS Até o Bimestre (d) | I67: DESPESAS LIQUIDADAS Até o Bimestre (e) | L67: DESPESAS PAGAS Até o Bimestre (f) | R67: INSCRITAS EM RESTOS A PAGAR NÃO PROCESSADOS (g)
A68: 10- TOTAL DAS DESPESAS COM RECURSOS DO FUNDEB | B68: 21.933.431,66 | F68: 9.360.586,05 | I68: 9.359.506,15 | L68: 9.081.020,08 | R68: -
A69: 10.1- PROFISSIONAIS DA EDUCAÇÃO BÁSICA | B69: 20.830.997,02 | F69: 8.805.705,35 | I69: 8.804.625,45 | L69: 8.746.000,23 | R69: -
A70: 10.1.1 - Educação Infantil | B70: 4.309.053,94 | F70: 1.686.246,37 | I70: 1.686.246,37 | L70: 1.680.987,74 | R70: -
A71: 10.1.2 - Ensino Fundamental | B71: 15.150.901,17 | F71: 6.579.370,53 | I71: 6.578.290,63 | L71: 6.524.924,04 | R71: -
A72: 10.1.3 - Educação de Jovens e Adultos | B72: 287.356,35 | F72: 156.934,50 | I72: 156.934,50 | L72: 156.934,50 | R72: -
A73: 10.1.4 - Educação Especial | B73: 1.083.685,56 | F73: 383.153,95 | I73: 383.153,95 | L73: 383.153,95 | R73: -
A74: 10.1.5 - Administração Geral | B74: - | F74: - | I74: - | L74: - | R74: -
A75: 10.2- OUTRAS DESPESAS | B75: 1.102.434,64 | F75: 554.880,70 | I75: 554.880,70 | L75: 335.019,85 | R75: -
A76: 10.2.1 - Educação Infantil | B76: 297.250,34 | F76: - | I76: - | L76: - | R76: -
A77: 10.2.2 - Ensino Fundamental | B77: 373.667,74 | F77: 345.109,29 | I77: 345.109,29 | L77: 335.019,85 | R77: -
A78: 10.2.3 - Educação de Jovens e Adultos | B78: 10.500,00 | F78: - | I78: - | L78: - | R78: -
A79: 10.2.4 - Educação Especial | B79: 10.920,00 | F79: - | I79: - | L79: - | R79: -
A80: 10.2.5 - Administração Geral | B80: 60 | F80: - | I80: - | L80: - | R80: -
A81: 10.2.6 - Transporte (Escolar) | B81: - | F81: - | I81: - | L81: - | R81: -
A82: 10.2.7 - Outras | B82: 410.036,56 | F82: 209.771,41 | I82: 209.771,41 | L82: - | R82: -
A84: INDICADORES DO FUNDEB
A85: DESPESAS CUSTEADAS COM RECEITAS DO FUNDEB RECEBIDAS NO EXERCÍCIO | B85: DESPESAS EMPENHADAS Até o Bimestre (d) | D85: DESPESAS LIQUIDADAS Até o Bimestre (e) | H85: DESPESAS PAGAS Até o Bimestre (f) | J85: INSCRITAS EM RESTOS A PAGAR NÃO PROCESSADOS (g) | N85: INSCRITAS EM RESTOS A PAGAR NÃO PROCESSADOS (SEM DISPONIBILIDADE DE CAIXA)⁷ (h) | U85: DESPESAS LIQUIDADAS / EMPENHADAS EM VALOR SUPERIOR AO TOTAL DAS RECEITAS RECEBIDAS NO EXERCÍCIO (i)
A86: 11- TOTAL DAS DESPESAS CUSTEADAS COM RECURSOS DO FUNDEB RECEBIDAS NO EXERCÍCIO | B86: 14.803.232,44 | D86: 14.802.152,54 | H86: 13.479.439,51 | J86: - | N86: - | U86: 897.488,49
A87: 11.1- Total das Despesas custeadas com FUNDEB - Impostos e Transferências de Impostos | B87: 14.803.232,44 | D87: 14.802.152,54 | H87: 13.479.439,51 | J87: - | N87: - | U87: 897.488,49
A88: 11.2- Total das Despesas custeadas com FUNDEB - Complementação da União - VAAF | B88: - | D88: - | H88: - | J88: - | N88: - | U88: -
A89: 11.3- Total das Despesas custeadas com FUNDEB - Complementação da União - VAAT | B89: - | D89: - | H89: - | J89: - | N89: - | U89: -
A91: FONTE: GOVBR - Responsabilidade Fiscal, SECRETARIA DE MUNICÍPIO DA FAZENDA, 26/Jul/2023, 14h e 19m.
A92: Prefeitura Municipal de Cacapava do Sul-RS | W92: Página 3 de 6
A93: RELATÓRIO RESUMIDO DA EXECUÇÃO ORÇAMENTÁRIA
A94: DEMONSTRATIVO DAS RECEITAS E DESPESAS COM MANUTENÇÃO E DESENVOLVIMENTO DO ENSINO - MDE
A95: ORÇAMENTO FISCAL E DA SEGURIDADE SOCIAL
A96: Janeiro a Junho 2023/Bimestre Maio-Junho
A98: RREO - Anexo 8 (LDB,art. 72) | P98: Em Reais
A99: INDICADORES DO FUNDEB
A100: DESPESAS CUSTEADAS COM RECEITAS DO FUNDEB RECEBIDAS NO EXERCÍCIO | B100: DESPESAS EMPENHADAS Até o Bimestre (d) | D100: DESPESAS LIQUIDADAS Até o Bimestre (e) | H100: DESPESAS PAGAS Até o Bimestre (f) | J100: INSCRITAS EM RESTOS A PAGAR NÃO PROCESSADOS (g) | N100: INSCRITAS EM RESTOS A PAGAR NÃO PROCESSADOS (SEM DISPONIBILIDADE DE CAIXA)⁷ (h) | U100: DESPESAS LIQUIDADAS / EMPENHADAS EM VALOR SUPERIOR AO TOTAL DAS RECEITAS RECEBIDAS NO EXERCÍCIO (i)
A101: 11.4- Total das Despesas custeadas com FUNDEB - Complementação da União - VAAR | B101: - | D101: - | H101: - | J101: - | N101: - | U101: -
A102: 12- TOTAL DAS DESPESAS DO FUNDEB COM PROFISSIONAIS DA EDUCAÇÃO BÁSICA | B102: 13.749.811,80 | D102: 13.748.731,90 | H102: 12.750.887,83 | J102: - | N102: - | U102: -
A103: 13- TOTAL DAS DESPESAS CUSTEADAS COM FUNDEB - COMPLEMENTAÇÃO DA UNIÃO - VAAT APLICADAS NA EDUCAÇÃO INFANTIL | B103: - | D103: - | H103: - | J103: - | N103: - | U103: -
A104: 14- TOTAL DAS DESPESAS CUSTEADAS COM FUNDEB - COMPLEMENTAÇÃO DA UNIÃO - VAAT APLICADAS EM DESPESA DE CAPITAL | B104: - | D104: - | H104: - | J104: - | N104: - | U104: -
A106: INDICADORES - Art. 212-A, inciso XI e § 3º - Constituição Federal² | B106: VALOR EXIGIDO (j) | G106: VALOR APLICADO (k) | K106: VALOR CONSIDERADO APÓS DEDUÇÕES (l) | S106: % APLICADO (m)
A107: 15- Mínimo de 70% do FUNDEB na Remuneração dos Profissionais da Educação Básica | B107: 9.733.264,84 | G107: 13.748.731,90 | K107: 13.748.731,90 | S107: 98.88
A108: 16- Percentual de 50% da Complementação da União ao FUNDEB (VAAT) na Educação Infantil | B108: - | G108: - | K108: - | S108: -
A109: 17- Mínimo de 15% da Complementação da União ao FUNDEB - VAAT em Despesas de Capital | B109: - | G109: - | K109: - | S109: -
A111: INDICADOR - Art.25, § 3º - Lei nº 14.113, de 2020 - (Máximo de 10% de Superávit)³ | B111: VALOR MAXIMO PERMITIDO (n) | E111: VALOR NÃO APLICADO (o) | I111: VALOR NÃO APLICADO APÓS AJUSTE (p) | M111: VALOR NÃO APLICADO EXCEDENTE AO MÁXIMO PERMITIDO (q) | T111: % NÃO APLICADO (r)
A112: 18- Total da Receita Recebida e não Aplicada no Exercício | B112: 1.390.466,41 | E112: - | I112: - | M112: - | T112: -
A114: INDICADOR - Art.25, § 3º - Lei nº 14.113, de 2020 - (Aplicação do Superávit de Exercício Anterior)³ | B114: VALOR DE SUPERÁVIT PERMITIDO NO EXERCÍCIO ANTERIOR (s) | C114: VALOR NÃO APLICADO NO EXERCÍCIO ANTERIOR (t) | H114: VALOR DE SUPERÁVIT APLICADO ATÉ O PRIMEIRO QUADRIMESTRE (u) | K114: VALOR APLICADO APÓS O PRIMEIRO QUADRIMESTRE (v) | O114: VALOR TOTAL DE SUPERÁVIT NÃO APLICADO ATÉ O FINAL DO EXERCÍCIO (w) | V114: VALOR APLICADO ATÉ O PRIMEIRO QUADRIMESTRE QUE INTEGRARÁ O LIMITE CONSTITUCIONAL (x)
A115: 19- TOTAL DAS DESPESAS CUSTEADAS COM SUPERÁVIT DO FUNDEB | B115: - | C115: - | H115: - | K115: - | O115: - | V115: -
A116: 19.1- Total das Despesas custeadas com FUNDEB - Impostos e Transferências de Impostos | B116: - | C116: - | H116: - | K116: - | O116: - | V116: -
A117: 19.2- Total das Despesas custeadas com FUNDEB - Complementação da União (VAAF + VAAT + VAAR) | B117: - | C117: - | H117: - | K117: - | O117: - | V117: -
A119: DESPESAS COM MANUTENÇÃO E DESENVOLVIMENTO DO ENSINO – MDE – CUSTEADAS COM RECEITA DE IMPOSTOS (EXCETO FUNDEB)
A120: DESPESAS COM AÇÕES TÍPICAS DE MDE - RECEITAS DE IMPOSTOS - EXCETO FUNDEB (Por Subfunção) | B120: DOTAÇÃO ATUALIZADA (c) | F120: DESPESAS EMPENHADAS Até o Bimestre (d) | I120: DESPESAS LIQUIDADAS Até o Bimestre (e) | L120: DESPESAS PAGAS Até o Bimestre (f) | R120: INSCRITAS EM RESTOS A PAGAR NÃO PROCESSADOS (g)
...

Sheet Saúde
A1: Prefeitura Municipal de Cacapava do Sul-RS | AE1: Página 1 de 5
A2: Relatório Resumido da Execução Orçamentária
A3: Demonstrativo das Receitas e Despesas com Ações e Serviços Públicos de Saúde
A4: Orçamento Fiscal e da Seguridade Social
A5: Janeiro a Junho 2023/Meses Janeiro-Junho
A7: RREO – ANEXO XII (LC n° 141/2012 art.35)
A8: RECEITAS RESULTANTES DE IMPOSTOS E TRANSFERÊNCIAS CONSTITUCIONAIS E LEGAIS | J8: PREVISÃO INICIAL | P8: PREVISÃO ATUALIZADA (a) | W8: RECEITAS REALIZADAS
W9: Até o Bimestre (b) | AC9: % (b/a) x 100
A10: RECEITA DE IMPOSTOS (I) | J10: 18.633.280,21 | P10: 18.633.280,21 | W10: 10.711.965,67 | AC10: 57,49
A11: Receita Resultante do Imposto Predial e Territorial Urbano - IPTU | J11: 3.387.739,85 | P11: 3.387.739,85 | W11: 1.876.271,30 | AC11: 55,38
A12: Receita Resultante do Imposto sobre Transmissão Inter Vivos - ITBI | J12: 2.375.922,52 | P12: 2.375.922,52 | W12: 1.323.448,60 | AC12: 55,70
A13: Receita Resultante do Imposto sobre Serviços de Qualquer Natureza - ISS | J13: 7.166.361,38 | P13: 7.166.361,38 | W13: 4.098.230,35 | AC13: 57,19
A14: Receita Resultante do Imposto sobre a Renda e Proventos de Qualquer Natureza Retido na Fonte – IRRF | J14: 5.703.256,46 | P14: 5.703.256,46 | W14: 3.414.015,42 | AC14: 59,86
A15: RECEITA DE TRANSFERÊNCIAS CONSTITUCIONAIS E LEGAIS (II) | J15: 82.488.348,78 | P15: 82.488.348,78 | W15: 38.402.085,18 | AC15: 46,55
A16: Cota-Parte FPM | J16: 37.262.913,64 | P16: 37.262.913,64 | W16: 19.072.744,61 | AC16: 51,18
A17: Cota-Parte ITR | J17: 1.209.876,17 | P17: 1.209.876,17 | W17: 52.295,48 | AC17: 4,32
A18: Cota-Parte IPVA | J18: 6.998.143,44 | P18: 6.998.143,44 | W18: 3.239.702,65 | AC18: 46,29
A19: Cota-Parte ICMS | J19: 36.531.088,44 | P19: 36.531.088,44 | W19: 15.880.541,99 | AC19: 43,47
A20: Cota-Parte IPI-Exportação | J20: 486.327,09 | P20: 486.327,09 | W20: 156.800,45 | AC20: 32,24
A21: Outras Transferências ou Compensações Financeiras Provenientes de Impostos e Transferências Constitucionais | J21: - | P21: - | W21: - | AC21: -
A22: TOTAL DAS RECEITAS RESULTANTES DE IMPOSTOS E TRANFERÊNCIAS CONSTITUCIONAIS E LEGAIS - (III) = (I) + (II) | J22: 101.121.628,99 | P22: 101.121.628,99 | W22: 49.114.050,85 | AC22: 48,57
A24: DESPESAS COM AÇÕES E SERVIÇOS PÚBLICOS DE SAÚDE (ASPS) – POR SUBFUNÇÃO E CATEGORIA ECONÔMICA | F24: DOTAÇÃO INICIAL | H24: DOTAÇÃO ATUALIZADA (c) | L24: DESPESAS EMPENHADAS | S24: DESPESAS LIQUIDADAS | AA24: DESPESAS PAGAS
L25: Até o bimestre (d) | O25: % (d/c) x 100 | S25: Até o bimestre (e) | X25: % (e/c) x 100 | AA25: Até o bimestre (f) | AE25: % (f/c) x 100
A26: ATENÇÃO BÁSICA (IV) | F26: 3.401.695,16 | H26: 3.171.582,78 | L26: 1.606.993,85 | O26: 50,67 | S26: 1.271.799,94 | X26: 40,10 | AA26: 1.203.425,41 | AE26: 37,94
A27: Despesas Correntes | F27: 3.205.305,02 | H27: 3.003.849,81 | L27: 1.606.993,85 | O27: 53,50 | S27: 1.271.799,94 | X27: 42,34 | AA27: 1.203.425,41 | AE27: 40,06
A28: Despesas de Capital | F28: 196.390,14 | H28: 167.732,97 | L28: - | O28: - | S28: - | X28: - | AA28: - | AE28: -
A29: ASSISTÊNCIA HOSPITALAR E AMBULATORIAL (V) | F29: 15.080.918,08 | H29: 15.328.373,29 | L29: 8.512.146,09 | O29: 55,53 | S29: 5.525.471,63 | X29: 36,05 | AA29: 5.447.288,76 | AE29: 35,54
A30: Despesas Correntes | F30: 15.008.818,08 | H30: 15.288.273,29 | L30: 8.512.146,09 | O30: 55,68 | S30: 5.525.471,63 | X30: 36,14 | AA30: 5.447.288,76 | AE30: 35,63
A31: Despesas de Capital | F31: 72.100,00 | H31: 40.100,00 | L31: - | O31: - | S31: - | X31: - | AA31: - | AE31: -
A32: SUPORTE PROFILÁTICO E TERAPÊUTICO (VI) | F32: 1.254.192,93 | H32: 1.253.192,93 | L32: 431.095,95 | O32: 34,40 | S32: 302.157,49 | X32: 24,11 | AA32: 227.535,29 | AE32: 18,16
A33: Despesas Correntes | F33: 1.254.192,93 | H33: 1.253.192,93 | L33: 431.095,95 | O33: 34,40 | S33: 302.157,49 | X33: 24,11 | AA33: 227.535,29 | AE33: 18,16
A34: Despesas de Capital | F34: - | H34: - | L34: - | O34: - | S34: - | X34: - | AA34: - | AE34: -
A35: VIGILÂNCIA SANITÁRIA (VII) | F35: 508.330,60 | H35: 478.330,60 | L35: 63.376,55 | O35: 13,25 | S35: 59.729,73 | X35: 12,49 | AA35: 34.518,03 | AE35: 7,22
A36: Despesas Correntes | F36: 508.230,60 | H36: 478.230,60 | L36: 63.376,55 | O36: 13,25 | S36: 59.729,73 | X36: 12,49 | AA36: 34.518,03 | AE36: 7,22
A37: Despesas de Capital | F37: 100,00 | H37: 100,00 | L37: - | O37: - | S37: - | X37: - | AA37: - | AE37: -
... A45: Despesas Correntes | F45: 15.197.299,22 | H45: 15.210.956,39 | L45: 6.444.640,83 | O45: 42,37 | S45: 6.183.550,14 | X45: 40,65 | AA45: 3.389.790,97 | AE45: 22,29
A47: FONTE: GOVBR - Responsabilidade Fiscal, SECRETARIA DE MUNICÍPIO DA FAZENDA, 26/Jul/2023, 14h e 22m.
A49: Prefeitura Municipal de Cacapava do Sul-RS | AE49: Página 2 de 5
A50: Relatório Resumido da Execução Orçamentária
A51: Demonstrativo das Receitas e Despesas com Ações e Serviços Públicos de Saúde
A52: Orçamento Fiscal e da Seguridade Social
A53: Janeiro a Junho 2023/Meses Janeiro-Junho
A55: RREO – ANEXO XII (LC n° 141/2012 art.35)
A56: DESPESAS COM AÇÕES E SERVIÇOS PÚBLICOS DE SAÚDE (ASPS) – POR SUBFUNÇÃO E CATEGORIA ECONÔMICA | F56: DOTAÇÃO INICIAL | H56: DOTAÇÃO ATUALIZADA (c) | L56: DESPESAS EMPENHADAS | S56: DESPESAS LIQUIDADAS | AA56: DESPESAS PAGAS
L57: Até o bimestre (d) | O57: % (d/c) x 100 | S57: Até o bimestre (e) | X57: % (e/c) x 100 | AA57: Até o bimestre (f) | AE57: % (f/c) x 100
A58: Despesas de Capital | F58: 121.090,14 | H58: 121.090,14 | L58: 1.899,00 | O58: 1,57 | S58: 1.899,00 | X58: 1,57 | AA58: 1.100,00 | AE58: 0,91
A59: TOTAL (XI) = (IV + V + VI + VII + VIII + IX + X) | F59: 36.314.483,75 | H59: 36.314.483,75 | L59: 17.362.072,17 | O59: 47,81 | S59: 13.642.012,83 | X59: 37,57 | AA59: 10.588.838,63 | AE59: 29,16
A61: APURAÇÃO DO CUMPRIMENTO DO LIMITE MÍNIMO PARA APLICAÇÃO EM ASPS | N61: DESPESAS EMPENHADAS (d) | T61: DESPESAS LIQUIDADAS (e) | AB61: DESPESAS PAGAS (f)
A62: Total das Despesas com ASPS (XII) = (XI) | N62: 17.362.072,17 | T62: 13.642.012,83 | AB62: 10.588.838,63
A63: (-) Restos a Pagar Não Processados Inscritos Indevidamente no Exercício sem Disponibilidade Financeira (XIII)¹ | N63: - | T63: - | AB63: -
A64: (-) Despesas Custeadas com Recursos Vinculados à Parcela do Percentual Mínimo que não foi Aplicada em ASPS em Exercícios Anteriores (XIV)³ | N64: - | T64: - | AB64: -
A65: (-) Despesas Custeadas com Disponibilidade de Caixa Vinculada aos Restos a Pagar Cancelados (XV)² | N65: - | T65: - | AB65: -
A66: (=) VALOR APLICADO EM ASPS (XVI) = (XII - XIII - XIV - XV) | N66: 17.362.072,17 | T66: 13.642.012,83 | AB66: 10.588.838,63
A67: Despesa Mínima a ser Aplicada em ASPS (XVII) = (III) x 15% (LC 141/2012) | N67: 7.367.107,63
A68: Despesa Mínima a ser Aplicada em ASPS (XVII) = (III) x % (Lei Orgânica Municipal) | N68: 7.367.107,63
A69: Diferença entre o Valor Aplicado e a Despesa Mínima a ser Aplicada (XVIII) = (XVI (d ou e) - XVII)1 | N69: - | T69: 6.274.905,20 | AB69: 3.221.731,00
A70: Limite não Cumprido (XIX) = (XVIII) (Quando valor for inferior a zero) | N70: -
A71: PERCENTUAL DA RECEITA DE IMPOSTOS E TRANSFERÊNCIAS CONSTITUCIONAIS E LEGAIS APLICADO EM ASPS (XVI / III)*100 (mínimo de 15% conforme LC n° 141/2012 ou % da Lei Orgânica Municipal) | N71: - | T71: 27,78
A73: CONTROLE DO VALOR REFERENTE AO PERCENTUAL MÍNIMO NÃO CUMPRIDO EM EXERCÍCIOS ANTERIORES PARA FINS DE APLICAÇÃO DOS RECURSOS VINCULADOS CONFORME ARTIGOS 25 E 26 DA LC 141/2012 | K73: LIMITE NÃO CUMPRIDO
K74: Saldo Inicial (no exercicio atual) (h) | R74: Despesas Custeadas no Exercício de Referência | AB74: Saldo Final (não aplicado)1 (l) = (h - (i ou j))
R75: Empenhadas (i) | U75: Liquidadas (j) | Y75: Pagas (k)
A76: Diferença de limite não cumprido em 2023 (saldo final = XIXd) | K76: - | R76: - | U76: - | Y76: - | AB76: -
A77: Diferença de limite não cumprido em 2022 (saldo inicial igual ao saldo final do demonstrativo do exercício anterior) | K77: - | R77: - | U77: - | Y77: - | AB77: -
A78: Diferença de limite não cumprido em Exercícios Anteriores (saldo inicial igual ao saldo final do demonstrativo do exercício anterior) | K78: - | R78: - | U78: - | Y78: - | AB78: -
A79: TOTAL DA DIFERENÇA DE LIMITE NÃO CUMPRIDO EM EXERCÍCIOS ANTERIORES (XX) | K79: - | R79: - | U79: - | Y79: - | AB79: -
A81: EXECUÇÃO DE RESTOS A PAGAR
A82: EXERCÍCIO DO EMPENHO² | C82: Valor Mínimo para aplicação em ASPS (m) | D82: Valor aplicado em ASPS no exercício (n) | E82: Valor aplicado além do limite mínimo (o) = (n - m), se < 0, então (o) = 0 | G82: Total inscrito em RP no exercício (p) | I82: RPNP Inscritos Indevidamente no Exercício sem Disponibilidade Financeira q = (XIIId) | M82: Valor inscrito em RP considerado no Limite (r) = (p - (o + q)) se < 0, então (r) = (0) | Q82: Total de RP pagos (s) | U82: Total de RP a pagar (t) = (p) - (s) - (u) | Z82: Total de RP cancelados ou prescritos (u) | AD82: Diferença entre o valor aplicado além do limite e o total de RP cancelados (v) = ((o + q) - u))
A83: Empenhos de 2023 | C83: 7.367.107,63 | D83: 13.642.012,83 | E83: 6.274.905,20 | G83: - | I83: - | M83: - | Q83: - | U83: - | Z83: - | AD83: 6.274.905,20
A84: Empenhos de 2022 | C84: - | D84: - | E84: - | G84: - | I84: - | M84: - | Q84: - | U84: - | Z84: - | AD84: -
A85: Empenhos de 2021 | C85: - | D85: - | E85: - | G85: - | I85: - | M85: - | Q85: - | U85: - | Z85: - | AD85: -
A86: Empenhos de 2020 | C86: - | D86: - | E86: - | G86: - | I86: - | M86: - | Q86: - | U86: - | Z86: - | AD86: -
A88: FONTE: GOVBR - Responsabilidade Fiscal, SECRETARIA DE MUNICÍPIO DA FAZENDA, 26/Jul/2023, 14h e 22m.
A90: Prefeitura Municipal de Cacapava do Sul-RS | AE90: Página 3 de 5
A91: Relatório Resumido da Execução Orçamentária
A92: Demonstrativo das Receitas e Despesas com Ações e Serviços Públicos de Saúde
A93: Orçamento Fiscal e da Seguridade Social
A94: Janeiro a Junho 2023/Meses Janeiro-Junho
A96: RREO – ANEXO XII (LC n° 141/2012 art.35)
A97: EXECUÇÃO DE RESTOS A PAGAR
A98: EXERCÍCIO DO EMPENHO² | C98: Valor Mínimo para aplicação em ASPS (m) | D98: Valor aplicado em ASPS no exercício (n) | E98: Valor aplicado além do limite mínimo (o) = (n - m), se < 0, então (o) = 0 | G98: Total inscrito em RP no exercício (p) | I98: RPNP Inscritos Indevidamente no Exercício sem Disponibilidade Financeira q = (XIIId) | M98: Valor inscrito em RP considerado no Limite (r) = (p - (o + q)) se < 0, então (r) = (0) | Q98: Total de RP pagos (s) | U98: Total de RP a pagar (t) = (p) - (s) - (u) | Z98: Total de RP cancelados ou prescritos (u) | AD98: Diferença entre o valor aplicado além do limite e o total de RP cancelados (v) = ((o + q) - u))
A99: Empenhos de 2019 e anteriores | C99: - | D99: - | E99: - | G99: - | I99: - | M99: - | Q99: - | U99: - | Z99: - | AD99: -
A101: TOTAL DOS RESTOS A PAGAR CANCELADOS OU PRESCRITOS ATÉ O FINAL DO EXERCÍCIO ATUAL QUE AFETARAM O CUMPRIMENTO DO LIMITE (XXI) | AD101: -
A102: TOTAL DOS RESTOS A PAGAR CANCELADOS OU PRESCRITOS ATÉ O FINAL DO EXERCÍCIO ANTERIOR QUE AFETARAM O CUMPRIMENTO DO LIMITE (XXII) | AD102: -
A103: TOTAL DOS RESTOS A PAGAR CANCELADOS OU PRESCRITOS NO EXERCÍCIO ATUAL QUE AFETARAM O CUMPRIMENTO DO LIMITE (XXIII) = (XXI - XXII) | AD103: -
A105: CONTROLE DE RESTOS A PAGAR CANCELADOS OU PRESCRITOS CONSIDERADOS PARA FINS DE APLICAÇÃO DA DISPONIBILIDADE DE CAIXA CONFORME ARTIGO 24§ 1º e 2º DA LC 141/2012 | K105: RESTOS A PAGAR CANCELADOS OU PRESCRITOS
K106: Saldo Inicial (w) | R106: Despesas Custeadas no Exercício de Referência | AB106: Saldo Final (não aplicado)1 (aa) = (w - (x ou y))
R107: Empenhadas (x) | U107: Liquidadas (y) | Y107: Pagas (z)
A108: Restos a pagar cancelados ou prescritos em 2023 a serem compensados (XXIV) (saldo inicial = XXIII) | K108: - | R108: - | U108: - | Y108: - | AB108: -
A109: Restos a pagar cancelados ou prescritos em 2022 a serem compensados (XXV) (saldo inicial igual ao saldo final do demonstrativo do exercício anterior) | K109: 75.681,89 | R109: - | U109: - | Y109: - | AB109: 75.681,89
A110: Restos a pagar cancelados ou prescritos em exercícios anteriores a serem compensados (XXVI) (saldo inicial igual ao saldo final do demonstrativo do exercício anterior) | K110: (196.505,22) | R110: - | U110: - | Y110: - | AB110: (196.505,22)
A111: TOTAL DE RESTOS A PAGAR CANCELADOS OU PRESCRITOS A COMPENSAR (XXVII) | K111: (120.823,33) | R111: - | U111: - | Y111: - | AB111: (120.823,33)
A113: RECEITAS ADICIONAIS PARA O FINANCIAMENTO DA SAÚDE NÃO COMPUTADAS NO CÁLCULO DO MÍNIMO | J113: PREVISÃO INICIAL | P113: PREVISÃO ATUALIZADA (a) | W113: RECEITAS REALIZADAS
W114: Até o Bimestre (b) | AC114: % (b/a) x 100
A115: RECEITAS DE TRANSFERÊNCIAS PARA A SAÚDE (XXVIII) | J115: 4.113.369,57 | P115: 4.286.246,48 | W115: 2.136.931,38 | AC115: 49,86
A116: Proveniente da União | J116: 3.098.773,37 | P116: 3.257.903,07 | W116: 1.604.718,44 | AC116: 49,26
A117: Proveniente dos Estados | J117: 1.014.596,20 | P117: 1.028.343,41 | W117: 532.212,94 | AC117: 51,75
A118: Proveniente de outros Municípios | J118: - | P118: - | W118: - | AC118: -
A119: RECEITA DE OPERAÇÕES DE CRÉDITO INTERNAS E EXTERNAS VINCULADAS A SAÚDE (XXIX) | J119: - | P119: - | W119: - | AC119: -
A120: OUTRAS RECEITAS (XXX) | J120: 1.371.651,35 | P120: 1.371.651,35 | W120: 692.490,33 | AC120: 50,49
A121: TOTAL DE RECEITAS ADICIONAIS PARA FINANCIAMENTO DA SAÚDE (XXXI) = (XXVIII + XXIX + XXX) | J121: 5.485.020,92 | P121: 5.657.897,83 | W121: 2.829.421,71 | AC121: 50,01
...

Sheet RecDesp_Capital
J1: Página 1 de 1
D3: PREFEITURA MUNICIPAL DE CACAPAVA DO SUL-RS
D4: RELATÓRIO RESUMIDO DA EXECUÇÃO ORÇAMENTÁRIA
D5: DEMONSTRATIVO DAS RECEITAS DE OPERAÇÕES DE CRÉDITO E DESPESAS DE CAPITAL (REGRA DE OURO)
D6: ORÇAMENTOS FISCAL E DA SEGURIDADE SOCIAL
D7: JANEIRO A JUNHO 2023/BIMESTRE MAIO-JUNHO
A11: RREO – ANEXO 9 (LRF, art.53, § 1º, inciso I) | K11: Em Reais
A12: RECEITAS | F12: PREVISÃO ATUALIZADA | H12: RECEITAS REALIZADAS | I12: SALDO NÃO REALIZADO
F13: (a) | H13: (b) | I13: (c) = (a-b)
A14: RECEITAS DE OPERAÇÕES DE CRÉDITO¹ (I) | F14: 2 | H14: - | I14: 2
A16: DESPESAS | F16: DOTAÇÃO ATUALIZADA | H16: DESPESAS | I16: SALDO NÃO EXECUTADO
H17: LIQUIDADAS
F18: (d) | H18: (e) | I18: (f)=(d-e)
A19: DESPESAS DE CAPITAL | F19: 11.612.284,99 | H19: 1.584.347,35 | I19: 7.597.865,69
A20: Investimentos | F20: 11.611.119,99 | H20: 1.584.347,35 | I20: 7.596.700,69
A21: Inversões Financeiras | F21: 252 | H21: - | I21: 252
A22: Amortização da Dívida | F22: 913 | H22: - | I22: 913
A23: (-)Incentivos Fiscais a Contribuinte | F23: - | H23: - | I23: -
A24: (-)Incentivos Fiscais a Contribuinte por Instituições Financeiras | F24: - | H24: - | I24: -
A25: DESPESAS DE CAPITAL LÍQUIDA (II) | F25: 11.612.284,99 | H25: 1.584.347,35 | I25: 7.597.865,69
A27: RESULTADO PARA APURAÇÃO DA REGRA DE OURO (III)=(II–I) | F27: 11.612.282,99 | H27: 1.584.347,35 | I27: 7.597.863,69
A28: Notas: ¹ Operações de Crédito descritas na CF, art. 167, inciso III
D33: __________________________________ __________________________________ __________________________________
D34: GIOVANI AMESTOY DA SILVA IHOKO NAKASHIMA MOTA ARLEI LOPES SOUZA
G35: Prefeito Municipal | I35: Secret. de Município da Fazenda | L35: CPF: 610.320.420.87
D36: CPF: 009.854.830-16 CPF: 390.226.680-53 CONTADOR: RS-068452/O-6
A40: FONTE: GOVBR - Responsabilidade Fiscal, SECRETARIA DE MUNICÍPIO DA FAZENDA, 26/Jul/2023, 14h e 27m.

Sheet Alienação
A1: PREFEITURA MUNICIPAL DE CACAPAVA DO SUL - RS
A2: RELATÓRIO RESUMIDO DA EXECUÇÃO ORÇAMENTÁRIA
A3: DEMONSTRATIVO DA RECEITA DE ALIENAÇÃO DE ATIVOS E APLICAÇÃO DOS RECURSOS
A4: ORÇAMENTOS FISCAL E DA SEGURIDADE SOCIAL
A5: JANEIRO A JUNHO 2023/BIMESTRE MAIO-JUNHO
A6: RREO - ANEXO 11 (LRF, art. 53, § 1º, inciso III) | J6: Em Reais
A7: RECEITAS | D7: PREVISÃO ATUALIZADA | E7: RECEITAS REALIZADAS | J7: SALDO
D8: (a) | E8: (b) | J8: (c)=(a-b)
A9: RECEITAS DE ALIENAÇÃO DE ATIVOS (I) | D9: 0 | E9: - | J9: 0
C10: Receita de Alienação de Bens Móveis | D10: 0 | E10: - | J10: 0
C11: Receita de Alienação de Bens Imóveis | D11: 0 | E11: - | J11: 0
C12: Receita de Alienação de Bens Intangíveis | D12: 0 | E12: - | J12: 0
C13: Receita de Rendimentos de Aplicações Financeiras | D13: 0 | E13: - | J13: 0
A15: DESPESAS | D15: DOTAÇÃO ATUALIZADA | E15: DESPESAS | F15: DESPESAS | G15: DESPESAS | H15: DESPESAS | I15: PAGAMENTO | J15: SALDO
E16: EMPENHADAS | F16: LIQUIDADAS | G16: PAGAS | H16: INSCRITAS EM RESTOS A | I16: DE RESTOS A PAGAR
H17: PAGAR NÃO PROCESSADOS
D18: (d) | E18: (e) | G18: (f) | I18: (g) | J18: (h)=(d-e)
A19: APLICAÇÃO DOS RECURSOS DA ALIENAÇÃO DE ATIVOS (II) | D19: 0 | E19: 0 | F19: 0 | G19: 0 | H19: 0 | I19: 0 | J19: 0
A20: Despesas de Capital | D20: 0 | E20: 0 | F20: 0 | G20: 0 | H20: 0 | I20: 0 | J20: 0
B21: Investimentos | D21: 0 | E21: 0 | F21: 0 | G21: 0 | H21: 0 | I21: 0 | J21: 0
B22: Inversões Financeiras | D22: 0 | E22: 0 | F22: 0 | G22: 0 | H22: 0 | I22: 0 | J22: 0
B23: Amortização da Dívida | D23: 0 | E23: 0 | F23: 0 | G23: 0 | H23: 0 | I23: 0 | J23: 0
A24: Despesas Correntes dos Regimes de Previdência | D24: 0 | E24: 0 | F24: 0 | G24: 0 | H24: 0 | I24: 0 | J24: 0
B25: Regime Próprio dos Servidores Públicos | D25: 0 | E25: 0 | F25: 0 | G25: 0 | H25: 0 | I25: 0 | J25: 0
A27: SALDO FINANCEIRO A APLICAR | D27: 2022 | E27: 2023 | J27: SALDO ATUAL
D28: (i) | E28: (j) = (Ib - (IIf + IIg)) | J28: (k) = (IIIi + IIIj)
A29: VALOR (III) | E29: - | J29: 0
A35: __________________________________ __________________________________ __________________________________
A36: GIOVANI AMESTOY DA SILVA IHOKO NAKASHIMA MOTA ARLEI LOPES SOUZA
A37: PREFEITO MUNICIPAL SECRETARIA DE MUNICIPIO DA FAZENDA 610.320.420-87
A38: CPF: 009.854.830-16 CPF: 390.226.680-53 CONTADOR: RS-068452/O-6

Sheet Demon_PPP
A1: Prefeitura Municipal de Cacapava do Sul-RS
A2: RELATÓRIO RESUMIDO DA EXECUÇÃO ORÇAMENTÁRIA
A3: DEMONSTRATIVO DAS PARCERIAS PÚBLICO-PRIVADAS
A4: ORÇAMENTOS FISCAL E DA SEGURIDADE SOCIAL
A5: Janeiro a Junho 2023/Bimestre Maio-Junho
A7: RREO - Anexo 13 (Lei nº 11.079, de 30.12.2004, arts. 22, 25 e 28) | O7: Em reais
A8: IMPACTOS DAS CONTRATAÇÕES DE PPP | E8: SALDO TOTAL EM | H8: SALDO FINAL | J8: SALDO FINAL
E9: 31 DE DEZEMBRO DO
E10: EXERCÍCIO ANTERIOR | H10: Até o Bimestre
A11: TOTAL DE ATIVOS
A12: Ativos Constituídos pela SPE
A13: TOTAL DE PASSIVOS
A14: Obrigações decorrentes de Ativos Constituídos pela SPE
A15: Provisões de PPP
A16: Outros Passivos
A17: ATOS POTENCIAIS PASSIVOS
A18: Obrigações contratuais
A19: Riscos não Provisionados
A20: Garantias concedidas
A21: Outros Passivos Contingentes
A23: DESPESAS DE PPP | E23: EXERCÍCIO | F23: EXERCÍCIO
E24: ANTERIOR | F24: CORRENTE | G24: 2024 | H24: 2025 | I24: 2026 | J24: 2027 | K24: 2028 | L24: 2029 | M24: 2030 | N24: 2031 | O24: 2032
F25: 2023
A26: DO ENTE FEDERADO, EXCETO ESTATAIS NÃO DEPENDENTES (I) = (I.1 + I.2) | E26: 0 | F26: 0 | G26: 0 | H26: 0 | I26: 0 | J26: 0 | K26: 0 | L26: 0 | M26: 0 | N26: 0 | O26: 0
A27: Contratadas(I.1) | E27: 0 | F27: 0 | G27: 0 | H27: 0 | I27: 0 | J27: 0 | K27: 0 | L27: 0 | M27: 0 | N27: 0 | O27: 0
A28: A contratar (I.2)
A29: DAS ESTATAIS NÃO-DEPENDENTES (II) = (II.1 + II.2)
A30: Contratadas (II.1)
A31: A contratar (II.2)
A32: TOTAL DAS DESPESAS DE PPP (III) = (I + II) | E32: 0 | F32: 0 | G32: 0 | H32: 0 | I32: 0 | J32: 0 | K32: 0 | L32: 0 | M32: 0 | N32: 0 | O32: 0
A33: RECEITA CORRENTE LÍQUIDA (RCL) (IV) | E33: 0 | F33: 0 | G33: 0 | H33: 0 | I33: 0 | J33: 0 | K33: 0 | L33: 0 | M33: 0 | N33: 0 | O33: 0
A34: TOTAL DAS DESPESAS CONSIDERADAS PARA O LIMITE (I)
A35: TOTAL DAS DESPESAS CONSIDERADAS PARA O LIMITE / RCL (%) (V) = (I / IV)

Sheet Dívida
A2: PREFEITURA MUNICIPAL DE CACAPAVA DO SUL - RS
A3: RELATÓRIO DE GESTÃO FISCAL
A4: DEMONSTRATIVO DA DÍVIDA CONSOLIDADA LÍQUIDA
A5: ORÇAMENTOS FISCAL E DA SEGURIDADE SOCIAL
A6: JANEIRO A JUNHO DE 2023
A8: RGF - ANEXO 2 (LRF, art.55, inciso I, alínea "b") | H8: R$ 1,00
A10: DÍVIDA CONSOLIDADA | E10: SALDO DO | F10: SALDO DO EXERCÍCIO DE 2023
E11: EXERCÍCIO | F11: Até o 1º | G11: Até o 1º | H11: Até o 3º
E12: ANTERIOR | F12: Quadrimestre | G12: Semestre | H12: Quadrimestre
A13: DÍVIDA CONSOLIDADA - DC (I) | E13: 5629528.2 | F13: 8016049 | G13: 8163947.5 | H13: 0
B14: Dívida Mobiliária | E14: 0 | F14: 0 | G14: 0 | H14: 0
B15: Dívida Contratual | E15: 5618230.2 | F15: 8014032.4 | G15: 8161930.8 | H15: 0
C16: Empréstimos | E16: 4999980 | F16: 4999980 | G16: 4999980 | H16: 0
D17: Internos | E17: 4999980 | F17: 4999980 | G17: 4999980 | H17: 0
D18: Externos | E18: 0 | F18: 0 | G18: 0 | H18: 0
C19: Reestruturação da Dívida de Estados e Municípios | E19: 0 | F19: 0 | G19: 0 | H19: 0
C20: Financiamentos | E20: 0 | F20: 0 | G20: 232587.5 | H20: 0
D21: Internos | E21: 0 | F21: 0 | G21: 232587.5 | H21: 0
D22: Externos | E22: 0 | F22: 0 | G22: 0 | H22: 0
C23: Parcelamento e Renegociação de dívidas | E23: 618250.24 | F23: 607052.38 | G23: 605363.3 | H23: 0
D24: De Tributos | E24: 0 | F24: 0 | G24: 0 | H24: 0
D25: De Contribuições Previdenciárias | E25: 290000 | F25: 278802.14 | G25: 277113.06 | H25: 0
D26: De Demais Contribuições Sociais | E26: 0 | F26: 0 | G26: 0 | H26: 0
D27: Do FGTS | E27: 0 | F27: 0 | G27: 0 | H27: 0
D28: Com Instituição Não Financeira | E28: 328250.24 | F28: 328250.24 | G28: 328250.24 | H28: 0
C29: Demais Dívidas Contratuais - Cessão onerosa da F. de Pgto | E29: 0 | F29: 2407000 | G29: 2324000 | H29: 0
B30: Precatórios Posteriores a 05/05/2000 (inclusive) - Vencidos e não pagos | E30: 11297.94 | F30: 2016.67 | G30: 2016.67 | H30: 0
B31: Outras Dívidas | E31: 0 | F31: 0 | G31: 0 | H31: 0
A32: DEDUÇÕES (II) | E32: 11385969 | F32: 18118366 | G32: 1572780.5 | H32: 0
B33: Disponibilidade de Caixa¹ | E33: 10860034 | F33: 17584223 | G33: 1038637.7 | H33: 0
C34: Disponibilidade de Caixa Bruta | E34: 17239674 | F34: 20853039 | G34: 19126609 | H34: 0
C35: (-) Restos a Pagar Processados | E35: 5282949 | F35: 2110711.6 | G35: 16821842 | H35: 0
C36: (-) Depósitos Restituíveis e Valores Vinculados | E36: 1096690.6 | F36: 1158103.9 | G36: 1266129.7 | H36: 0
B37: Demais Haveres Financeiros | E37: 525935.16 | F37: 534142.74 | G37: 534142.74 | H37: 0
A38: DÍVIDA CONSOLIDADA LÍQUIDA (DCL) (III) = (I - II) | E38: (5.756.441,00) | F38: (10.102.317,00) | G38: 6591167 | H38: 0
A39: RECEITA CORRENTE LÍQUIDA - RCL (IV) | E39: 1.3123123e+08 | F39: 1.3601737e+08 | G39: 1.349182e+08 | H39: 0
A40: (-) Transferências obrigatórias da União relativas às emendas individuais (art. 166-A, § 1º, da CF) (V) | E40: 250000 | F40: 400000 | G40: 150000 | H40: 0
A41: RECEITA CORRENTE LÍQUIDA AJUSTADA PARA CÁLCULO DOS LIMITES DE ENDIVIDAMENTO (VI) = (IV - V)³ | E41: 1.3098123e+08 | F41: 1.3561737e+08 | G41: 1.347682e+08 | H41: 0
A42: % da DC sobre a RCL AJUSTADA (I/VI) | E42: =(E13/E41)*100 -> 4.2979654 | F42: =(F13/F41)*100 -> 5.9107832 | G42: =(G13/G41)*100 -> 6.0577699 | H42: 0
A43: % da DCL sobre a RCL AJUSTADA (III/VI) | E43: (4,39) | F43: (7,45) | G43: =(G38/G39)*100 -> 4.885306 | H43: 0
A44: LIMITE DEFINIDO POR RESOLUÇÃO DO SENADO FEDERAL - <0,00%> | E44: 0 | F44: 0 | G44: 0 | H44: 0
A45: LIMITE DE ALERTA (inciso III do § 1º do art. 59 da LRF) - <0,00%> | E45: 0 | F45: 0 | G45: 0 | H45: 0
A47: OUTROS VALORES NÃO INTEGRANTES DA DC | E47: SALDO DO | F47: SALDO DO EXERCÍCIO DE 2023
E48: EXERCÍCIO | F48: Até o 1º | G48: Até o 1º | H48: Até o 3º
E49: ANTERIOR | F49: Quadrimestre | G49: Semestre | H49: Quadrimestre
A50: PRECATÓRIOS ANTERIORES A 05/05/2000 | E50: 0 | F50: 0 | G50: 0 | H50: 0
A51: PRECATÓRIOS POSTERIORES A 05/05/2000² (Não incluídos na DCL) | E51: 693780.15 | F51: 693780.15 | G51: 693780.15 | H51: 0
A52: PASSIVO ATUARIAL | E52: 2.0295196e+08 | F52: 2.0295196e+08 | G52: 5.6698796e+08 | H52: 0
A53: RP NÃO-PROCESSADOS4 | E53: 4720024.6 | F53: =2133397.38 -> 2133397.4 | G53: 1611859.7 | H53: 0
A54: ANTECIPAÇÕES DE RECEITA ORÇAMENTÁRIA – ARO | E54: 0 | F54: 0 | G54: 0 | H54: 0
A55: DÍVIDA CONTRATUAL DE PPP | E55: 0 | F55: 0 | G55: 0 | H55: 0
A56: APROPRIAÇÃO DE DEPÓSITOS JUDICIAIS | E56: 0 | F56: 0 | G56: 0 | H56: 0
A57: 1. Se o saldo apurado for negativo, ou seja, se o total da Disponibilidade de Caixa Bruta for menor que Restos a Pagar Processados, esse saldo negativo
A58: não deverá ser informado nessa linha, mas sim na linha da "Insuficiência Financeira", no quadro "Outros Valores não integrantes da Dívida Consolidada".
A59: Assim, quando o cálculo de Disponibilidade de Caixa for negativo, o valor dessa linha deverá ser (0) "zero".
A60: 2. Refere-se aos precatórios posteriores a 05/05/2000 que, em cumprimento ao disposto no artigo 100 da Constituição Federal, ainda não foram
A61: incluídos no orçamento ou constam no orçamento e ainda não foram pagos. Ao final do exercício em que esses precatórios foram incluídos ou que
A62: deveriam ter sido incluídos, os valores deverão compor a linha "Precatórios".
A63: 3. RCL apurada pelo SIAFIC, pela Contabilidade o valor da RCL foi de | E63: =RCL!C29 -> 1.2974518e+08
A64: 4. Os RP NÃO-PROCESSADOS no 1º Quadrimestre está aparececendo com o Valor de R$ 93.421.1274,30 e no 1º Semestre R$ 1.708.499,83neste Demonstrativo, portanto
A65: foi ajustado pelo constante no Demonstrativo dos Restos a Pagar por Poder e Órgão que esta de acordo com o Relatórios de RP Não Processados - e do total das
A66: contas dos RP NÃO PROCESSADOS A LIQUIDAR; Em Liquidação e Liquidados a Pagar

Sheet RCL
A1: Modelo I - DEMONSTRATIVO DA RECEITA CORRENTE LÍQUIDA | D1: INSTRUÇÃO NORMATIVA nº 13/2022 - TCE/RS. | F1: Página: 1/2 | I1: DEMONSTRATIVO DA RECEITA CORRENTE LÍQUIDA | N1: INSTRUÇÃO NORMATIVA nº 13/2022 - TCE/RS. | R1: Página: 2/2
A2: Lei Complementar Federal nº 101/2000 - Inciso I do artigo 53 | B2: 12 últimos Meses | D2: 45078 | E2: 45047 | F2: 45017 | G2: 44986 | H2: 44958 | I2: 44927 | J2: 44896 | K2: 44866 | L2: 44835 | M2: 44805 | N2: 44774 | O2: 44743
A3: Discriminação | B3: Codificação | C3: TOTAIS: | D3: 12º Mês | E3: 11º mês | F3: 10º Mês | G3: 09º mês | H3: 08º Mês | I3: 07º mês | J3: 06º Mês | K3: 05º Mês | L3: 04º Mês | M3: 03º Mês | N3: 02º Mês | O3: 01º Mês
A4: I - RECEITAS CORRENTES | C4: =C5-C6 -> 1.4967613e+08 | D4: =D5-D6 -> 11797672 | E4: =E5-E6 -> 13389293 | F4: =F5-F6 -> 12640024 | G4: =G5-G6 -> 13654040 | H4: =H5-H6 -> 11854362 | I4: =I5-I6 -> 13457713 | J4: =J5-J6 -> 16871300 | ... O4: =O5-O6 -> 11950113
A5: Receitas Correntes | B5: 1.0.0.0.00 | C5: =SUM(D5:O5) -> 1.6563452e+08 | D5: 13019105 | E5: 14875937 | F5: =13983443.81 -> 13983444 | G5: 14715118 | H5: 13202654 | I5: =15151342.37 -> 15151342 | J5: =18787626.17 -> 18787626 | K5: =12217609.16 -> 12217609 | L5: =12709999.32 -> 12709999 | M5: =12015391.06 -> 12015391 | N5: =11887679.67 -> 11887680 | O5: =13068617.18 -> 13068617
A6: (R) Dedução das Receitas Correntes | B6: 9.1.0.0.00 | C6: =SUM(D6:O6) -> 15958398 | D6: =1221433.71 -> 1221433.7 | E6: =1486644.42 -> 1486644.4 | F6: =1343420 -> 1343420 | G6: 1061078.1 | H6: =1348292.03 -> 1348292 | I6: =1693628.96 -> 1693629 | J6: =1916326.14 -> 1916326.1 | K6: =1319404 -> 1319404 | L6: =1190587.1 -> 1190587.1 | M6: =1094846.27 -> 1094846.3 | N6: =1164232.76 -> 1164232.8 | O6: =1118504.09 -> 1118504.1
A7: II - DEDUÇÕES: II = (1.+ 2.+ 3.+ 4.) | C7: =C8+C12+C13+C14+C17+C20+C15+C16 -> 19661454 | D7: =D8+D12+D13+D14+D17+D20+D15+D16 -> 2039339.9 | E7: =E8+E12+E13+E14+E17+E20+E15+E16 -> 1917060.1 | F7: =F8+F12+F13+F14+F17+F20+F15+F16 -> 1824204.3 | G7: =G8+G12+G13+G14+G17+G20+G15+G16 -> 2027727.3 | H7: =H8+H12+H13+H14+H17+H20+H15+H16 -> 1784988.3 | I7: =I8+I12+I13+I14+I17+I20+I15+I16 -> 1832155.4 | J7: =J8+J12+J13+J14+J17+J20+J15+J16 -> 2545623.2 | ... O7: =O8+O12+O13+O14+O17+O20+O15+O16 -> 1440803.7
A8: 1. Contribuições Socias Específicas de Estado, DF, e Municípios | B8: 1.2.1.5.00 | C8: =SUM(C9:C11) -> 9595385.3 | D8: =SUM(D9:D16) -> 961649.91 | E8: =SUM(E9:E16) -> 962875.14 | F8: =SUM(F9:F16) -> 978178.99 | G8: =SUM(G9:G16) -> 950433.09 | H8: =SUM(H9:H16) -> 917225.24 | I8: =SUM(I9:I16) -> 932729.09 | J8: =SUM(J9:J16) -> 1611041.3 | K8: =SUM(K9:K16) -> 937055.45 | ... O8: =SUM(O9:O16) -> 853025.02
A9: Contribuições descontadas dos Servidores para o regime próprio de previdência Social - RPPS | C9: =SUM(D9:O9) -> 7588747.2 | D9: =426202.06+158054.11+9175.47 -> 593431.64 | E9: =426915.31+159691.78+9400.63+12341.86 -> 608349.58 | F9: =432038.33+158358.01+9400.63 -> 599796.97 | G9: =438327.17+153735.24+9400.63 -> 601463.04 | H9: =413954.73+137782.88+10263.18 -> 562000.79 | I9: =429684.69+152285.87+11733.91 -> 593704.47 | J9: =866875.32+299927.23+17533.53 -> 1184336.1 | K9: =428888.81+153379.73+8744.69 -> 591013.23 | L9: =425972.73+280838.94-120597.13 -> 586214.54 | M9: =412345.91+8631.35+138512.18 -> 559489.44 | N9: =408401.91+137755.5+8602.75 -> 554760.16 | O9: =408434.58+137060.72+8691.94 -> 554187.24
A10: Recursos Vinculados ao Fundo de Previdência Social | C10: 27152.42
A11: Contribuições descontadas dos Servidores para o Fundo de Assitência a Saúde dos Servidores Municipais - FASM | B11: (152 e 153) | C11: =SUM(D11:O11) -> 1979485.7 | D11: =94083.68+68200.94+7096.01 -> 169380.63 | E11: =93560.97+68259.63+7091.69 -> 168912.29 | F11: =94329.86+68241.46+7123.8 -> 169695.12 | G11: =93294.2+65905.23+7151.89-(1150+210.42) -> 164990.9 | H11: =96046.76+62274.92+7063.89 -> 165385.57 | I11: =98955.98+63450.23+7009 -> 169415.21 | J11: =95446.79+70534.71 -> 165981.5 | K11: =99109.08+70430.19-247.85 -> 169291.42 | L11: =93694.45+69984.24-46.25 -> 163632.44 | M11: =89971.79+67663.34 -> 157635.13 | N11: =89883.83+67421.24-201.6 -> 157103.47 | O11: =91117.4+67205.98-261.36 -> 158062.02
A12: 2.1. Compensação Financeiras entre o Regime Geral e os Regimes Próprios de Previdência dos Servidores (140) | B12: 1.9.9.9.03 | C12: =SUM(D12:O12) -> 518742.32 | D12: =44248.32 -> 44248.32 | E12: 44248.32 | F12: 44248.32 | G12: =44248.32 -> 44248.32 | H12: =41771.66 -> 41771.66 | I12: =41771.66 -> 41771.66 | J12: 86851.64 | K12: =41771.66 -> 41771.66 | L12: =41771.66 -> 41771.66 | N12: =87810.76 -> 87810.76
A13: 2.2. RECEITAS diretamente arrecadadas pelo FAPS/RPPS (151) | B13: =SUM(D13:I13)-11640.15 -> 0 | C13: =SUM(D13:O13) -> 25608.32 | D13: 2328.03 | E13: 2328.03 | F13: =2328.03 -> 2328.03 | G13: 2328.03 | H13: 2328.03 | J13: 2328.03 | K13: =2328.03 -> 2328.03 | L13: =2328.03 -> 2328.03 | M13: =2328.03 -> 2328.03 | N13: =2328.02 -> 2328.02 | O13: =2328.03 -> 2328.03
A14: 2.3. RECEITAS diretamente arrecadadas pelo FASM (133) | C14: =SUM(D14:O14) -> 1691618.6 | D14: =152261.29 -> 152261.29 | E14: =139036.92 -> 139036.92 | F14: =162110.55 -> 162110.55 | G14: =137402.8 -> 137402.8 | H14: =145739.19 -> 145739.19 | I14: =127820.76+16.99 -> 127837.75 | J14: 144391.64 | K14: =132651.11 -> 132651.11 | L14: =129401.49 -> 129401.49 | M14: =135285.62 -> 135285.62 | N14: =147052.48 -> 147052.48 | O14: =138447.73 -> 138447.73
A15: 2.4. Recei. Dire. Fundo Assis. Saude Servi. - Divida Ativa | B15: 1.9.9.0.99.1.3.03 | C15: =SUM(D15:O15) -> 0
A16: 2.5. Recei. Fundo Saude Servi.- Divida Ativa - Multas e Juros (199) | B16: 1.9.9.0.99.1.3.04 | C16: =SUM(D16:O16) -> 27152.42 | J16: 27152.42
A17: 3. Remuneração dos Recursos dos Regimes Próprios de Previdência Social dos Servidores | C17: =SUM(C18:C19) -> 6241962.7 | D17: =SUM(D18:D19) -> 754206.91 | E17: =SUM(E18:E19) -> 643889.68 | F17: =SUM(F18:F19) -> 514389.75 | G17: =SUM(G18:G19) -> 757876.49 | H17: =SUM(H18:H19) -> 568532.54 | I17: =SUM(I18:I19) -> 607414.69 | J17: =SUM(J18:J19) -> 465394.21 | ... O17: =SUM(O18:O19) -> 250918.89
A18: Rendimentos de Aplicação Financeira referente aos recursos do regime próprio de previdência Social - RPPS | B18: 1.3.2.1.04 | C18: =SUM(D18:O18) -> 5937627.9 | D18: =720929.97+2928.25 -> 723858.22 | E18: =610820.65+2856.38-80.59 -> 613596.44 | F18: =486956.96+2318.61 -> 489275.57 | G18: =729532.55+2952.49-2861.17 -> 729623.87 | H18: =548707.38+2295.89-6314.48 -> 544688.79 | I18: =578445.66+2770.37-229.97 -> 580986.06 | J18: =658274.17-217966.6 -> 440307.57 | K18: =403157.76-172210.9 -> 230946.86 | L18: =618359.36 -> 618359.36 | M18: =(437508.32-47945.81)-815.56 -> 388746.95 | N18: =349748.56-6010.28 -> 343738.28 | O18: =281732.76-48232.86 -> 233499.9
A19: Rendimentos de Aplicação Financeira referente aos recursos do Fundo de Assitência a Saúde dos Servidores Municipais - FASM | B19: 1.3.2.1.10 | C19: =SUM(D19:O19) -> 304334.85 | D19: =30348.69 -> 30348.69 | E19: =30293.24 -> 30293.24 | F19: =25114.18 -> 25114.18 | G19: =28252.62 -> 28252.62 | H19: =23843.75 -> 23843.75 | I19: =26428.63 -> 26428.63 | J19: =25086.64 -> 25086.64 | K19: =23342.99 -> 23342.99 | L19: =26433.66 -> 26433.66 | M19: =25056.84 -> 25056.84 | N19: =22714.62 -> 22714.62 | O19: =17418.99 -> 17418.99
A20: 4. Receitas Arrecadas na FR 0604 - Conforme EC Nº 120/2022 | C20: =SUM(C21:C24) -> 1560984.6 | D20: =SUM(D21:D24) -> 124645.43 | E20: =SUM(E21:E24) -> 124682 | F20: =SUM(F21:F24) -> 122948.69 | G20: =SUM(G21:G24) -> 135438.58 | H20: =SUM(H21:H24) -> 109391.68 | I20: =SUM(I21:I24) -> 122402.21 | J20: =SUM(J21:J24) -> 208464 | ... O20: =SUM(O21:O24) -> 196084
A21: (R) Remuneracao de Rec. da Atencao basica Uniao (484) | B21: 1.3.2.1.01.0.1.01.03.08 | C21: =SUM(D21:O21) -> 158.63 | D21: 12.32 | E21: 8.55 | F21: 69.29 | G21: =30.58 -> 30.58 | H21: 23.68 | I21: 14.21
A22: (R) Remuneracao dos Recursos p/ Pgto aos ACE's (500) | B22: 1.3.2.1.01.0.1.01.03.12 | C22: =SUM(D22:O22) -> 1637.96 | D22: =553.11 -> 553.11 | E22: 593.45 | F22: 491.4
A23: (R) Piso da Atencao Primaria - Agentes Comunitarios de Saude (275) | B23: 1.7.1.3.50.1.1.02 | C23: =SUM(D23:O23) -> 1480708 | D23: 110880 | E23: 110880 | F23: =109368 -> 109368 | G23: 109368 | H23: 109368 | I23: =109368 -> 109368 | J23: =208464 -> 208464 | K23: =104232 -> 104232 | L23: =104232 -> 104232 | M23: =104232 -> 104232 | N23: =104232 -> 104232 | O23: =41078+31772+9306+113928 -> 196084
A24: (R) Transf.p/ pgto aos Agentes de Combate as Endemias (499) | B24: 1.7.1.3.50.3.1.04 | C24: =SUM(D24:O24) -> 78480 | D24: =13200 -> 13200 | E24: 13200 | F24: =13020 -> 13020 | G24: =26040 -> 26040 | I24: 13020
A25: III - RECEITA CORRENTE LÍQUIDA ( III = I - II) | C25: =C4-C7 -> 1.3001467e+08 | D25: =D4-D7 -> 9758331.8 | E25: =E4-E7 -> 11472233 | F25: =F4-F7 -> 10815819 | G25: =G4-G7 -> 11626313 | H25: =H4-H7 -> 10069374 | I25: =I4-I7 -> 11625558 | J25: =J4-J7 -> 14325677 | ... O25: =O4-O7 -> 10509309
A26: IV - Valor das Emendas Parlamentares Individuais = CO 3110 Transferências da União | C26: =SUM(D26:O26) -> 269493 | F26: =108496+10997 -> 119493 | G26: =150000 -> 150000
A27: V - RECEITA CORRENTE LÍQUIDA (Endividamenteo) ( V = III - IV) | C27: =C25-C26 -> 1.2974518e+08 | D27: =D25-D26 -> 9758331.8 | E27: =E25-E26 -> 11472233 | F27: =F25-F26 -> 10696326 | G27: =G25-G26 -> 11476313 | H27: =H25-H26 -> 10069374 | I27: =I25-I26 -> 11625558 | J27: =J25-J26 -> 14325677 | ... O27: =O25-O26 -> 10509309
A28: VI - Valor das Emendas Parlamentares de Bancada = CO 3120 Transferências da União | C28: =SUM(D28:O28) -> 0
A29: VII - RECEITA CORRENTE LÍQUIDA (Despesas com Pessoal) ( VII = V - VI) | C29: =C27-C28 -> 1.2974518e+08 | D29: =D27-D28 -> 9758331.8 | E29: =E27-E28 -> 11472233 | F29: =F27-F28 -> 10696326 | G29: =G27-G28 -> 11476313 | H29: =H27-H28 -> 10069374 | I29: =I27-I28 -> 11625558 | J29: =J27-J28 -> 14325677 | ... O29: =O27-O28 -> 10509309
A30: Fonte da Metodologia TCE/RS. (OBS.: Foi deduzidos os valores das Emendas Parlamentares os valores referentes a EC Nº 120/2022 dos ACS) | D30: =10081814.83-D29 -> 323483.07 | E30: =11782528.09-E29 -> 310295.27 | F30: =11782528.09-F29 -> 1086201.6 | G30: =11945730.52-G29 -> 469417.73 | H30: =10368604.29-H29 -> 299230.56 | I30: =11917569.63-I29 -> 292011.62 | J30: =14794864.51-J29 -> 469187.73 | K30: =9706859.86-K29 -> 280982.8 | L30: =9951271.04-L29 -> 277733.18 | M30: =9652002.78-M29 -> 241845.65 | N30: =9407939.12-N29 -> 341423.26 | O30: =10846169.18-O29 -> 336859.76
A31: Fonte: Balancete da Receita Maio/2023 - Unidade Gestora: CONSOLIDADO
I34: Observação: | J34: RCL realizada no exercício anterior: | L34: =126003531.2 -> 1.2600353e+08 | M34: 0.012 | N34: =L34*M34 -> 1512042.4 | O34: das Individuais
I35: Valor de execução obrigatória de emendas parlamentárias para 2023 | M35: 0.01 | N35: =M35*L34 -> 1260035.3 | O35: das de Bancada
A36: Giovani Amestoy da Silva | B36: Ihoko Nakashima Mota | E36: Arlei Lopes Souza
A37: Prefeito Municipal | B37: Secret. de Município da Fazenda | E37: Contador - CRC/RS: 068452/O-6

Sheet DCLP
E1: Página: 1/2 | G1: Modelo 2 - Demonstrativo da Despesa com Pessoal | L1: INSTRUÇÃO NORMATIVA nº 18/2021 - TCE/RS. | O1: Página: 2/2
A2: Modelo 2 - DEMONSTRATIVO DA DESPESA COM PESSOAL | C2: INSTRUÇÃO NORMATIVA Nº 13/2022 - TCE/RS.
A4: Lei Complementar Federal nº 101/2000, artigo 54 e alinea "a" do Inciso I do artigo 55 | B4: 12 últimos Meses: | D4: =RCL!D2 -> 45078 | E4: =RCL!E2 -> 45047 | F4: =RCL!F2 -> 45017 | G4: =RCL!G2 -> 44986 | H4: =RCL!H2 -> 44958 | I4: =RCL!I2 -> 44927 | J4: =RCL!J2 -> 44896 | K4: =RCL!K2 -> 44866 | ... O4: =RCL!O2 -> 44743
A5: Despesa Liquidada | B5: Codificação | C5: Totais: | D5: 12º Mês | E5: 11º mês | F5: 10º Mês | G5: 9º Mês | H5: 8º Mês | I5: 7º Mês | J5: 6º Mês | K5: 5º Mês | L5: 4º Mês | M5: 3º Mês | N5: 2º Mês | O5: 1º Mês
A6: I - NATUREZAS DE DESPESA | C6: =SUM(C7:C9) -> 1.3899261e+08 | D6: =D7+D8 -> 12687077 | E6: =E7+E8 -> 11279446 | F6: =F7+F8 -> 11493889 | G6: =G7+G8 -> 12006003 | H6: =H7+H8 -> 11027785 | I6: =I7+I8 -> 10738542 | J6: =J7+J8 -> 17559207 | K6: =K7+K8 -> 10691700 | ... O6: =O7+O8 -> 10266633
A7: Pessoal e encargos sociais | B7: 3.1.00.00 | C7: =SUM(D7:O7) -> 1.3790366e+08 | D7: =12592150.41 -> 12592150 | E7: 11200796 | F7: =11394115.85 -> 11394116 | G7: =11927042.43 -> 11927042 | H7: 11027785 | I7: =10646597.11 -> 10646597 | J7: =17381902.7 -> 17381903 | K7: =10619812.77 -> 10619813 | L7: 10439276 | M7: 10259087 | N7: =10241440.06 -> 10241440 | O7: =10173649.96 -> 10173650
A8: Contratação por Tempo Determinado | B8: 3.3.90.04 | C8: =SUM(D8:O8) -> 1088953 | D8: =94927 -> 94927 | E8: 78650.25 | F8: =99772.75 -> 99772.75 | G8: 78960.88 | I8: =91945 -> 91945 | J8: =177304.75 -> 177304.75 | K8: =71887.2 -> 71887.2 | L8: =92554.9 -> 92554.9 | M8: =108617.6 -> 108617.6 | N8: =101349.3 -> 101349.3 | O8: =92983.4 -> 92983.4
A9: Outras Despesas de Pessoal Decorrente de Contratos de Terceirização - Substituição de Mão de Obra (art.18, § 1º da LRF)¹ | B9: 3.3.XX.34 | C9: =SUM(D9:O9) -> 0
A10: II - DEDUÇÕES | C10: =SUM(C11:C17) -> 38188682 | D10: =SUM(D11:D17) -> 4369814.2 | E10: =SUM(E11:E17) -> 3000019.9 | F10: =SUM(F11:F17) -> 3234126.7 | G10: =SUM(G11:G17) -> 3759207.1 | H10: =SUM(H11:H17) -> 2862343.1 | I10: =SUM(I11:I17) -> 2765561.9 | J10: =SUM(J11:J17) -> 4106526 | ... O10: =SUM(O11:O17) -> 2919397.8
A11: Aposentadorias do RPPS, Reserva Remunerda (com recursos do RPPS) | B11: 3.1.90.01 | C11: =SUM(D11:O11) -> 29929659 | D11: =3645698.27 -> 3645698.3 | E11: 2428604.5 | F11: =2426513.07 -> 2426513.1 | G11: =2408760.76 -> 2408760.8 | H11: =2341605.24 -> 2341605.2 | I11: =2218840.15 -> 2218840.1 | J11: =3408022.45 -> 3408022.5 | K11: =2264859.75 -> 2264859.8 | L11: =2255361.06 -> 2255361.1 | M11: =2237316.49 -> 2237316.5 | N11: =2150516.8 -> 2150516.8 | O11: =2143560.48 -> 2143560.5
A12: Pensões do RPPS com recursos do RPPS) | B12: 3.1.90.03 | C12: =SUM(D12:O12) -> 3560340.2 | D12: =434889.68 -> 434889.68 | E12: 284484.33 | F12: =285143.1 -> 285143.1 | G12: =284340.33 -> 284340.33 | H12: 286118.84 | I12: =280618.06 -> 280618.06 | J12: =406038.6 -> 406038.6 | K12: =261205.73 -> 261205.73 | L12: =258383.84 -> 258383.84 | M12: =259648.67 -> 259648.67 | N12: =260359.09 -> 260359.09 | O12: =259109.97 -> 259109.97
A13: Sentenças Judiciais | B13: 3.1.90.91 | C13: =SUM(D13:O13) -> 26426.84 | D13: =1629.86 -> 1629.86 | E13: 1629.86 | F13: =1629.86 -> 1629.86 | G13: 1629.86 | H13: 1629.86 | I13: =1541.82 -> 1541.82 | J13: =8667.67 -> 8667.67 | K13: 1613.61 | L13: =1613.61 -> 1613.61 | M13: =1613.61 -> 1613.61 | N13: =1613.61 -> 1613.61 | O13: =1613.61 -> 1613.61
A14: Despesas de Exercícios Anteriores | B14: 3.1.90.92 | C14: =SUM(D14:O14) -> 5251.13 | E14: =5251.13 -> 5251.13
A15: Indenizações e Restituições Trabalhista² | B15: 3.XX.94 | C15: =SUM(D15:O15) -> 3154664.5 | D15: 158118.31 | E15: 150572.13 | F15: =417740.75 -> 417740.75 | G15: 953492.4 | H15: 124812.12 | I15: =154913.78 -> 154913.78 | J15: =8965.64 -> 8965.64 | K15: =221205.34 -> 221205.34 | L15: =310105.23 -> 310105.23 | M15: =83235.37 -> 83235.37 | N15: =284611.95 -> 284611.95 | O15: =286891.44 -> 286891.44
A16: Despesas da Contribuição suplementar ao RPPS do Poder Legislativo | J16: 66367.66 | K16: =33464.79 -> 33464.79 | L16: =33464.79 -> 33464.79 | M16: 32845.75 | N16: 32522.9 | O16: 32138.34
A17: Empenhos com FR 604 liquidados No GND 3.1; conforme EC Nº 120/2022 | B17: 3.1.91.13.20 | C17: =SUM(D17:O17) -> 1512340.8 | D17: =129478.04 -> 129478.04 | E17: =129478.04 -> 129478.04 | F17: 103099.89 | G17: =110983.72 -> 110983.72 | H17: 108177.01 | I17: 109648.12 | J17: =208464 -> 208464 | K17: =104232 -> 104232 | L17: =104232 -> 104232 | M17: =104232 -> 104232 | N17: =104232 -> 104232 | O17: =41078+31772+9306+113928 -> 196084
A18: III - TOTAL DAS NATUREZAS DE DESPESA ( I - II ) | C18: =C6-C10 -> 1.0080393e+08 | D18: =D6-D10 -> 8317263.2 | E18: =E6-E10 -> 8279426.4 | F18: =F6-F10 -> 8259761.9 | G18: =G6-G10 -> 8246796.2 | H18: =H6-H10 -> 8165441.7 | I18: =I6-I10 -> 7972980.2 | J18: =J6-J10 -> 13452681 | ... O18: =O6-O10 -> 7347235.5
A19: Recursos para Cobertura de Insuficiências Financeiras | B19: 3.5.1.3.2.01.01 | C19: =SUM(D19:O19) -> 0
A20: Recursos para Cobertura de Déficit Financeiro | B20: 3.5.1.3.2.02.01 | C20: =SUM(D20:O20) -> 0
A21: IV - TOTAL DAS CONTAS PATRIMONIAIS | C21: =SUM(C19:C20) -> 0 | D21: =SUM(D19:D20) -> 0 | E21: =SUM(E19:E20) -> 0 | F21: =SUM(F19:F20) -> 0 | G21: =SUM(G19:G20) -> 0 | H21: =SUM(H19:H20) -> 0 | I21: =SUM(I19:I20) -> 0 | J21: =SUM(J19:J20) -> 0 | ... O21: =SUM(O19:O20) -> 0
A22: RPNP do exercicio anterior ( Dedmonstrativos 1º e 2º Quadrimestre/1º Semestre). | B22: Itens I e II | C22: =SUM(D22:O22) -> 0
A23: RPNP do exercicio anterior ( Dedmonstrativos 3º Quadrimestre/2º Semestre). | B23: Itens I e II | C23: =SUM(D23:O23) -> 0
A24: V - TOTAL DOS RESTOS A PAGAR NÃO PROCESSADOS | C24: =SUM(C22:C23) -> 0 | D24: =SUM(D22:D23) -> 0 | E24: =SUM(E22:E23) -> 0 | F24: =SUM(F22:F23) -> 0 | G24: =SUM(G22:G23) -> 0 | H24: =SUM(H22:H23) -> 0 | I24: =SUM(I22:I23) -> 0 | J24: =SUM(J22:J23) -> 0 | ... O24: =SUM(O22:O23) -> 0
A25: Despesas com Pessoal Não Executadas Orçamentariamente | B25: 8.6.3.3.1 | C25: =SUM(D25:O25) -> 0
A26: Despesas com Pessoal nas Entidades com Contrato de Gestão | B26: 8.6.3.3.2 | C26: =SUM(D26:O26) -> 0
A27: VI - TOTAL DAS CONTAS CONTÁBEIS DE CONTROLE | C27: =SUM(C25:C26) -> 0 | D27: =SUM(D25:D26) -> 0 | E27: =SUM(E25:E26) -> 0 | F27: =SUM(F25:F26) -> 0 | G27: =SUM(G25:G26) -> 0 | H27: =SUM(H25:H26) -> 0 | I27: =SUM(I25:I26) -> 0 | J27: =SUM(J25:J26) -> 0 | ... O27: =SUM(O25:O26) -> 0
A28: VII - TOTAL DA DESPESA COM PESSOAL ATIVO/INATIVO DA ENTIDADE: VII = (III + IV + V + VI) | B28: TOTAIS: | C28: =C18+C21+C24+C27 -> 1.0080393e+08 | D28: =D18+D21+D24+D27 -> 8317263.2 | E28: =E18+E21+E24+E27 -> 8279426.4 | F28: =F18+F21+F24+F27 -> 8259761.9 | G28: =G18+G21+G24+G27 -> 8246796.2 | H28: =H18+H21+H24+H27 -> 8165441.7 | I28: =I18+I21+I24+I27 -> 7972980.2 | J28: =J18+J21+J24+J27 -> 13452681 | ... O28: =O18+O21+O24+O27 -> 7347235.5
A29: VIII - Dedução para atendimento ao disposto no art. 37, inciso XI, da Constituição Federal | B29: 0.0571 | C29: =SUM(D29:O29) -> 2356442.2 | D29: =D28*B29 -> 474915.73 | E29: =E28*B29 -> 472755.25 | F29: =F28*B29 -> 471632.41 | G29: =G28*B29 -> 470892.07 | H29: =H28*B29 -> 466246.72
A30: IX - DESPESA CORRENTE LÍQUIDA TOTAL COM PESSOAL: IX = VII - VIII | C30: =C28-C29 -> 98447483 | D30: =D28-D29 -> 7842347.5 | E30: =E28-E29 -> 7806671.1 | F30: =F28-F29 -> 7788129.5 | G30: =G28-G29 -> 7775904.2 | H30: =H28-H29 -> 7699195 | I30: =I28-I29 -> 7972980.2 | J30: =J28-J29 -> 13452681 | ... O30: =O28-O29 -> 7347235.5
A31: Fonte: Tribunal de Contas do Estado do Rio Grande do Sul - Dedução dos 5,71% conforme Lei Municipal Nº 4.465, de 23 de fevereiro de 2023 e IN Nº 13/2022 - Página 7/50
F34: Giovani Amestoy da Silva | I34: Ihoko Nakashima Mota | M34: Arlei Lopes Souza
F35: Prefeito Municipal | I35: Secret. de Município da Fazenda | M35: Contador - CRC/RS: 068452/O-6

Sheet DCLP_RCL
C2: Evolução Mensal da Despesa Liquidada com Pessoal | J2: INSTRUÇÃO NORMATIVA nº 18/2021 - TCE/RS.
D3: =DCLP!D4 -> 45078 | E3: =DCLP!E4 -> 45047 | F3: =DCLP!F4 -> 45017 | G3: =DCLP!G4 -> 44986 | H3: =DCLP!H4 -> 44958 | I3: =DCLP!I4 -> 44927 | J3: =DCLP!J4 -> 44896 | K3: =DCLP!K4 -> 44866 | ... O3: =DCLP!O4 -> 44743
B4: TOTAIS DOS ÚLTIMOS 12 MESES | D4: 12º Mês | E4: 11º mês | F4: 10º Mês | G4: 9º Mês | H4: 8º Mês | I4: 7º Mês | J4: 6º Mês | K4: 5º Mês | L4: 4º Mês | M4: 3º Mês | N4: 2º Mês | O4: 1º Mês
B5: Despesa Liquida c/ Pessoal | C5: =(SUM(D5:O5)) -> 98216679 | D5: =DCLP!D30 -> 7842347.5 | E5: =DCLP!E30 -> 7806671.1 | F5: =DCLP!F30 -> 7788129.5 | G5: =DCLP!G30 -> 7775904.2 | H5: =DCLP!H30 -> 7699195 | I5: =DCLP!I30 -> 7972980.2 | J5: =DCLP!J30 -> 13452681 | K5: =DCLP!K30 -> 7805118.7 | ... O5: =DCLP!O30 -> 7347235.5
B6: Receita Corrente Líquida | C6: =RCL!C29 -> 1.2974518e+08 | D6: =RCL!D29 -> 9758331.8 | E6: =RCL!E29 -> 11472233 | F6: =RCL!F29 -> 10696326 | G6: =RCL!G29 -> 11476313 | H6: =RCL!H29 -> 10069374 | I6: =RCL!I29 -> 11625558 | J6: =RCL!J29 -> 14325677 | ... O6: =RCL!O29 -> 10509309
B7: Índice da DCLP s/ a RCL | C7: =C5/C6 -> 0.75699675 | D7: =D5/D6 -> 0.80365658 | E7: =E5/E6 -> 0.68048402 | F7: =F5/F6 -> 0.72811255 | G7: =G5/G6 -> 0.67756119 | H7: =H5/H6 -> 0.76461508 | I7: =I5/I6 -> 0.68581484 | J7: =J5/J6 -> 0.9390608 | ... O7: =O5/O6 -> 0.69911687
B8: Limite Máximo do Índice | C8: 0.54 | D8: 0.54 | E8: 0.54 | F8: 0.54 | G8: 0.54 | H8: 0.54 | I8: 0.54 | J8: 0.54 | K8: 0.54 | L8: 0.54 | M8: 0.54 | N8: 0.54 | O8: 0.54
B9: OBS.: | C9: No Valor da RCL foi deduzidos os valores das Emendandas Parlamentares e os Repasses p/Assist. Financ. Complementar - ACS (321) - da EC. Nº 120/22 do Período.
C10: Foi deduzido do valor liquido da despesa realizada com pessoal o percentual de 5,71% nos termos art. 37, inciso XI, referente a reposição salárial da inflação do exercício anterior, medida pelo INPC.
C11: Foi alterada a metodologia cálculo da depesas com pessoal de abril para maio de 2023.
B52: Fonte: | C52: Demonstrativos apurados pela Contabilidade da Receita Corrente Realizada e da Despesa Líquidada Orçamentarias.
C56: Giovani Amestoy da Silva | F56: Ihoko Nakashima Mota | J56: Arlei Lopes Souza
C57: Prefeito Municipal | F57: Secret. de Município da Fazenda | J57: Contador - CRC/RS: 068452/O-6

Sheet AcompFAPS
A1: Aliquotas vigentes em 2021 do FAPS/RPPS | E1: Normal | F1: ENTE | G1: 0.1184 | H1: 0.1999 | I1: SEGURADO | J1: Anos:/Supleme | K1: 2021 | L1: 0.33 | M1: 2022 | N1: 0.4 | O1: 2023 | P1: 0.5
D2: Média dos Segurados | F2: Período: | G2: 2021 | H2: 2021 | I2: 2022 | J2: 2023 | K2: 2024 | L2: 2025
F3: L. M. Nº 4167 de 04/08/2020 - Art. 4º - Aliquota do Passivo Atuarial. | G3: 0.33 | H3: 0.335 | I3: 0.4 | J3: 0.5 | K3: 0.74 | L3: 0.72
F4: L. M. Nº 4.244 de 22/07/2021 - Art. 4º - Aliquota do Passivo Atuarial.
B5: Ano: 2021 | D5: Janeiro | E5: Fevereiro | F5: Março | G5: Abril | H5: Maio | I5: Junho | J5: Julho | K5: Agosto | L5: Setembro | M5: Outubro | N5: Novembro | O5: Dezembro | P5: TOTAIS:
B6: Aportes Periodicos
A7: 7.9.9.0.01.1.1 | B7: Amortiz Deficit Atuarial | C7: 311 | D7: 646851.22 | E7: 1584309.8 | F7: 1110585.6 | G7: 1101862.1 | H7: =1041204.38 -> 1041204.4 | I7: 1041463.5 | J7: 1038282 | K7: 1036421.9 | L7: 1047813.3 | M7: 1031939.7 | N7: =1031371.47 -> 1031371.5 | O7: =2257142.6 -> 2257142.6 | P7: =SUM(D7:O7) -> 13969248 | Q7: =13969247.57-P7 -> 0
A8: 7.9.9.0.01.1.3 | B8: Deficit Atuarial - Div Ativa | C8: 320 | D8: 40013.54 | E8: 25467.31 | F8: =43738.35 -> 43738.35 | G8: 147124.29 | H8: =167667.79 -> 167667.79 | I8: 197063.87 | J8: 79480.33 | K8: 114330.75 | L8: 39881.89 | M8: 76483.03 | N8: =132426.56 -> 132426.56 | O8: =81964.99 -> 81964.99 | P8: =SUM(D8:O8) -> 1145642.7 | Q8: =1145642.7-P8 -> 0
B9: 1. Receitas Totais | D9: 1821306.7 | E9: 3418373.4 | F9: 2477692 | G9: 2713144.4 | H9: =2527081.2 -> 2527081.2 | I9: 2358458.2 | J9: 2342207.5 | K9: =2308046.36 -> 2308046.4 | L9: 2466047.5 | M9: 2370360.4 | N9: =2878589.87 -> 2878589.9 | O9: =5272665.5 -> 5272665.5 | P9: =SUM(D9:N9) -> 27681307 | Q9: =27681307.39-P9 -> 0
B10: 2. Total da Despesa Paga | D10: 1774960.3 | E10: 1892028.5 | F10: 1916270.8 | G10: 1847527.9 | H10: 1862823.2 | I10: =1860508.85 -> 1860508.9 | J10: 1888869.8 | K10: 1864374.6 | L10: =1864704.24 -> 1864704.2 | M10: 1868149.1 | N10: =1866454.01 -> 1866454 | O10: =3707726.11 -> 3707726.1 | P10: =SUM(D10:O10) -> 24214397 | Q10: =24214397.41-P10 -> 0
B11: 3. Resultado: 1. - 2. = | C11: (- ) | D11: =D9-D10 -> 46346.42 | E11: =E9-E10 -> 1526344.8 | F11: =F9-F10 -> 561421.16 | G11: =G9-G10 -> 865616.53 | H11: =H9-H10 -> 664258.01 | I11: =I9-I10 -> 497949.35 | J11: =J9-J10 -> 453337.71 | K11: =K9-K10 -> 443671.71 | ... O11: =O9-O10 -> 1564939.4 | P11: =SUM(D11:N11) -> 7174636.1
B13: Valor do déficit para cobertura do Passivo Atuarial: | C13: ( = ) | D13: =SUM(D7:D8)-D11 -> 640518.34 | E13: =SUM(E7:E8)-E11 -> 83432.26 | F13: =SUM(F7:F8)-F11 -> 592902.82 | G13: =SUM(G7:G8)-G11 -> 383369.85 | H13: =SUM(H7:H8)-H11 -> 544614.16 | I13: =SUM(I7:I8)-I11 -> 740577.99 | J13: =SUM(J7:J8)-J11 -> 664424.66 | K13: =SUM(K7:K8)-K11 -> 707080.93 | ... O13: =SUM(O7:O8)-O11 -> 774168.2 | P13: =SUM(D13:O13) -> 6375314.8
B14: Progressão do Déficit no período | E14: =D13+E13 -> 723950.6 | F14: =E14+F13 -> 1316853.4 | G14: =F14+G13 -> 1700223.3 | H14: =G14+H13 -> 2244837.4 | I14: =H14+I13 -> 2985415.4 | J14: =I14+J13 -> 3649840.1 | K14: =J14+K13 -> 4356921 | L14: =K14+L13 -> 4843272.9 | M14: =L14+M13 -> 5449484.4 | ... O14: =N14+O13 -> 6375314.8
B16: Rendimentos Líquidos Auferidos do Período: | D16: =21390.5-13008.99 -> 8381.51 | E16: 7644.48 | F16: =70335.98-81867.41 -> -11531.43 | G16: 236970.22 | H16: =196118.17-25818.29 -> 170299.88 | I16: =48213.11-50509.62 -> -2296.51 | J16: =73898.94-87402.27 -> -13503.33 | K16: =93050.89-139895.26 -> -46844.37 | L16: =207190.52-117856.34 -> 89334.18 | M16: =356724.71-334520.02 -> 22204.69 | N16: =559892.02-(2703.66+30050.01) -> 527138.35 | O16: =468274.43 -> 468274.43 | P16: =SUM(D16:O16) -> 1456072.1 | Q16: =(2351279.88-(895207.78))-P16 -> 0
O17: (-) 9419 Demais Variações Monetárias Negativas | P17: -352333.58
A18: 08/09/2021 Arrecadacao da Receita Ref correcao contribuicoes repassadas ao RPPS compensando os juros pelo atraso ao FAPS pela Camara de Vereadores emp extra 119/2021 Correcao SELIC contribuicao patronal contido R$ 160,40 | O18: =P18-J45 -> 1103738.5 | P18: =P16+P17 -> 1103738.5
B19: Saldo dos Valores Aplicados: | D19: 33033587 | E19: 32875957 | F19: 34457888 | G19: 35776936 | H19: 35898682 | I19: =35480656.82 -> 35480657 | J19: =35920808.42 -> 35920808 | K19: 36369533 | L19: =36874615.14 -> 36874615 | M19: 37473088 | N19: 38488332 | O19: 40962776 | P19: TOTAIS:
E20: =E19-D19 -> -157630.07 | F20: =F19-E19 -> 1581931.6 | G20: =G19-F19 -> 1319048 | H20: =H19-G19 -> 121746.14 | I20: =I19-H19 -> -418025.45 | J20: =J19-I19 -> 440151.6 | K20: =K19-J19 -> 448724.77 | L20: =L19-K19 -> 505081.95 | ... O20: =O19-N19 -> 2474443.8 | P20: =SUM(E20:O20) -> 7929189.6 | Q20: =O19-D19-P20 -> 0
C22: Percentual dos Rendimentos em relação ao Saldo: | D22: =D16/D19 -> 0.00025372691 | E22: =E16/E19 -> 0.00023252495 | F22: =F16/F19 -> -0.00033465284 | G22: =G16/G19 -> 0.0066235471 | H22: =H16/H19 -> 0.0047439034 | I22: =I16/I19 -> -6.472569e-05 | J22: =J16/J19 -> -0.00037591943 | K22: =K16/K19 -> -0.0012880113 | ... O22: =O16/O19 -> 0.011431706 | P22: =SUM(D22:O22) -> 0.037933353
B24: Rendimento da Poupança: | D24: 0.001159 | E24: 0.001159 | F24: 0.001159 | G24: 0.00159 | H24: 0.00159 | I24: 0.002019 | J24: 0.002446 | K24: 0.002446 | L24: 0.003012 | M24: 0.003575 | N24: 0.004412 | O24: 0.004902 | P24: =SUM(D24:O24) -> 0.029469
C25: Diferença em relação a Poupança: | D25: =D24-D22 -> 0.00090527309 | E25: =E24-E22 -> 0.00092647505 | F25: =F24-F22 -> 0.0014936528 | G25: =G24-G22 -> -0.0050335471 | H25: =H24-H22 -> -0.0031539034 | I25: =I24-I22 -> 0.0020837257 | J25: =J24-J22 -> 0.0028219194 | K25: =K24-K22 -> 0.0037340113 | ... O25: =O24-O22 -> -0.0065297064 | P25: =SUM(D25:O25) -> -0.0084643526
B26: Ano: 2022 | D26: Janeiro | E26: Fevereiro | F26: Março | G26: Abril | H26: Maio | I26: Junho | J26: Julho | K26: Agosto | L26: Setembro | M26: Outubro | N26: Novembro | O26: Dezembro | P26: TOTAIS:
B27: Aportes Periodicos
A28: 7.9.9.0.01.1.1 | B28: Amortiz Deficit Atuarial | C28: 2 | D28: =891787.92 -> 891787.92 | E28: =1297234.15 -> 1297234.1 | F28: =1687898.51 -> 1687898.5 | G28: =1685861.8 -> 1685861.8 | H28: 1689453.1 | I28: 1686800.6 | J28: =1759027.36 -> 1759027.4 | K28: =1760518.98 -> 1760519 | L28: =1773575.36 -> 1773575.4 | M28: =94187.06 -> 94187.06 | N28: 2321663.6 | O28: =409138.61 -> 409138.61 | P28: =SUM(D28:O28) -> 17057147 | Q28: =17057147.06-P28 -> 0
A29: 7.9.9.0.01.1.3 | B29: Deficit Atuarial - Div Ativa | C29: 7 | D29: =54875.67 -> 54875.67 | E29: =111840.76 -> 111840.76 | F29: =76216.62 -> 76216.62 | G29: =196927.82 -> 196927.82 | H29: 121457.79 | I29: 89905.39 | J29: =81930.93 -> 81930.93 | K29: =75400.28 -> 75400.28 | L29: 26474.98 | M29: =150757.23 -> 150757.23 | N29: 119273.54 | O29: =79523.22 -> 79523.22 | P29: =SUM(D29:O29) -> 1184584.2 | Q29: =1184584.23-P29 -> 0
B30: 1. Receitas Totais | D30: =2095430.84 -> 2095430.8 | E30: =2742554.41 -> 2742554.4 | F30: =3839700.82 -> 3839700.8 | G30: =3771843.75 -> 3771843.8 | H30: 3848650.1 | I30: =3752341.12 -> 3752341.1 | J30: =3711368.89 -> 3711368.9 | K30: =3913552.05 -> 3913552 | L30: =3896369.6 -> 3896369.6 | M30: =1841352.19 -> 1841352.2 | N30: =4495335.91 -> 4495335.9 | O30: =2654545.52 -> 2654545.5 | P30: =SUM(D30:O30) -> 40563045 | Q30: =40563045.22-P30 -> 0
B31: 2. Total da Despesa Paga | D31: =1954791.97 -> 1954792 | E31: =2260829.3 -> 2260829.3 | F31: 2278311.8 | G31: 2289318.1 | H31: 2296838 | I31: =3583557.43 -> 3583557.4 | J31: =2402140.19 -> 2402140.2 | K31: 2406151 | L31: =2503434.53 -> 2503434.5 | M31: 2513863.7 | N31: =2528874.54 -> 2528874.5 | O31: =3812496.1 -> 3812496.1 | P31: =SUM(D31:O31) -> 30830607 | Q31: =30830606.74-P31 -> 0
B32: 3. Resultado: 1. - 2. = | C32: (- ) | D32: =D30-D31 -> 140638.87 | E32: =E30-E31 -> 481725.11 | F32: =F30-F31 -> 1561389.1 | G32: =G30-G31 -> 1482525.6 | H32: =H30-H31 -> 1551812.1 | I32: =I30-I31 -> 168783.69 | J32: =J30-J31 -> 1309228.7 | K32: =K30-K31 -> 1507401 | ... O32: =O30-O31 -> -1157950.6 | P32: =SUM(D32:O32) -> 9732438.5
B33: Valor do déficit para cobertura do Passivo Atuarial: | C33: ( = ) | D33: =SUM(D28:D29)-D32 -> 806024.72 | E33: =SUM(E28:E29)-E32 -> 927349.8 | F33: =SUM(F28:F29)-F32 -> 202726.06 | G33: =SUM(G28:G29)-G32 -> 400263.97 | H33: =SUM(H28:H29)-H32 -> 259098.83 | I33: =SUM(I28:I29)-I32 -> 1607922.2 | J33: =SUM(J28:J29)-J32 -> 531729.59 | K33: =SUM(K28:K29)-K32 -> 328518.26 | ... O33: =SUM(O28:O29)-O32 -> 1646612.4 | P33: =SUM(D33:O33) -> 8509292.8
B34: Progressão do Déficit no período | E34: =D33+E33 -> 1733374.5 | F34: =E34+F33 -> 1936100.6 | G34: =F34+G33 -> 2336364.5 | H34: =G34+H33 -> 2595463.4 | I34: =H34+I33 -> 4203385.6 | J34: =I34+J33 -> 4735115.2 | K34: =J34+K33 -> 5063633.5 | L34: =K34+L33 -> 5470748.7 | M34: =L34+M33 -> 6388204.6 | ... O34: =N34+O33 -> 8509292.8
B35: Rendimentos Líquidos Auferidos do Período: | D35: =170931.46-130848.46 -> 40083 | E35: =346111.52-258485.56 -> 87625.96 | F35: =619278.08-40324.34 -> 578953.74 | G35: =416112.89-137141.35 -> 278971.54 | H35: 443844.93 | I35: =389536.32-25254.89 -> 364281.43 | J35: =281732.76-48232.86 -> 233499.9 | K35: =349748.56-6010.28 -> 343738.28 | L35: =437508.32-47945.81 -> 389562.51 | M35: =618359.36 -> 618359.36 | N35: =403157.76-172210.9 -> 230946.86 | O35: =658274.17-217966.6 -> 440307.57 | P35: =SUM(D35:O35) -> 4050175.1 | Q35: =(5134596.13-1084421.05)-P35 -> 0
B36: Saldo dos Valores Aplicados: | D36: 40962776 | E36: =41262902.53 -> 41262903 | F36: =43145513.5 -> 43145514 | G36: =44628052.33 -> 44628052 | H36: =46061864.93 -> 46061865 | I36: =46338876.84 -> 46338877 | J36: 47648106 | K36: =49155506.54 -> 49155507 | L36: =50548441.61 -> 50548442 | M36: =49875930.06 -> 49875930 | N36: =52192735.75 -> 52192736 | O36: =49872763.43 -> 49872763 | P36: TOTAIS:
D37: =40962776.23-D36 -> 0 | E37: =E36-D36 -> 300126.3 | F37: =F36-E36 -> 1882611 | G37: =G36-F36 -> 1482538.8 | H37: =H36-G36 -> 1433812.6 | I37: =I36-H36 -> 277011.91 | J37: =J36-I36 -> 1309228.7 | K37: =K36-J36 -> 1507401 | L37: =L36-K36 -> 1392935.1 | ... O37: =O36-N36 -> -2319972.3 | P37: =SUM(E37:O37) -> 8909987.2 | Q37: =O36-D36-P37 -> 0
B39: Ano: 2023 | D39: Janeiro | E39: Fevereiro | F39: Março | G39: Abril | H39: Maio | I39: Junho | J39: Julho | K39: Agosto | L39: Setembro | M39: Outubro | N39: Novembro | O39: Dezembro | P39: TOTAIS:
A40: 7.2.1.5.02.1.1.02 | C40: 168 | D40: 60031.57 | E40: 1024638.8 | F40: 636559.99 | G40: =864052.03 -> 864052.03 | H40: 1478346.7 | I40: =1298018.08 -> 1298018.1 | P40: =SUM(D40:O40) -> 5361647.2 | Q40: =5361647.15-P40 -> 0
A41: 7.2.1.5.02.1.3.02 | B41: Amortiz Deficit Atuarial | C41: 450 | D41: =95250.09+18253.01 -> 113503.1 | E41: =82721.27+28153.91 -> 110875.18 | F41: =47638.15 -> 47638.15 | G41: =46219.84 -> 46219.84 | H41: =120813.16 -> 120813.16 | I41: 56586.43 | P41: =SUM(D41:O41) -> 495635.86 | Q41: =495635.86-P41 -> 0
A42: 7.2.1.5.50.1.1.02 | B42: Deficit Atuarial - Div Ativa | C42: 169 | D42: 4109.84 | H42: 556974.46 | I42: 574111.92 | P42: =SUM(D42:O42) -> 1135196.2 | Q42: =1135196.22-P42 -> 0
B43: 1. Receitas Totais | D43: 3528246.5 | E43: 3547891 | F43: =2585321.78 -> 2585321.8 | G43: =3198537.15 -> 3198537.1 | H43: =4536124.19 -> 4536124.2 | I43: =3900432.37 -> 3900432.4 | P43: =SUM(D43:O43) -> 21296553 | Q43: =21296552.97-P43 -> 0
B44: 2. Total da Despesa Paga | D44: 2499458.2 | E44: =2627813.86 -> 2627813.9 | F44: =2694926.64 -> 2694926.6 | G44: =2711762.33 -> 2711762.3 | H44: =2710912.61 -> 2710912.6 | I44: 4077532.9 | P44: =SUM(D44:O44) -> 17322407 | Q44: =17322406.57-P44 -> 0
B45: 3. Resultado: 1. - 2. = | C45: (- ) | D45: =D43-D44 -> 1028788.3 | E45: =E43-E44 -> 920077.13 | F45: =F43-F44 -> -109604.86 | G45: =G43-G44 -> 486774.82 | H45: =H43-H44 -> 1825211.6 | I45: =I43-I44 -> -177100.55 | J45: =J43-J44 -> 0 | K45: =K43-K44 -> 0 | ... O45: =O43-O44 -> 0 | P45: =SUM(D45:O45) -> 3974146.4
B47: Valor do déficit para cobertura do Passivo Atuarial: | C47: ( = ) | D47: =SUM(D40:D42)-D45 -> -851143.77 | E47: =SUM(E40:E42)-E45 -> 215436.81 | F47: =SUM(F40:F42)-F45 -> 793803 | G47: =SUM(G40:G42)-G45 -> 423497.05 | H47: =SUM(H40:H42)-H45 -> 330922.76 | I47: =SUM(I40:I42)-I45 -> 2105817 | J47: =SUM(J40:J42)-J45 -> 0 | K47: =SUM(K40:K42)-K45 -> 0 | ... O47: =SUM(O40:O42)-O45 -> 0 | P47: =SUM(D47:O47) -> 3018332.8
B48: Progressão do Déficit no período | E48: =D47+E47 -> -635706.96 | F48: =E48+F47 -> 158096.04 | G48: =F48+G47 -> 581593.09 | H48: =G48+H47 -> 912515.85 | I48: =H48+I47 -> 3018332.8 | J48: =I48+J47 -> 3018332.8 | K48: =J48+K47 -> 3018332.8 | L48: =K48+L47 -> 3018332.8 | M48: =L48+M47 -> 3018332.8 | ... O48: =N48+O47 -> 3018332.8
B49: Rendimentos Líquidos Auferidos do Período: | D49: =578445.66+2770.37-229.97 -> 580986.06 | E49: =548707.38+2295.89-6314.48 -> 544688.79 | F49: =729532.55+2952.49-2861.17 -> 729623.87 | G49: =486956.96+2318.61 -> 489275.57 | H49: =610820.65+2856.38-80.59 -> 613596.44 | I49: =720929.97+2928.25 -> 723858.22 | P49: =SUM(D49:O49) -> 3682029
P51: =P49+P50 -> 3682029
B52: Saldo dos Valores Aplicados: | D52: 52056201 | E52: 52976368 | F52: =52866717.93 -> 52866718 | G52: 53353506 | H52: 55176048 | I52: 55001090 | P52: TOTAIS:
B53: Variação dos saldos: | D53: =D52-49872763.43 -> 2183437.3 | E53: =E52-D52 -> 920166.91 | F53: =F52-E52 -> -109649.75 | G53: =G52-F52 -> 486787.62 | H53: =H52-G52 -> 1822542.3 | I53: =I52-H52 -> -174958.03 | K53: =K52-J52 -> 0 | L53: =L52-K52 -> 0 | M53: =M52-L52 -> 0 | N53: =N52-M52 -> 0 | O53: =O52-N52 -> 0 | P53: =SUM(D53:O53) -> 5128326.4 | Q53: =I52-(P53+49872763.43) -> 0
C54: Percentual dos Rendimentos em relação ao Saldo: | D54: =D49/D52 -> 0.011160746 | E54: =E49/E52 -> 0.010281732 | F54: =F49/F52 -> 0.013801195 | G54: =G49/G52 -> 0.0091704484 | H54: =H49/H52 -> 0.011120703 | I54: =I49/I52 -> 0.013160798 | J54: =J49/J52 -> #DIV/0! | K54: =K49/K52 -> #DIV/0! | ... O54: =O49/O52 -> #DIV/0! | P54: =SUM(D54:O54) -> #DIV/0!
B55: Rendimento da Poupança: | D55: 0.007091 | E55: 0.005834 | F55: 0.007404 | G55: 0.005825 | H55: 0.007158 | I55: 0.006808 | J55: 0.006589 | P55: =SUM(D55:O55) -> 0.046709
C56: Diferença em relação a Poupança: | D56: =D55-D54 -> -0.0040697465 | E56: =E55-E54 -> -0.0044477315 | F56: =F55-F54 -> -0.0063971948 | G56: =G55-G54 -> -0.0033454484 | H56: =H55-H54 -> -0.003962703 | I56: =I55-I54 -> -0.0063527978 | J56: =J55-J54 -> #DIV/0! | K56: =K55-K54 -> #DIV/0! | ... O56: =O55-O54 -> #DIV/0! | P56: =SUM(D56:O56) -> #DIV/0!
H59: Giovani Amestoy da Silva | K59: Ihoko Nakashima Mota | O59: Arlei Lopes Souza
H60: Prefeito Municipal | K60: Secret. de Município da Fazenda | O60: Contador - CRC/RS: 068452/O-6

Sheet Cronogra
E1: ANEXO II DO CRONOGRAMA DE DESEMBOLSO PARA 2023 | U1: ANEXO III - CRONOGRAMA DE REEMBOLSO E DESEMBOLSO AO MÊS PARA 2023
U2: CRONOGRAMA DE DESEMBOLSO POR ORGÃO PARA O EXERCÍCIO DE 2023
A3: Cronograma | B3: RECEITA CONSOLIDADA REALIZADA | L3: PREVISTO | N3: REESTIMADA | Q3: Seq. | R3: ÓRGÃOS | S3: JANEIRO | T3: FEVEREIRO | U3: MARÇO | V3: ABRIL | W3: MAIO | X3: JUNHO | Y3: JULHO | Z3: AGOSTO | AA3: SETEMBRO | AB3: OUTUBRO | AC3: NOVEMBRO | AD3: DEZEMBRO | AE3: TOTAL
A4: MESES | B4: 2018 | C4: % | D4: 2019 | E4: % | F4: 2020 | G4: % | H4: 2021 | I4: % | J4: 2022 | K4: % | L4: 2023 | M4: % | N4: 2024 | O4: 2025 | Q4: 1 | R4: Câmara | S4: =5609368/12 -> 467447.33 | T4: =5609368/12 -> 467447.33 | U4: =5609368/12 -> 467447.33 | V4: =5609368/12 -> 467447.33 | W4: =5609368/12 -> 467447.33 | X4: =5609368/12 -> 467447.33 | Y4: =5609368/12 -> 467447.33 | Z4: =5609368/12 -> 467447.33 | ... AD4: =5609368/12 -> 467447.33 | AE4: =SUM(S4:AD4) -> 5609368 | AF4: =AE4/$AE$20 -> 0.023867702
A5: Janeiro | B5: 7522241.3 | C5: =B5/B17 -> 0.079831482 | D5: 10690470 | E5: =D5/D17 -> 0.092128812 | F5: 10229896 | G5: =F5/F17 -> 0.082588546 | H5: 11654887 | I5: =H5/H17 -> 0.07573584 | J5: =26446557.48-J6 -> 13016876 | K5: =J5/J17 -> 0.071782613 | L5: =16075870.88 -> 16075871 | M5: =L5/L17 -> 0.068402375 | N5: =((F5+H5+J5+L5)/3.15)-354050.16 -> 15829293 | O5: =(H5+J5+L5+N5)/3.15 -> 17960929 | Q5: 2 | R5: Gabinete | S5: =3806795.39*M5 -> 260393.85 | T5: =3806795.39*M6 -> 231595.71 | U5: =3806795.39*M7 -> 302976.72 | V5: =3806795.39*M8 -> 313279.41 | W5: =3806795.39*M9 -> 329322.86 | X5: =3806795.39*M10 -> 302239.22 | Y5: =3806795.39*M11 -> 349233.39 | Z5: =3806795.39*M12 -> 299680.46 | AA5: =3806795.39*M13 -> 297329.63 | AB5: =3806795.39*M14 -> 307009.02 | AC5: =3806795.39*M15 -> 313006.78 | AD5: =3806795.39*M16 -> 500728.32 | AE5: =SUM(S5:AD5) -> 3806795.4 | AF5: =AE5/$AE$20 -> 0.016197807
A6: Fevereiro | B6: =7197732.78 -> 7197732.8 | C6: =B6/B17 -> 0.076387563 | D6: =8384491.75 -> 8384491.8 | E6: =D6/D17 -> 0.07225625 | F6: =10875208.14 -> 10875208 | G6: =F6/F17 -> 0.087798312 | H6: 11908060 | I6: =H6/H17 -> 0.077381008 | J6: =13429681.17 -> 13429681 | K6: =J6/J17 -> 0.074059059 | L6: =14297967.62 -> 14297968 | M6: =L6/L17 -> 0.060837447 | N6: =(F6+H6+J6+L6)/3.15 -> 16035212 | O6: =(H6+J6+L6+N6)/3.15 -> 17673308 | Q6: 3 | R6: SGM | S6: =2042326.11*M5 -> 139699.96 | T6: =2042326.11*M6 -> 124249.91 | U6: =2042326.11*M7 -> 162545.45 | V6: =2042326.11*M8 -> 168072.79 | W6: =2042326.11*M9 -> 176680.02 | X6: =2042326.11*M10 -> 162149.79 | Y6: =2042326.11*M11 -> 187361.91 | Z6: =2042326.11*M12 -> 160777.02 | AA6: =2042326.11*M13 -> 159515.82 | AB6: =2042326.11*M14 -> 164708.76 | AC6: =2042326.11*M15 -> 167926.52 | AD6: =2042326.11*M16 -> 268638.16 | AE6: =SUM(S6:AD6) -> 2042326.1 | AF6: =AE6/$AE$20 -> 0.0086900397
A7: Março | B7: 7899052.6 | C7: =B7/B17 -> 0.083830478 | D7: 8599525.4 | E7: =D7/D17 -> 0.074109377 | F7: 9752914.4 | G7: =F7/F17 -> 0.07873775 | H7: =11176115.04 -> 11176115 | I7: =H7/H17 -> 0.072624683 | J7: =14988868.06 -> 14988868 | K7: =J7/J17 -> 0.082657321 | L7: =((D7+F7+H7+J7)/2.38) -> 18704800 | M7: =L7/L17 -> 0.079588392 | N7: =(F7+H7+J7+L7)/3.15 -> 17340539 | O7: =(H7+J7+L7+N7)/3.15 -> 19749308 | Q7: 4 | R7: SMCP | S7: =2874054.3*M5 -> 196592.14 | T7: =2874054.3*M6 -> 174850.13 | U7: =2874054.3*M7 -> 228741.36 | V7: =2874054.3*M8 -> 236519.69 | W7: =2874054.3*M9 -> 248632.16 | X7: =2874054.3*M10 -> 228184.56 | Y7: =2874054.3*M11 -> 263664.22 | Z7: =2874054.3*M12 -> 226252.75 | AA7: =2874054.3*M13 -> 224477.92 | AB7: =2874054.3*M14 -> 231785.66 | AC7: =2874054.3*M15 -> 236313.85 | AD7: =2874054.3*M16 -> 378039.86 | AE7: =SUM(S7:AD7) -> 2874054.3 | AF7: =AE7/$AE$20 -> 0.01222902
A8: Abril | B8: 7799663.9 | C8: =B8/B17 -> 0.082775693 | D8: =10080023.23 -> 10080023 | E8: =D8/D17 -> 0.086868078 | F8: =9810398.72 -> 9810398.7 | G8: =F8/F17 -> 0.079201836 | H8: =11782970.82 -> 11782971 | I8: =H8/H17 -> 0.076568156 | J8: 14357840 | K8: =J8/J17 -> 0.079177466 | L8: =((D8+F8+H8+J8)/2.38) -> 19340854 | M8: =L8/L17 -> 0.082294787 | N8: =(F8+H8+J8+L8)/3.15 -> 17553036 | O8: =(H8+J8+L8+N8)/3.15 -> 20011016 | Q8: 5 | R8: SMA | S8: =15453195.76*M5 -> 1057035.3 | T8: =15453195.76*M6 -> 940132.98 | U8: =15453195.76*M7 -> 1229895 | V8: =15453195.76*M8 -> 1271717.4 | W8: =15453195.76*M9 -> 1336843.7 | X8: =15453195.76*M10 -> 1226901.2 | Y8: =15453195.76*M11 -> 1417668 | Z8: =15453195.76*M12 -> 1216514.3 | AA8: =15453195.76*M13 -> 1206971.4 | AB8: =15453195.76*M14 -> 1246263.6 | AC8: =15453195.76*M15 -> 1270610.7 | AD8: =15453195.76*M16 -> 2032642.1 | AE8: =SUM(S8:AD8) -> 15453196 | AF8: =AE8/$AE$20 -> 0.06575291
A9: Maio | B9: =7664973.99 -> 7664974 | C9: =B9/B17 -> 0.081346265 | D9: =9454030.45 -> 9454030.4 | E9: =D9/D17 -> 0.081473369 | F9: =10655694.71 -> 10655695 | G9: =F9/F17 -> 0.086026124 | H9: 11989285 | I9: =H9/H17 -> 0.077908825 | J9: =16289542.18 -> 16289542 | K9: =J9/J17 -> 0.089829993 | L9: =((D9+F9+H9+J9)/2.38) -> 20331324 | M9: =L9/L17 -> 0.086509209 | N9: =(F9+H9+J9+L9)/3.15 -> 18814554 | O9: =((H9+J9+L9+N9)/3.15)-5409.33 -> 21399259 | Q9: 6 | R9: SMF | S9: =4949756.38*M5 -> 338575.09 | T9: =4949756.38*M6 -> 301130.54 | U9: =4949756.38*M7 -> 393943.15 | V9: =4949756.38*M8 -> 407339.14 | W9: =4949756.38*M9 -> 428199.51 | X9: =4949756.38*M10 -> 392984.22 | Y9: =4949756.38*M11 -> 454088.03 | Z9: =4949756.38*M12 -> 389657.22 | AA9: =4949756.38*M13 -> 386600.57 | AB9: =4949756.38*M14 -> 399186.11 | AC9: =4949756.38*M15 -> 406984.65 | AD9: =4949756.38*M16 -> 651068.14 | AE9: =SUM(S9:AD9) -> 4949756.4 | AF9: =AE9/$AE$20 -> 0.021061073
A10: Junho | B10: =7453635.72+55.15 -> 7453690.9 | C10: =B10/B17 -> 0.079103976 | D10: =8906802.9 -> 8906802.9 | E10: =D10/D17 -> 0.076757447 | F10: =8869527.04 -> 8869527 | G10: =F10/F17 -> 0.07160594 | H10: 11272675 | I10: =H10/H17 -> 0.07325215 | J10: =15360054.2 -> 15360054 | K10: =J10/J17 -> 0.084704257 | L10: =((D10+F10+H10+J10)/2.38) -> 18659269 | M10: =L10/L17 -> 0.079394659 | N10: =(F10+H10+J10+L10)/3.15 -> 17194135 | O10: =(H10+J10+L10+N10)/3.15 -> 19836868 | Q10: 7 | R10: SMTur | S10: =1888719.63*M5 -> 129192.91 | T10: =1888719.63*M6 -> 114904.88 | U10: =1888719.63*M7 -> 150320.16 | V10: =1888719.63*M8 -> 155431.78 | W10: =1888719.63*M9 -> 163391.64 | X10: =1888719.63*M10 -> 149954.25 | Y10: =1888719.63*M11 -> 173270.14 | Z10: =1888719.63*M12 -> 148684.74 | AA10: =1888719.63*M13 -> 147518.39 | AB10: =1888719.63*M14 -> 152320.76 | AC10: =1888719.63*M15 -> 155296.51 | AD10: =1888719.63*M16 -> 248433.48 | AE10: =SUM(S10:AD10) -> 1888719.6 | AF10: =AE10/$AE$20 -> 0.0080364485
A11: Julho | B11: 8077958 | C11: =B11/B17 -> 0.085729151 | D11: 9979327.4 | E11: =D11/D17 -> 0.086000296 | F11: =10817635.8 -> 10817636 | G11: =F11/F17 -> 0.087333516 | H11: =14253541.57 -> 14253542 | I11: =H11/H17 -> 0.09262243 | J11: =16263570.87 -> 16263571 | K11: =J11/J17 -> 0.089686772 | L11: =((D11+F11+H11+J11)/2.38) -> 21560536 | M11: =L11/L17 -> 0.09173947 | N11: =(F11+H11+J11+L11)/3.15 -> 19966757 | O11: =(H11+J11+L11+N11)/3.15 -> 22871240 | Q11: 8 | R11: SMTSUI | S11: =21839394.67*M5 -> 1493866.5 | T11: =21839394.67*M6 -> 1328653 | U11: =21839394.67*M7 -> 1738162.3 | V11: =21839394.67*M8 -> 1797268.3 | W11: =21839394.67*M9 -> 1889308.8 | X11: =21839394.67*M10 -> 1733931.3 | Y11: =21839394.67*M11 -> 2003534.5 | Z11: =21839394.67*M12 -> 1719251.8 | AA11: =21839394.67*M13 -> 1705765.2 | AB11: =21839394.67*M14 -> 1761295.4 | AC11: =21839394.67*M15 -> 1795704.2 | AD11: =21839394.67*M16 -> 2872653.3 | AE11: =SUM(S11:AD11) -> 21839395 | AF11: =AE11/$AE$20 -> 0.092926006
A12: Agosto | B12: 7400073.4 | C12: =B12/B17 -> 0.078534948 | D12: 8879675.8 | E12: =D12/D17 -> 0.076523669 | F12: =9516468.8 -> 9516468.8 | G12: =F12/F17 -> 0.076828865 | H12: =11797731.93 -> 11797732 | I12: =H12/H17 -> 0.076664076 | J12: =13839215.47 -> 13839215 | K12: =J12/J17 -> 0.076317469 | L12: =((D12+F12+H12+J12)/2.38) -> 18501299 | M12: =L12/L17 -> 0.078722504 | N12: =(F12+H12+J12+L12)/3.15 -> 17033243 | O12: =(H12+J12+L12+N12)/3.15 -> 19419520 | Q12: 9 | R12: SEDUC | S12: =63110336.7*M5 -> 4316896.9 | T12: =63110336.7*M6 -> 3839471.8 | U12: =63110336.7*M7 -> 5022850.2 | V12: =63110336.7*M8 -> 5193651.7 | W12: =63110336.7*M9 -> 5459625.3 | X12: =63110336.7*M10 -> 5010623.7 | Y12: =63110336.7*M11 -> 5789708.8 | Z12: =63110336.7*M12 -> 4968203.7 | AA12: =63110336.7*M13 -> 4929230.9 | AB12: =63110336.7*M14 -> 5089699 | AC12: =63110336.7*M15 -> 5189131.9 | AD12: =63110336.7*M16 -> 8301242.8 | AE12: =SUM(S12:AD12) -> 63110337 | AF12: =AE12/$AE$20 -> 0.26853269
A13: Setembro | B13: =6729771.56 -> 6729771.6 | C13: =B13/B17 -> 0.071421219 | D13: =8643003.18 -> 8643003.2 | E13: =D13/D17 -> 0.074484062 | F13: =10310037.68 -> 10310038 | G13: =F13/F17 -> 0.083235548 | H13: =10677554.69 -> 10677555 | I13: =H13/H17 -> 0.069384935 | J13: =14057080.83 -> 14057081 | K13: =J13/J17 -> 0.077518905 | L13: =((D13+F13+H13+J13)/2.38) -> 18356167 | M13: =L13/L17 -> 0.078104969 | N13: =(F13+H13+J13+L13)/3.15 -> 16952648 | O13: =(H13+J13+L13+N13)/3.15 -> 19061413 | Q13: 10 | R13: SMS | S13: =42269862.09*M5 -> 2891359 | T13: =42269862.09*M6 -> 2571590.5 | U13: =42269862.09*M7 -> 3364190.4 | V13: =42269862.09*M8 -> 3478589.3 | W13: =42269862.09*M9 -> 3656732.3 | X13: =42269862.09*M10 -> 3356001.3 | Y13: =42269862.09*M11 -> 3877814.7 | Z13: =42269862.09*M12 -> 3327589.4 | AA13: =42269862.09*M13 -> 3301486.3 | AB13: =42269862.09*M14 -> 3408964.1 | AC13: =42269862.09*M15 -> 3475562 | AD13: =42269862.09*M16 -> 5559982.8 | AE13: =SUM(S13:AD13) -> 42269862 | AF13: =AE13/$AE$20 -> 0.17985707
A14: Outubro | B14: =7115297.7 -> 7115297.7 | C14: =B14/B17 -> 0.075512702 | D14: =10001253.91 -> 10001254 | E14: =D14/D17 -> 0.086189256 | F14: 9354372.9 | G14: =F14/F17 -> 0.075520223 | H14: 13448878 | I14: =H14/H17 -> 0.087393558 | J14: =12305397.85 -> 12305398 | K14: =J14/J17 -> 0.067859108 | L14: =((D14+F14+H14+J14)/2.38) -> 18953740 | M14: =L14/L17 -> 0.080647628 | N14: =(F14+H14+J14+L14)/3.15 -> 17162663 | O14: =(H14+J14+L14+N14)/3.15 -> 19641485 | Q14: 11 | R14: SMAS | S14: =5894592.14*M5 -> 403204.1 | T14: =5894592.14*M6 -> 358611.94 | U14: =5894592.14*M7 -> 469141.11 | V14: =5894592.14*M8 -> 485094.2 | W14: =5894592.14*M9 -> 509936.5 | X14: =5894592.14*M10 -> 467999.14 | Y14: =5894592.14*M11 -> 540766.76 | Z14: =5894592.14*M12 -> 464037.05 | AA14: =5894592.14*M13 -> 460396.93 | AB14: =5894592.14*M14 -> 475384.88 | AC14: =5894592.14*M15 -> 484672.04 | AD14: =5894592.14*M16 -> 775347.48 | AE14: =SUM(S14:AD14) -> 5894592.1 | AF14: =AE14/$AE$20 -> 0.025081323
A15: Novembro | B15: 8267235.2 | C15: =B15/B17 -> 0.087737898 | D15: 7399552.2 | E15: =D15/D17 -> 0.063768194 | F15: =9067503.09 -> 9067503.1 | G15: =F15/F17 -> 0.073204251 | H15: 13400303 | I15: =H15/H17 -> 0.08707791 | J15: =16123815.58 -> 16123816 | K15: =J15/J17 -> 0.08891608 | L15: =((D15+F15+H15+J15)/2.38) -> 19324023 | M15: =L15/L17 -> 0.082223169 | N15: =(F15+H15+J15+L15)/3.15 -> 18385919 | O15: =(H15+J15+L15+N15)/3.15 -> 21344146 | Q15: 12 | R15: SMAIC | S15: =2703810.45*M5 -> 184947.06 | T15: =2703810.45*M6 -> 164492.93 | U15: =2703810.45*M7 -> 215191.93 | V15: =2703810.45*M8 -> 222509.5 | W15: =2703810.45*M9 -> 233904.5 | X15: =2703810.45*M10 -> 214668.11 | Y15: =2703810.45*M11 -> 248046.14 | Z15: =2703810.45*M12 -> 212850.73 | AA15: =2703810.45*M13 -> 211181.03 | AB15: =2703810.45*M14 -> 218055.9 | AC15: =2703810.45*M15 -> 222315.86 | AD15: =2703810.45*M16 -> 355646.76 | AE15: =SUM(S15:AD15) -> 2703810.5 | AF15: =AE15/$AE$20 -> 0.011504637
A16: Dezembro | B16: 11098810 | C16: =B16/B17 -> 0.11778863 | D16: =15020134.53 -> 15020135 | E16: =D16/D17 -> 0.12944119 | F16: 14606142 | G16: =F16/F17 -> 0.11791909 | H16: =20526658.64 -> 20526659 | I16: =H16/H17 -> 0.13338643 | J16: =21305511 -> 21305511 | K16: =J16/J17 -> 0.11749096 | L16: =((D16+F16+H16+J16)/2.38)+888783.84 -> 30913341 | M16: =L16/L17 -> 0.13153539 | N16: =(F16+H16+J16+L16)/3.15 -> 27730684 | O16: =(H16+J16+L16+N16)/3.15 -> 31897205 | Q16: 13 | R16: Encargos | S16: =3681020.2*M5 -> 251790.52 | T16: =3681020.2*M6 -> 223943.87 | U16: =3681020.2*M7 -> 292966.48 | V16: =3681020.2*M8 -> 302928.77 | W16: =3681020.2*M9 -> 318442.15 | X16: =3681020.2*M10 -> 292253.35 | Y16: =3681020.2*M11 -> 337694.84 | Z16: =3681020.2*M12 -> 289779.13 | AA16: =3681020.2*M13 -> 287505.97 | AB16: =3681020.2*M14 -> 296865.55 | AC16: =3681020.2*M15 -> 302665.14 | AD16: =3681020.2*M16 -> 484184.43 | AE16: =SUM(S16:AD16) -> 3681020.2 | AF16: =AE16/$AE$20 -> 0.015662637
A17: TOTAIS | B17: =SUM(B5:B16) -> 94226502 | C17: =B17/B17 -> 1 | D17: =SUM(D5:D16) -> 1.1603829e+08 | E17: =D17/D17 -> 1 | F17: =SUM(F5:F16) -> 1.238658e+08 | G17: =F17/F17 -> 1 | H17: =SUM(H5:H16) -> 1.5388866e+08 | I17: =H17/H17 -> 1 | J17: =SUM(J5:J16) -> 1.8133745e+08 | K17: =J17/J17 -> 1 | L17: =SUM(L5:L16) -> 2.3501919e+08 | M17: =L17/L17 -> 1 | N17: =SUM(N5:N16) -> 2.1999868e+08 | O17: =SUM(O5:O16) -> 2.508657e+08 | Q17: 14 | R17: Reserva | S17: =180557.04*M5 -> 12350.53 | T17: =180557.04*M6 -> 10984.629 | U17: =180557.04*M7 -> 14370.244 | V17: =180557.04*M8 -> 14858.903 | W17: =180557.04*M9 -> 15619.847 | X17: =180557.04*M10 -> 14335.265 | Y17: =180557.04*M11 -> 16564.207 | Z17: =180557.04*M12 -> 14213.902 | AA17: =180557.04*M13 -> 14102.402 | AB17: =180557.04*M14 -> 14561.497 | AC17: =180557.04*M15 -> 14845.972 | AD17: =180557.04*M16 -> 23749.641 | AE17: =SUM(S17:AD17) -> 180557.04 | AF17: =AE17/$AE$20 -> 0.00076826509
A18: % em relação ao ano anterior | D18: =(D17-B17)/B17 -> 0.23148253 | F18: =(F17-D17)/D17 -> 0.067456262 | H18: =(H17-F17)/F17 -> 0.24238216 | J18: =(J17-H17)/H17 -> 0.17836788 | L18: =(L17-J17)/J17 -> 0.29603227 | N18: =(N17-L17)/L17 -> -0.063911844 | O18: =(O17-N17)/N17 -> 0.14030546 | Q18: 15 | R18: FAPS | S18: =53822953.91*M5 -> 3681617.9 | T18: =53822953.91*M6 -> 3274451.1 | U18: =53822953.91*M7 -> 4283682.4 | V18: =53822953.91*M8 -> 4429348.5 | W18: =53822953.91*M9 -> 4656181.2 | X18: =53822953.91*M10 -> 4273255.1 | Y18: =53822953.91*M11 -> 4937689.3 | Z18: =53822953.91*M12 -> 4237077.7 | AA18: =53822953.91*M13 -> 4203840.1 | AB18: =53822953.91*M14 -> 4340693.6 | AC18: =53822953.91*M15 -> 4425493.8 | AD18: =53822953.91*M16 -> 7079623.3 | AE18: =SUM(S18:AD18) -> 53822954 | AF18: =AE18/$AE$20 -> 0.22901514
L19: =235019191.05-L17 -> -8.3982944e-05 | Q19: 16 | R19: FASM | S19: =4892448.28*M5 -> 334655.08 | T19: =4892448.28*M6 -> 297644.06 | U19: =4892448.28*M7 -> 389382.09 | V19: =4892448.28*M8 -> 402622.99 | W19: =4892448.28*M9 -> 423241.83 | X19: =4892448.28*M10 -> 388434.26 | Y19: =4892448.28*M11 -> 448830.61 | Z19: =4892448.28*M12 -> 385145.78 | AA19: =4892448.28*M13 -> 382124.52 | AB19: =4892448.28*M14 -> 394564.35 | AC19: =4892448.28*M15 -> 402272.6 | AD19: =4892448.28*M16 -> 643530.1 | AE19: =SUM(S19:AD19) -> 4892448.3 | AF19: =AE19/$AE$20 -> 0.020817229
A20: Cronograma | B20: DESPESA CONSOLIDA LIQUIDADA | L20: PREVISTO | N20: REESTIMADA | Q20: = | R20: TOTAL | S20: =SUM(S4:S19) -> 16159624 | T20: =SUM(T4:T19) -> 14424155 | U20: =SUM(U4:U19) -> 18725806 | V20: =SUM(V4:V19) -> 19346680 | W20: =SUM(W4:W19) -> 20313510 | X20: =SUM(X4:X19) -> 18681362 | Y20: =SUM(Y4:Y19) -> 21513383 | Z20: =SUM(Z4:Z19) -> 18527163 | ... AF20: =SUM(AF4:AF19) -> 1
A21: MESES | B21: =B4 -> 2018 | C21: % | D21: =D4 -> 2019 | F21: =F4 -> 2020 | G21: % | H21: =H4 -> 2021 | I21: % | J21: =J4 -> 2022 | K21: % | L21: =L4 -> 2023 | M21: % | N21: =N4 -> 2024 | O21: =O4 -> 2025 | R21: % ao mês | S21: =S20/$AE$20 -> 0.068758743 | T21: =T20/$AE$20 -> 0.061374372 | U21: =U20/$AE$20 -> 0.079677775 | V21: =V20/$AE$20 -> 0.082319574 | W21: =W20/$AE$20 -> 0.086433408 | X21: =X20/$AE$20 -> 0.079488667 | Y21: =Y20/$AE$20 -> 0.091538835 | Z21: =Z20/$AE$20 -> 0.078832554 | ... AE21: =AE20/$AE$20 -> 1 | AF21: =AE20-235019191.05 -> 0
A22: Janeiro | B22: 7670864.2 | C22: =B22/B34 -> 0.072802734 | D22: 7979821.7 | E22: =D22/D34 -> 0.068577943 | F22: =7671797.23 -> 7671797.2 | G22: =F22/F34 -> 0.062068219 | H22: 9502229.8 | I22: =H22/H34 -> 0.068250821 | J22: =21974771.81-J23 -> 10042746 | K22: =J22/J34 -> 0.055878271 | L22: =12473185.97 -> 12473186 | M22: =L22/L34 -> 0.053073053 | N22: =(F22+H22+J22+L22)/3.2 -> 12403112 | O22: =(H22+J22+L22+N22)/3.3 -> 13460992 | Q22: Total por Bimestre | S22: 1º Bimestre | T22: =S20+T20 -> 30583779 | U22: 2º Bimestre | V22: =U20+V20 -> 38072486 | W22: 3º Bimestre | X22: =W20+X20 -> 38994872 | Y22: 4º Bimestre | Z22: =Y20+Z20 -> 40040546 | AA22: 5º Bimestre | AB22: =AA20+AB20 -> 37354300 | AC22: 6º Bimestre | AD22: =AC20+AD20 -> 49973208 | AE22: =SUM(S22:AD22) -> 2.3501919e+08
A23: Fevereiro | B23: =7361356.62+32710.31 -> 7394066.9 | C23: =B23/B34 -> 0.070175703 | D23: 7902084.6 | E23: =D23/D34 -> 0.067909876 | F23: =8682002.48 -> 8682002.5 | G23: =F23/F34 -> 0.070241224 | H23: 9870035.5 | I23: =H23/H34 -> 0.070892626 | J23: =11932025.47 -> 11932025 | K23: =J23/J34 -> 0.066390301 | L23: =14380209.56 -> 14380210 | M23: =L23/L34 -> 0.061187384 | N23: =(F23+H23+J23+L23)/3 -> 14954758 | O23: =(H23+J23+L23+N23)/3.3 -> 15496069 | Q23: Seq. | R23: ÓRGÃOS | S23: JANEIRO | T23: FEVEREIRO | U23: MARÇO | V23: ABRIL | W23: MAIO | X23: JUNHO | Y23: JULHO | Z23: AGOSTO | AA23: SETEMBRO | AB23: OUTUBRO | AC23: NOVEMBRO | AD23: DEZEMBRO | AE23: TOTAL
A24: Março | B24: 8190765.8 | C24: =B24/B34 -> 0.077737022 | D24: =9215305.68 -> 9215305.7 | E24: =D24/D34 -> 0.079195592 | F24: 9514390.6 | G24: =F24/F34 -> 0.076975611 | H24: 11697779 | I24: =H24/H34 -> 0.084020596 | J24: 12995713 | K24: =J24/J34 -> 0.072308705 | L24: =((D24+F24+H24+J24)/2.34) -> 18556918 | M24: =L24/L34 -> 0.078959161 | N24: =(F24+H24+J24+L24)/3 -> 17588267 | O24: =(H24+J24+L24+N24)/3.3 -> 18435963 | Q24: 1 | R24: Câmara | S24: =380181.05 -> 380181.05 | T24: =407362.01 -> 407362.01 | U24: =405709.43 -> 405709.43 | V24: =394927.16 -> 394927.16 | W24: 415481.05 | X24: =407349.63 -> 407349.63 | AE24: =SUM(S24:AD24) -> 2411010.3 | AF24: =AE24/$AE$40 -> 0.026518741
A25: Abril | B25: 7513399.3 | C25: =B25/B34 -> 0.071308264 | D25: 9663995.9 | E25: =D25/D34 -> 0.083051599 | F25: =10634576.05 -> 10634576 | G25: =F25/F34 -> 0.086038405 | H25: =9795349.04 -> 9795349 | I25: =H25/H34 -> 0.070356183 | J25: 13061737 | K25: =J25/J34 -> 0.072676064 | L25: =((D25+F25+H25+J25)/2.34) -> 18442589 | M25: =L25/L34 -> 0.078472693 | N25: =(F25+H25+J25+L25)/3 -> 17311417 | O25: =(H25+J25+L25+N25)/3.3 -> 17760937 | Q25: 2 | R25: Gabinete | S25: =300511.31 -> 300511.31 | T25: 229673.64 | U25: =252216.61 -> 252216.61 | V25: =367877.5 -> 367877.5 | W25: =204196.1 -> 204196.1 | X25: =176371.38 -> 176371.38 | AE25: =SUM(S25:AD25) -> 1530846.5 | AF25: =AE25/$AE$40 -> 0.016837805
A26: Maio | B26: 8332242.9 | C26: =B26/B34 -> 0.079079755 | D26: =9721771.29 -> 9721771.3 | E26: =D26/D34 -> 0.083548116 | F26: =8693274.76 -> 8693274.8 | G26: =F26/F34 -> 0.070332422 | H26: 11144329 | I26: =H26/H34 -> 0.080045384 | J26: =14078822.64 -> 14078823 | K26: =J26/J34 -> 0.078335172 | L26: =((D26+F26+H26+J26)/2.34) -> 18648803 | M26: =L26/L34 -> 0.079350127 | N26: =(F26+H26+J26+L26)/3 -> 17521743 | O26: =(H26+J26+L26+N26)/3.3 -> 18604151 | Q26: 3 | R26: SGM | S26: =54531.16 -> 54531.16 | T26: =63180.25 -> 63180.25 | U26: =83340.97 -> 83340.97 | V26: =70157.45 -> 70157.45 | W26: =72666.56 -> 72666.56 | X26: =58351.64 -> 58351.64 | AE26: =SUM(S26:AD26) -> 402228.03 | AF26: =AE26/$AE$40 -> 0.0044241125
A27: Junho | B27: 9391234.3 | C27: =B27/B34 -> 0.089130444 | D27: 9467661 | E27: =D27/D34 -> 0.081364313 | F27: =10697988.26 -> 10697988 | G27: =F27/F34 -> 0.086551437 | H27: 10512021 | I27: =H27/H34 -> 0.075503761 | J27: =17263926.67 -> 17263927 | K27: =J27/J34 -> 0.096057228 | L27: =((D27+F27+H27+J27)/2.34) -> 20487862 | M27: =L27/L34 -> 0.087175273 | N27: =(F27+H27+J27+L27)/3 -> 19653933 | O27: =(H27+J27+L27+N27)/3.3 -> 20581134 | Q27: 4 | R27: SMCP | S27: =179704.15 -> 179704.15 | T27: =186728.17 -> 186728.17 | U27: =190483.16 -> 190483.16 | V27: =206115.21 -> 206115.21 | W27: =466686.19 -> 466686.19 | X27: =207274.35 -> 207274.35 | AE27: =SUM(S27:AD27) -> 1436991.2 | AF27: =AE27/$AE$40 -> 0.015805489
A28: Julho | B28: =8712975.37 -> 8712975.4 | C28: =B28/B34 -> 0.082693216 | D28: 8718239.6 | E28: =D28/D34 -> 0.074923846 | F28: 9134532 | G28: =F28/F34 -> 0.073902387 | H28: =11281097.36 -> 11281097 | I28: =H28/H34 -> 0.081027735 | J28: 14170674 | K28: =J28/J34 -> 0.07884624 | L28: =((D28+F28+H28+J28)/2.34) -> 18506215 | M28: =L28/L34 -> 0.078743421 | N28: =(F28+H28+J28+L28)/3 -> 17697506 | O28: =(H28+J28+L28+N28)/3.3 -> 18683483 | Q28: 5 | R28: SMA | S28: =1110178.27 -> 1110178.3 | T28: =1231108.2 -> 1231108.2 | U28: =1252851.03 -> 1252851 | V28: =1263128.35 -> 1263128.4 | W28: =1251133.28 -> 1251133.3 | X28: =1249517.24 -> 1249517.2 | AE28: =SUM(S28:AD28) -> 7357916.4 | AF28: =AE28/$AE$40 -> 0.080929839
A29: Agosto | B29: =8881833.91 -> 8881833.9 | C29: =B29/B34 -> 0.08429582 | D29: 9251295.1 | E29: =D29/D34 -> 0.079504882 | F29: =9036456.79 -> 9036456.8 | G29: =F29/F34 -> 0.073108916 | H29: 11242672 | I29: =H29/H34 -> 0.080751739 | J29: =13856574.9 -> 13856575 | K29: =J29/J34 -> 0.077098576 | L29: =((D29+F29+H29+J29)/2.34) -> 18541452 | M29: =L29/L34 -> 0.078893355 | N29: =(F29+H29+J29+L29)/3 -> 17559052 | O29: =(H29+J29+L29+N29)/3.3 -> 18545379 | Q29: 6 | R29: SMF | S29: =308458.48 -> 308458.48 | T29: =309404.82 -> 309404.82 | U29: =309406.06 -> 309406.06 | V29: =348009.02 -> 348009.02 | W29: =325445.15 -> 325445.15 | X29: =316913.05 -> 316913.05 | AE29: =SUM(S29:AD29) -> 1917636.6 | AF29: =AE29/$AE$40 -> 0.021092115
A30: Setembro | B30: 8405663.2 | C30: =B30/B34 -> 0.079776574 | D30: =9019781.08 -> 9019781.1 | E30: =D30/D34 -> 0.077515269 | F30: =10105595.49 -> 10105595 | G30: =F30/F34 -> 0.081758719 | H30: =10938610.35 -> 10938610 | I30: =H30/H34 -> 0.078567784 | J30: =14300806.17 -> 14300806 | K30: =J30/J34 -> 0.079570298 | L30: =((D30+F30+H30+J30)/2.34) -> 18959313 | M30: =L30/L34 -> 0.080671341 | N30: =(F30+H30+J30+L30)/3 -> 18101442 | O30: =(H30+J30+L30+N30)/3.3 -> 18878840 | Q30: 7 | R30: SMTur | S30: =57615.15 -> 57615.15 | T30: =278014.38 -> 278014.38 | U30: 116551.82 | V30: =90300.2 -> 90300.2 | W30: =83636.01 -> 83636.01 | X30: =96845.27 -> 96845.27 | AE30: =SUM(S30:AD30) -> 722962.83 | AF30: =AE30/$AE$40 -> 0.0079518796
A31: Outubro | B31: 8594186.1 | C31: =B31/B34 -> 0.081565809 | D31: =9257306.49 -> 9257306.5 | E31: =D31/D34 -> 0.079556543 | F31: 9996580.7 | G31: =F31/F34 -> 0.080876741 | H31: 11341397 | I31: =H31/H34 -> 0.081460845 | J31: =16297895.01 -> 16297895 | K31: =J31/J34 -> 0.090682186 | L31: =((D31+F31+H31+J31)/2.34) -> 20039820 | M31: =L31/L34 -> 0.085268867 | N31: =(F31+H31+J31+L31)/3 -> 19225231 | O31: =(H31+J31+L31+N31)/3.3 -> 20274043 | Q31: 8 | R31: SMTSUI | S31: =656228.47 -> 656228.47 | T31: =1006098.44 -> 1006098.4 | U31: 923689.09 | V31: =1159158.98 -> 1159159 | W31: =1344273.15 -> 1344273.1 | X31: =1414412.05 -> 1414412.1 | AE31: =SUM(S31:AD31) -> 6503860.2 | AF31: =AE31/$AE$40 -> 0.071536061
A32: Novembro | B32: 8884947.5 | C32: =B32/B34 -> 0.084325371 | D32: 9510627.3 | E32: =D32/D34 -> 0.081733562 | F32: =10537885.72 -> 10537886 | G32: =F32/F34 -> 0.085256137 | H32: 11405835 | I32: =H32/H34 -> 0.08192368 | J32: 14491952 | K32: =J32/J34 -> 0.080633844 | L32: =((D32+F32+H32+J32)/2.34) -> 19635171 | M32: =L32/L34 -> 0.083547098 | N32: =(F32+H32+J32+L32)/3 -> 18690282 | O32: =(H32+J32+L32+N32)/3.3 -> 19461588 | Q32: 9 | R32: SEDUC | S32: =4202741.77 -> 4202741.8 | T32: =3967290.86 -> 3967290.9 | U32: =5270665.89 -> 5270665.9 | V32: 5200910.9 | W32: =4674953.41 -> 4674953.4 | X32: =4713829.83 -> 4713829.8 | AE32: =SUM(S32:AD32) -> 28030393 | AF32: =AE32/$AE$40 -> 0.30830673
A33: Dezembro | B33: 13392877 | C33: =B33/B34 -> 0.12710929 | D33: =15787827.89+865628.68 -> 16653457 | E33: =D33/D34 -> 0.14311846 | F33: 18897584 | G33: =F33/F34 -> 0.15288978 | H33: =20493779.25 -> 20493779 | I33: =H33/H34 -> 0.14719885 | J33: =27232557.22 -> 27232557 | K33: =J33/J34 -> 0.15152311 | L33: =((D33+F33+H33+J33)/2.34)+759028.73 -> 36347652 | M33: =L33/L34 -> 0.15465823 | N33: =(F33+H33+J33+L33)/3 -> 34323857 | O33: =(H33+J33+L33+N33)/3.3 -> 35878135 | Q33: 10 | R33: SMSMA | S33: =1874551.38 -> 1874551.4 | T33: =2670563.3 -> 2670563.3 | U33: =3037182.98 -> 3037183 | V33: =3021847.14 -> 3021847.1 | W33: =2968040.86 -> 2968040.9 | X33: =2971874.79 -> 2971874.8 | AE33: =SUM(S33:AD33) -> 16544060 | AF33: =AE33/$AE$40 -> 0.18196838
A34: TOTAIS | B34: =SUM(B22:B33) -> 1.0536506e+08 | C34: =B34/B34 -> 1 | D34: =SUM(D22:D33) -> 1.1636135e+08 | E34: =D34/D34 -> 1 | F34: =SUM(F22:F33) -> 1.2360266e+08 | G34: =F34/F34 -> 1 | H34: =SUM(H22:H33) -> 1.3922514e+08 | I34: =H34/H34 -> 1 | J34: =SUM(J22:J33) -> 1.7972543e+08 | K34: =J34/J34 -> 1 | L34: =SUM(L22:L33) -> 2.3501919e+08 | M34: =L34/L34 -> 1 | N34: =SUM(N22:N33) -> 2.250306e+08 | O34: =SUM(O22:O33) -> 2.3606071e+08 | Q34: 11 | R34: SMAS | S34: =291612.3 -> 291612.3 | T34: =378287.34 -> 378287.34 | U34: =399755.35 -> 399755.35 | V34: =344490.15 -> 344490.15 | W34: =370876.25 -> 370876.25 | X34: =358437.5 -> 358437.5 | AE34: =SUM(S34:AD34) -> 2143458.9 | AF34: =AE34/$AE$40 -> 0.023575938
A35: % em relação ao ano anterior | D35: 0.060015321 | F35: 0.20274498 | H35: 0.15953984 | J35: 0.061875221 | L35: 0.11385731 | N35: 0.085121633 | O35: 0.069107984 | Q35: 12 | R35: SMAIC | S35: =112059.09 -> 112059.09 | T35: =181842.9 -> 181842.9 | U35: =249124.49 -> 249124.49 | V35: =202698.8 -> 202698.8 | W35: =539646.76 -> 539646.76 | X35: =218939.35 -> 218939.35 | AE35: =SUM(S35:AD35) -> 1504311.4 | AF35: =AE35/$AE$40 -> 0.016545945
A36: Superávit | B36: =B17-B34 -> -11138555 | D36: =D17-D34 -> -323055.85 | F36: =F17-F34 -> 263135.53 | H36: =H17-H34 -> 14663524 | J36: =J17-J34 -> 1612022.1 | L36: =L17-L34 -> -0.0047878027 | N36: =N17-N34 -> -5031918.6 | O36: =O17-O34 -> 14804983 | Q36: 13 | R36: Encargos | S36: =215523.02 -> 215523.02 | T36: =226122.38 -> 226122.38 | U36: =156616.43 -> 156616.43 | V36: =179153.37 -> 179153.37 | W36: =197851.3 -> 197851.3 | X36: =179479.14 -> 179479.14 | AE36: =SUM(S36:AD36) -> 1154745.6 | AF36: =AE36/$AE$40 -> 0.012701066
Q37: 14 | R37: Reserva | AE37: =SUM(S37:AD37) -> 0 | AF37: =AE37/$AE$40 -> 0
Q38: 15 | R38: FAPS | S38: 2499458.2 | T38: =2629594.52 -> 2629594.5 | U38: =2694036.31 -> 2694036.3 | V38: =2712941.39 -> 2712941.4 | W38: =2714024.01 -> 2714024 | X38: =4080662.95 -> 4080663 | AE38: =SUM(S38:AD38) -> 17330717 | AF38: =AE38/$AE$40 -> 0.19062084
B39: Cronograma | C39: A Vertic | D39: RECEITA/2023 | F39: DIFERENÇA | H39: DESPESA/2023 | I39: A Vertic | J39: DIFERENÇA | L39: SUPERÁVIT/DÉFICIT | Q39: 16 | R39: FASM | S39: =229832.16 -> 229832.16 | T39: =614938.35 -> 614938.35 | U39: =211362.23 -> 211362.23 | V39: 199675.07 | W39: =392691.81 -> 392691.81 | X39: =277586.95 -> 277586.95 | AE39: =SUM(S39:AD39) -> 1926086.6 | AF39: =AE39/$AE$40 -> 0.021185057
B40: MESES | C40: % | D40: REALIZADA | F40: RECEITA | H40: EXECUTADA | I40: % | J40: DESPESA | L40: AO MÊS | Q40: = | R40: TOTAL | S40: =SUM(S24:S39) -> 12473186 | T40: =SUM(T24:T39) -> 14380210 | U40: =SUM(U24:U39) -> 15552992 | V40: =SUM(V24:V39) -> 15761391 | W40: =SUM(W24:W39) -> 16021602 | X40: =SUM(X24:X39) -> 16727845 | Y40: =SUM(Y24:Y39) -> 0 | Z40: =SUM(Z24:Z39) -> 0 | ... AE40: =SUM(AE24:AE39) -> 90917225 | AF40: =AE40/$AE$40 -> 1
B41: Janeiro | C41: =D41/$D$53 -> 0.17549066 | D41: =16075870.88 -> 16075871 | F41: =D41-L5 -> 0 | H41: =12473185.97 -> 12473186 | I41: =H41/$H$53 -> 0.13719277 | J41: =H41-L22 -> 0 | L41: =D41-H41 -> 3602684.9 | S41: =S40-$H41 -> 0 | T41: =T40-H42 -> 0 | U41: =U40-$H43 -> 0 | V41: =V40-$H44 -> 0 | W41: =W40-$H45 -> 0 | X41: =X40-$H46 -> 0 | Y41: =Y40-$H47 -> 0 | Z41: =Z40-$H48 -> 0 | AA41: =AA40-$H49 -> 0 | AB41: =AB40-$H50 -> 0 | AC41: =AC40-$H51 -> 0 | AD41: =AD40-$H52 -> 0 | AE41: =AE40-$H53 -> 0
B42: Fevereiro | C42: =D42/$D$53 -> 0.15608236 | D42: 14297968 | F42: =D42-L6 -> 0 | H42: 14380210 | I42: =H42/$H$53 -> 0.15816815 | J42: =H42-L23 -> 0 | L42: =D42-H42 -> -82241.94 | S42: CRONOGRAMA DA DESPESA POR CATEGORIA | W42: EXERCÍCIO DE 2023
B43: Março | C43: =D43/$D$53 -> 0.16800079 | D43: 15389759 | F43: =D43-L7 -> -3315040.3 | H43: =15552991.85 -> 15552992 | I43: =H43/$H$53 -> 0.1710676 | J43: =H43-L24 -> -3003926.2 | L43: =D43-H43 -> -163232.63 | S43: Janeiro | T43: Fevereiro | U43: Março | V43: Abril | W43: Maio | X43: Junho | Y43: Julho | Z43: Agosto | AA43: Setembro | AB43: Outubro | AC43: Novembro | AD43: Dezembro | AE43: TOTAL
B44: Abril | C44: =D44/$D$53 -> 0.16097423 | D44: =14746089.13 -> 14746089 | F44: =D44-L8 -> -4594765 | H44: 15761391 | I44: =H44/$H$53 -> 0.17335979 | J44: =H44-L25 -> -2681198.2 | L44: =D44-H44 -> -1015301.6 | P44: 3. | Q44: DESPESA CORRENTE | S44: =SUM(S45:S47) -> 14355430 | T44: =SUM(T45:T47) -> 12813723 | U44: =SUM(U45:U47) -> 16635102 | V44: =SUM(V45:V47) -> 17186656 | W44: =SUM(W45:W47) -> 18045542 | X44: =SUM(X45:X47) -> 16595620 | Y44: =SUM(Y45:Y47) -> 19111451 | Z44: =SUM(Z45:Z47) -> 16458637 | ... AE44: =SUM(AE45:AE47) -> 2.0877971e+08
B45: Maio | C45: =D45/$D$53 -> 0.18250745 | D45: 16718646 | F45: =D45-L9 -> -3612678.3 | H45: =16021601.89 -> 16021602 | I45: =H45/$H$53 -> 0.17622185 | J45: =H45-L26 -> -2627200.7 | L45: =D45-H45 -> 697044.15 | P45: 3.1. | Q45: Vencimento e Encargos | S45: =151093244.05*S21 -> 10388982 | T45: =151093244.05*T21 -> 9273253 | U45: =151093244.05*U21 -> 12038774 | V45: =151093244.05*V21 -> 12437932 | W45: =151093244.05*W21 -> 13059504 | X45: =151093244.05*X21 -> 12010200 | Y45: =151093244.05*Y21 -> 13830899 | Z45: =151093244.05*Z21 -> 11911066 | ... AD45: =151093244.05*AD21 -> 19700280 | AE45: =SUM(S45:AD45) -> 1.5109324e+08 | AF45: =151093244.05-AE45 -> 0
B46: Junho | C46: =D46/$D$53 -> 0.15694451 | D46: 14376945 | F46: =D46-L10 -> -4282323.4 | H46: =16727845.12 -> 16727845 | I46: =H46/$H$53 -> 0.18398983 | J46: =H46-L27 -> -3760016.9 | L46: =D46-H46 -> -2350899.9 | P46: 3.2. | Q46: Juros e Encargo Dív. | S46: =606451*S21 -> 41698.808 | T46: =606451*T21 -> 37220.549 | U46: =606451*U21 -> 48320.666 | V46: =606451*V21 -> 49922.788 | W46: =606451*W21 -> 52417.627 | X46: =606451*X21 -> 48205.981 | Y46: =606451*Y21 -> 55513.818 | Z46: =606451*Z21 -> 47808.081 | ... AD46: =606451*AD21 -> 79072.064 | AE46: =SUM(S46:AD46) -> 606451 | AF46: =AE46-606451 -> 0
B47: Julho | C47: =D47/$D$53 -> 0 | F47: =D47-L11 -> -21560536 | I47: =H47/$H$53 -> 0 | J47: =H47-L28 -> -18506215 | L47: =D47-H47 -> 0 | P47: 3.3. | Q47: Outras Desp. Corrente | S47: =57080010.61*S21 -> 3924749.8 | T47: =57080010.61*T21 -> 3503249.8 | U47: =57080010.61*U21 -> 4548008.3 | V47: =57080010.61*V21 -> 4698802.2 | W47: =57080010.61*W21 -> 4933619.9 | X47: =57080010.61*X21 -> 4537213.9 | Y47: =57080010.61*Y21 -> 5225037.7 | Z47: =57080010.61*Z21 -> 4499763 | ... AD47: =57080010.61*AD21 -> 7442372.5 | AE47: =SUM(S47:AD47) -> 57080011 | AF47: =57080010.61-AE47 -> 0
B48: Agosto | C48: =D48/$D$53 -> 0 | F48: =D48-L12 -> -18501299 | I48: =H48/$H$53 -> 0 | J48: =H48-L29 -> -18541452 | L48: =D48-H48 -> 0 | P48: 4. | Q48: DESPESA DE CAPITAL | S48: =SUM(S49:S51) -> 640572.88 | T48: =SUM(T49:T51) -> 571778.32 | U48: =SUM(U49:U51) -> 742297.19 | V48: =SUM(V49:V51) -> 766908.82 | W48: =SUM(W49:W51) -> 805234.28 | X48: =SUM(X49:X51) -> 740535.41 | Y48: =SUM(Y49:Y51) -> 852797.65 | Z48: =SUM(Z49:Z51) -> 734422.9 | ... AE48: =SUM(AE49:AE51) -> 9316238.9
B49: Setembro | C49: =D49/$D$53 -> 0 | F49: =D49-L13 -> -18356167 | I49: =H49/$H$53 -> 0 | J49: =H49-L30 -> -18959313 | L49: =D49-H49 -> 0 | P49: 4.4. | Q49: Investimentos | S49: =9315073.92*S21 -> 640492.77 | T49: =9315073.92*T21 -> 571706.81 | U49: =9315073.92*U21 -> 742204.37 | V49: =9315073.92*V21 -> 766812.92 | W49: =9315073.92*W21 -> 805133.59 | X49: =9315073.92*X21 -> 740442.8 | Y49: =9315073.92*Y21 -> 852691.01 | Z49: =9315073.92*Z21 -> 734331.06 | ... AD49: =9315073.92*AD21 -> 1214545.2 | AE49: =SUM(S49:AD49) -> 9315073.9 | AF49: =9315073.92-AE49 -> 0
B50: Outubro | C50: =D50/$D$53 -> 0 | F50: =D50-L14 -> -18953740 | I50: =H50/$H$53 -> 0 | J50: =H50-L31 -> -20039820 | L50: =D50-H50 -> 0 | P50: 4.5. | Q50: Inversões Financeira | S50: =252*S21 -> 17.327203 | T50: =252*T21 -> 15.466342 | U50: =252*U21 -> 20.078799 | V50: =252*V21 -> 20.744533 | W50: =252*W21 -> 21.781219 | X50: =252*X21 -> 20.031144 | Y50: =252*Y21 -> 23.067786 | Z50: =252*Z21 -> 19.865804 | ... AD50: =252*AD21 -> 32.857 | AE50: =SUM(S50:AD50) -> 252 | AF50: =252-AE50 -> 0
B51: Novembro | C51: =D51/$D$53 -> 0 | F51: =D51-L15 -> -19324023 | I51: =H51/$H$53 -> 0 | J51: =H51-L32 -> -19635171 | L51: =D51-H51 -> 0 | P51: 4.6. | Q51: Amortização da Dívida | S51: =913*S21 -> 62.776732 | T51: =913*T21 -> 56.034802 | U51: =913*U21 -> 72.745809 | V51: =913*V21 -> 75.157771 | W51: =913*W21 -> 78.913702 | X51: =913*X21 -> 72.573153 | Y51: =913*Y21 -> 83.574956 | Z51: =913*Z21 -> 71.974121 | ... AD51: =913*AD21 -> 119.04143 | AE51: =SUM(S51:AD51) -> 913 | AF51: =913-AE51 -> 0
B52: Dezembro | C52: =D52/$D$53 -> 0 | F52: =D52-L16 -> -30913341 | I52: =H52/$H$53 -> 0 | J52: =H52-L33 -> -36347652 | L52: =D52-H52 -> 0 | P52: TOTAL DA DESPESA FIXADA | S52: =S44+S48 -> 14996003 | T52: =T44+T48 -> 13385502 | U52: =U44+U48 -> 17377400 | V52: =V44+V48 -> 17953565 | W52: =W44+W48 -> 18850776 | X52: =X44+X48 -> 17336156 | Y52: =Y44+Y48 -> 19964249 | Z52: =Z44+Z48 -> 17193060 | ... AE52: =AE44+AE48 -> 2.1809594e+08
B53: TOTAIS | C53: =SUM(C41:C52) -> 1 | D53: =SUM(D41:D52) -> 91605278 | F53: =SUM(F41:F52) -> -1.4341391e+08 | G53: =(H53-H34)/H34 -> -0.34697693 | H53: =SUM(H41:H52) -> 90917225 | I53: =SUM(I41:I52) -> 1 | J53: =SUM(J41:J52) -> -1.4410197e+08 | L53: =SUM(L41:L52) -> 688053 | P53: 9.9. | Q53: Reserva de Contigência | S53: =S20-S52 -> 1163621.2 | T53: =T20-T52 -> 1038653.6 | U53: =U20-U52 -> 1348406.6 | V53: =V20-V52 -> 1393114.4 | W53: =W20-W52 -> 1462733.9 | X53: =X20-X52 -> 1345206.3 | Y53: =Y20-Y52 -> 1549134.3 | Z53: =Z20-Z52 -> 1334102.7 | ... AD53: =AD20-AD52 -> 2206536.1 | AE53: =SUM(S53:AD53) -> 16923246 | AF53: =16923246.47-AE53 -> 0
D54: =91605278.08-D53 -> 0 | H54: =90917225.08-H53 -> 0 | P54: TOTAL GERAL PREVISTO | S54: =S52+S53 -> 16159624 | T54: =T52+T53 -> 14424155 | U54: =U52+U53 -> 18725806 | V54: =V52+V53 -> 19346680 | W54: =W52+W53 -> 20313510 | X54: =X52+X53 -> 18681362 | Y54: =Y52+Y53 -> 21513383 | Z54: =Z52+Z53 -> 18527163 | ... AD54: =AD52+AD53 -> 30642958 | AE54: =SUM(S54:AD54) -> 2.3501919e+08 | AF54: =235019191.05-AE54 -> 0
H55: SUPERÁVIT/DÉFICIT | I55: +/- | J55: =D53-H53 -> 688053 | K55: SOBRE A DESPESA LIQUIDADA.
P56: 3. | Q56: DESPESA CORRENTE | S56: =SUM(S57:S59) -> 12394463 | T56: =SUM(T57:T59) -> 14376971 | U56: =SUM(U57:U59) -> 0 | V56: =SUM(V57:V59) -> 0 | W56: =SUM(W57:W59) -> 0 | X56: =SUM(X57:X59) -> 0 | Y56: =SUM(Y57:Y59) -> 0 | Z56: =SUM(Z57:Z59) -> 0 | ... AE56: =SUM(AE57:AE59) -> 26771433 | AF56: =AE56/$AE$64 -> 0.99694778
I57: Restos a Pagar Processados de Exercícios Anteriores Pagos: | J57: =Exec_Orç!G28 -> 7808134.9 | K57: a Pagar: | L57: =Exec_Orç!G27 -> 16817873 | P57: 3.1. | Q57: Vencimento e Encargos | S57: 10976713 | T57: 11379770 | AE57: =SUM(S57:AD57) -> 22356483 | AF57: =AE57/$AE$64 -> 0.83253839
I58: Restos a Pagar Não Processados de Exercícios Anteriores Pagos: | J58: =Exec_Orç!H23 -> 2897110 | K58: Cancelados: | L58: =Exec_Orç!J19 -> 217026.66 | P58: 3.2. | Q58: Juros e Encargo Dív. | S58: =104571.56 -> 104571.56 | AE58: =SUM(S58:AD58) -> 104571.56 | AF58: =AE58/$AE$64 -> 0.0038941653
I59: Totais: | J59: =SUM(J57:J58) -> 10705245 | L59: =SUM(L57:L58) -> 17034899 | P59: 3.3. | Q59: Outras Desp. Corrente | S59: =1313178.1 -> 1313178.1 | T59: 2997200.9 | AE59: =SUM(S59:AD59) -> 4310379 | AF59: =AE59/$AE$64 -> 0.16051523
P60: 4. | Q60: DESPESA DE CAPITAL | S60: =SUM(S61:S63) -> 78723.35 | T60: =SUM(T61:T63) -> 3239 | U60: =SUM(U61:U63) -> 0 | V60: =SUM(V61:V63) -> 0 | W60: =SUM(W61:W63) -> 0 | X60: =SUM(X61:X63) -> 0 | Y60: =SUM(Y61:Y63) -> 0 | Z60: =SUM(Z61:Z63) -> 0 | ... AE60: =SUM(AE61:AE63) -> 81962.35 | AF60: =AE60/$AE$64 -> 0.0030522155
P61: 4.4. | Q61: Investimentos | S61: =78723.35 -> 78723.35 | T61: 3239 | AE61: =SUM(S61:AD61) -> 81962.35 | AF61: =AE61/$AE$64 -> 0.0030522155
P62: 4.5. | Q62: Inversões Financeiras | AE62: =SUM(S62:AD62) -> 0 | AF62: =AE62/$AE$64 -> 0
B63: Giovani Amestoy da Silva | E63: Ihoko Nakashima Mota | I63: Arlei Lopes Souza | P63: 4.6. | Q63: Amortização da Dívida | AE63: =SUM(S63:AD63) -> 0 | AF63: =AE63/$AE$64 -> 0
B64: Prefeito Municipal | E64: Secret. de Município da Fazenda | I64: Contador - CRC/RS: 068452/O-6 | P64: Total da Despesa Liquidada: | S64: =S56+S60 -> 12473186 | T64: =T56+T60 -> 14380210 | U64: =U56+U60 -> 0 | V64: =V56+V60 -> 0 | W64: =W56+W60 -> 0 | X64: =X56+X60 -> 0 | Y64: =Y56+Y60 -> 0 | Z64: =Z56+Z60 -> 0 | ... AF64: =AF56+AF60 -> 1
S65: =H41-S64 -> 0 | T65: =H42-T64 -> 0 | U65: =H43-U64 -> 15552992 | V65: =H44-V64 -> 15761391 | W65: =H45-W64 -> 16021602 | X65: =H46-X64 -> 16727845 | Y65: =H47-Y64 -> 0 | Z65: =H48-Z64 -> 0 | AA65: =H49-AA64 -> 0 | AB65: =H50-AB64 -> 0 | AC65: =H51-AC64 -> 0 | AD65: =H52-AD64 -> 0 | AE65: =AE64-H53 -> -64063830
R66: Giovani Amestoy da Silva | U66: Ihoko Nakashima Mota | Y66: Arlei Lopes Souza | AD66: Nota: + Despesa não Liquidada: | AE66: =40259038.12-AE64 -> 13405643
C67: EVOLUÇÃO DOS SALDOS DOS RESTOS A PAGAR PROCESSADOS E NÃO PROCESSADOS DO PERÍODO: | R67: Prefeito Municipal | U67: Secret. de Município da Fazenda | Y67: Contador - CRC/RS: 068452/O-6 | AD67: Total da DespesaEmpenhada: | AE67: =AE66+AE64 -> 40259038
A68: Ano: 2022 | B68: Janeiro | C68: Ano | D68: Fevereiro | E68: Março | F68: Abril | G68: Maio | H68: Junho | J68: Julho | K68: Agosto | L68: Setembro | M68: Outubro | N68: Novembro | O68: Dezembro
B69: 1022.7 | C69: 2006 | D69: 1022.7 | E69: 1022.7 | F69: 1022.7 | G69: 1022.7 | H69: 1022.7 | X69: Análise da relação da Despesa Corrente Liquidada em relação a Receita Orçamentária sem os valores das Receitas Intraorçamentária e de Capital
B70: 776.55 | C70: 2007 | D70: 776.55 | E70: 776.55 | F70: 776.55 | G70: 776.55 | H70: 776.55 | R70: Consolidadas | S70: Janeiro | T70: Fevereiro | U70: Março | V70: Abril | W70: Maio | X70: Junho | Y70: Julho | Z70: Agosto | AA70: Setembro | AB70: Outubro | AC70: Novembro | AD70: Dezembro | AE70: TOTAIS:
B71: 2006.84 | C71: 2008 | D71: 2006.84 | E71: 2006.84 | F71: 2006.84 | G71: 2006.84 | H71: 2006.84 | R71: Despesas Corr. Líquidada | S71: =S56 -> 12394463 | T71: =T56 -> 14376971 | U71: =U56 -> 0 | V71: =V56 -> 0 | W71: =W56 -> 0 | X71: =X56 -> 0 | Y71: =Y56 -> 0 | Z71: =Z56 -> 0 | ... AD71: =AD56 -> 0 | AE71: =SUM(S71:AD71) -> 26771433
B72: 2183 | C72: 2009 | D72: 2183 | E72: 2183 | F72: 2183 | G72: 2183 | H72: 2183 | R72: Rec. Corrente - Deduções | S72: =RCL!E4 -> 13389293 | T72: =RCL!D4 -> 11797672 | U72: =RCL!D4 -> 11797672 | V72: =RCL!H4 -> 11854362 | W72: =RCL!G4 -> 13654040 | X72: =RCL!F4 -> 12640024 | Y72: =RCL!E4 -> 13389293 | Z72: =RCL!D4 -> 11797672 | AA72: =RCL!E4 -> 13389293 | AB72: =RCL!D4 -> 11797672 | AC72: =RCL!#REF! -> #REF! | AD72: =RCL!#REF! -> #REF! | AE72: =SUM(S72:AD72) -> #REF!
B73: 6288.69 | C73: 2010 | D73: 6288.69 | E73: 6288.69 | F73: 6288.69 | G73: 6288.69 | H73: 6288.69 | R73: % da DC s/ RC: | S73: =S71/S72 -> 0.92569956 | T73: =T71/T72 -> 1.2186278 | U73: =U71/U72 -> 0 | V73: =V71/V72 -> 0 | W73: =W71/W72 -> 0 | X73: =X71/X72 -> 0 | Y73: =Y71/Y72 -> 0 | Z73: =Z71/Z72 -> 0 | ... AE73: =AE71/AE72 -> #REF!
B74: 15642.83 | C74: 2011 | D74: 15642.83 | E74: 15642.83 | F74: 15642.83 | G74: 15642.83 | H74: 15642.83
B75: 552537.96 | C75: 2012 | D75: 515859.13 | E75: 479180.3 | F75: 442501.47 | G75: 405822.64 | H75: 369143.81 | T75: SECRETARIA MUNICIPAL DA SAÚDE E MEIO AMBIENTE - SMSMA
B76: 2038.08 | C76: 2013 | D76: 2038.08 | E76: 2038.08 | F76: 2038.08 | G76: 2038.08 | H76: 2038.08
B77: 10782.56 | C77: 2014 | D77: 10782.56 | E77: 10782.56 | F77: 10782.56 | G77: 10782.56 | H77: 10782.56 | T77: COMPARATIVO DA DESPESA PREVISTA CONSOLIDADA COM A DESPESA PREVISTA PARA A SAÚDE
B78: 2407878.5 | C78: 2015 | D78: 2395224.4 | E78: 2382570.3 | F78: 2369916.2 | G78: 2357262.2 | H78: 2344608.1 | Q78: Seq. | R78: PREVISTO: | S78: =S3 -> JANEIRO | T78: =T3 -> FEVEREIRO | U78: =U3 -> MARÇO | V78: =V3 -> ABRIL | W78: =W3 -> MAIO | X78: =X3 -> JUNHO | Y78: =Y3 -> JULHO | Z78: =Z3 -> AGOSTO | ... AE78: =AE3 -> TOTAL
B79: 1763877.5 | C79: 2016 | D79: 1749599.8 | E79: 1735322.2 | F79: 1721044.5 | G79: 1706766.8 | H79: 1692489.2 | Q79: I | R79: TOTAL | S79: =S20 -> 16159624 | T79: =T20 -> 14424155 | U79: =U20 -> 18725806 | V79: =V20 -> 19346680 | W79: =W20 -> 20313510 | X79: =X20 -> 18681362 | Y79: =Y20 -> 21513383 | Z79: =Z20 -> 18527163 | ... AE79: =AE20 -> 2.3501919e+08
B80: 670372.43 | C80: 2017 | D80: 633204.9 | E80: 596037.37 | F80: 558869.84 | G80: 521702.31 | H80: 484534.78
B81: 437406.15 | C81: 2018 | D81: 437406.15 | E81: 437406.15 | F81: 437406.15 | G81: 435511.15 | H81: 435511.15 | Q81: =Q13 -> 10 | R81: =R13 -> SMS | S81: =S13 -> 2891359 | T81: =T13 -> 2571590.5 | U81: =U13 -> 3364190.4 | V81: =V13 -> 3478589.3 | W81: =W13 -> 3656732.3 | X81: =X13 -> 3356001.3 | ... AE81: =AE13 -> 42269862
B82: 40266.4 | C82: 2019 | D82: 40266.4 | E82: 40266.4 | F82: 40266.4 | G82: 40266.4 | H82: 40266.4 | R82: % s/ Consolidado | S82: =(S81/S79)*100 -> 17.892489 | T82: =(T81/T79)*100 -> 17.828361 | U82: =(U81/U79)*100 -> 17.96553 | V82: =(V81/V79)*100 -> 17.980291 | W82: =(W81/W79)*100 -> 18.00148 | X82: =(X81/X79)*100 -> 17.964436 | Y82: =(Y81/Y79)*100 -> 18.025128 | Z82: =(Z81/Z79)*100 -> 17.960599 | ... AE82: =(AE81/AE79)*100 -> 17.985707
B83: 4378455 | C83: 2020 | D83: 4283204.9 | E83: 4187907.2 | F83: 4092657.1 | G83: 3997407 | H83: 3902083
B84: 286579.53 | C84: 2021 | D84: 286579.53 | E84: 285684.53 | F84: 502483.33 | G84: 275432.53 | H84: 336718.42 | R84: Bal. Orçamentário | S84: Créditos Orçam. | T84: Disponib. Dotaç. | U84: Empenhado | V84: Liquidado | W84: A Liquidar | X84: Pago | Y84: A Pagar | Z84: Pgtos a EFetuar | AA84: Balcte Orçam.:
B85: 9269331.7 | C85: 2022 | D85: 7892141.8 | E85: 7467860.6 | F85: 7538047.9 | G85: 7381769.6 | H85: 7300569.4 | R85: Valores: | S85: =Cruz!I27 -> 2.3926159e+08 | T85: =S85-U85 -> 1.9900255e+08 | U85: =AE67 -> 40259038 | V85: =AE64 -> 26853396 | W85: =U85-V85 -> 13405643 | X85: =19501448.58 -> 19501449 | Y85: =V85-X85 -> 7351947 | Z85: =W85+Y85 -> 20757590 | AA85: =Z85-W85 -> 7351947
B86: =SUM(B69:B85) -> 19847446 | D86: =SUM(D69:D85) -> 18274228 | E86: =SUM(E69:E85) -> 17652976 | F86: =SUM(F69:F85) -> 17743934 | G86: =SUM(G69:G85) -> 17162682 | H86: =SUM(H69:H85) -> 16946665 | T86: COMPARATIVO DA DESPESA REALIZADA CONSOLIDADA COM A DESPESA REALIZADA NA SAÚDE
B87: =19847446.41-B86 -> 0 | D87: =18274228.33-D86 -> 0 | E87: =17652976.29-E86 -> 0 | F87: =17743934.21-F86 -> 0 | G87: =17162681.95-G86 -> 0 | H87: =16946665.46-H86 -> 0 | Q87: Seq. | R87: REALIZADO | S87: =S40 -> 12473186 | T87: =T40 -> 14380210 | U87: =U40 -> 15552992 | V87: =V40 -> 15761391 | W87: =W40 -> 16021602 | X87: =X40 -> 16727845 | Y87: =Y40 -> 0 | Z87: =Z40 -> 0 | ... AE87: =AE40 -> 90917225
A88: Ano: 2021 | B88: Janeiro | C88: Ano | D88: Fevereiro | E88: Março | F88: Abril | G88: Maio | H88: Junho | J88: Julho | K88: Agosto | L88: Setembro | M88: Outubro | N88: Novembro | O88: Dezembro
A89: =O113 -> 4383.53 | B89: 4383.53 | C89: 2004 | D89: 4383.53 | E89: 4383.53 | F89: 4383.53 | G89: 4383.53 | H89: 4383.53 | J89: 4383.53 | K89: 4383.53 | L89: 4383.53 | M89: 4383.53 | N89: 4383.53 | Q89: =Q33 -> 10 | R89: =R33 -> SMSMA | S89: =S33 -> 1874551.4 | T89: =T33 -> 2670563.3 | U89: =U33 -> 3037183 | V89: =V33 -> 3021847.1 | W89: =W33 -> 2968040.9 | X89: =X33 -> 2971874.8 | ... AE89: =AE33 -> 16544060
A90: =O114 -> 57.84 | B90: 57.84 | C90: 2005 | D90: 57.84 | E90: 57.84 | F90: 57.84 | G90: 57.84 | H90: 57.84 | J90: 57.84 | K90: 57.84 | L90: 57.84 | M90: 57.84 | N90: 57.84 | O90: 57.84 | Q90: II | R90: % s/ Consolidado | S90: =(S89/S87)*100 -> 15.028649 | T90: =(T89/T87)*100 -> 18.571101 | U90: =(U89/U87)*100 -> 19.527966 | V90: =(V89/V87)*100 -> 19.172465 | W90: =(W89/W87)*100 -> 18.525244 | X90: =(X89/X87)*100 -> 17.766035 | Y90: =(Y89/Y87)*100 -> #DIV/0! | Z90: =(Z89/Z87)*100 -> #DIV/0! | ... AE90: =(AE89/AE87)*100 -> 18.196838
A91: =O115 -> 1022.7 | B91: 1022.7 | C91: 2006 | D91: 1022.7 | E91: 1022.7 | F91: 376.17 | G91: 1022.7 | H91: 1022.7 | J91: 1022.7 | K91: 1022.7 | L91: 1022.7 | M91: 376.17 | N91: 1022.7 | O91: 1022.7
A92: =O116 -> 776.55 | B92: 776.55 | C92: 2007 | D92: 776.55 | E92: 776.55 | F92: 776.55 | G92: 776.55 | H92: 776.55 | J92: 776.55 | K92: 776.55 | L92: 776.55 | M92: 776.55 | N92: 776.55 | O92: 776.55
A93: =O117 -> 2046.08 | B93: 2046.08 | C93: 2008 | D93: 2046.08 | E93: 2046.08 | F93: 1737.19 | G93: 2046.08 | H93: 2046.08 | J93: 2046.08 | K93: 2046.08 | L93: 2046.08 | M93: 1737.19 | N93: 2006.84 | O93: 2006.84
A94: =O118 -> 2230.9 | B94: 2230.9 | C94: 2009 | D94: 2230.9 | E94: 2230.9 | F94: 1779.08 | G94: 2230.9 | H94: 2230.9 | J94: 2230.9 | K94: 2230.9 | L94: 2230.9 | M94: 1779.08 | N94: 2183 | O94: 2183 | R94: % s/ o Total | S94: =S43 -> Janeiro | T94: =T43 -> Fevereiro | U94: =U43 -> Março | V94: =V43 -> Abril | W94: =W43 -> Maio | X94: =X43 -> Junho | Y94: =Y43 -> Julho | Z94: =Z43 -> Agosto | ... AE94: =AE43 -> TOTAL
A95: =O119 -> 7980.88 | B95: 7980.88 | C95: 2010 | D95: 7980.88 | E95: 7980.88 | F95: 6480.66 | G95: 7980.88 | H95: 7980.88 | J95: 7980.88 | K95: 7980.88 | L95: 7980.88 | M95: 6480.66 | N95: 6544.49 | O95: 6288.69 | R95: % ao mês | S95: =S89/$AE$89 -> 0.11330661 | T95: =T89/$AE$89 -> 0.16142127 | U95: =U89/$AE$89 -> 0.18358147 | V95: =V89/$AE$89 -> 0.1826545 | W95: =W89/$AE$89 -> 0.1794022 | X95: =X89/$AE$89 -> 0.17963394 | Y95: =Y89/$AE$89 -> 0 | Z95: =Z89/$AE$89 -> 0 | ... AD95: =AD89/$AE$89 -> 0 | AE95: =AE89/$AE$20 -> 0.070394509
A96: =O120 -> 172953.87 | B96: 172953.87 | C96: 2011 | D96: 172953.87 | E96: 172953.87 | F96: 169801.14 | G96: 172953.87 | H96: 172953.87 | J96: 172953.87 | K96: 172953.87 | L96: 172953.87 | M96: 169801.14 | N96: 161659.36 | O96: 15642.83
A97: =O121 -> 1853617.8 | B97: 1840064.1 | C97: 2012 | D97: 1826510.5 | E97: 1812793 | F97: 1798786.6 | G97: 1782459 | H97: 1768905.3 | J97: 1755351.7 | K97: 1741666.8 | L97: 1727981.9 | M97: 1681494 | N97: 1617481.8 | O97: 589216.79
A98: =O122 -> 10667.58 | B98: 10667.58 | C98: 2013 | D98: 10667.58 | E98: 10667.58 | F98: 9489.87 | G98: 10667.58 | H98: 10667.58 | J98: 10667.58 | K98: 10667.58 | L98: 10667.58 | M98: 9489.87 | N98: 6526.33 | O98: 2038.08 | S98: DESPESA REALIZADO POR BIMESTRE NA SAÚDE EM 2.023
A99: =O123 -> 262666.27 | B99: 239850.34 | C99: 2014 | D99: 217034.41 | E99: 194218.48 | F99: 191899.2 | G99: 148586.62 | H99: 125770.69 | J99: 102954.76 | K99: 79925.05 | L99: 56895.34 | M99: 50378.79 | N99: 29189.14 | O99: 10782.56 | Q99: Total por Bimestre | S99: 1º Bimestre | T99: =S89+T89 -> 4545114.7 | U99: 2º Bimestre | V99: =U89+V89 -> 6059030.1 | W99: 3º Bimestre | X99: =W89+X89 -> 5939915.7 | Y99: 4º Bimestre | Z99: =Y89+Z89 -> 0 | AA99: 5º Bimestre | AB99: =AA89+AB89 -> 0 | AC99: 6º Bimestre | AD99: =AC89+AD89 -> 0 | AE99: =SUM(S99:AD99) -> 16544060
A100: =O124 -> 2976030.7 | B100: 2963376.6 | C100: 2015 | D100: 2950722.5 | E100: 2938068.5 | F100: 2938068.5 | G100: 2912760.3 | H100: 2900106.2 | J100: 2887452.1 | K100: 2874662 | L100: 2861872 | M100: 2849217.9 | N100: 2815379.3 | O100: 2420532.6
...

Sheet Cruz
D1: PREFEITURA MUNICIPAL DE CAÇAPAVA DO SUL/RS.
B2: CNPJ: | C2: 88142302/0001-45 | E2: Endereço: RUA XV DE NOVEMBRO, Nº 438 / CENTRO / CAÇAPAVA DO SUL / RS / CEP: 96.570-000
D4: CONTROLE DO DÉFICIT ORÇAMENTÁRIO
D6: INSTRUMENTO DE CONTROLE: TERMÔMETRO DE CRUZ
F7: PREVISTA | I7: ATUALIZADA
A8: EXERCICIO DE 2023 | D8: DESPESAS CONSOLIDADAS | F8: Cota Mensal | G8: Valor Líquidado | H8: Receita | I8: Orçado para | J8: Déficit ou | K8: Estouro ou | L8: % s/
A9: Órgãos de Governo | E9: Período:Janeiro a junho | F9: Acumulada | G9: Até o mês | H9: até o Mês | I9: o Exercício | J9: Superávit | K9: Economia | L9: Total de C
A10: Nº | B10: [A] | F10: [B] | G10: [C] | H10: [D] | I10: [E] | J10: [F] B - C | K10: [G] F / B | L10: [H]
A11: 1 | B11: Câmara Municipal | F11: =SUM(SUM(Cronogra!S4:X4)) -> 2804684 | G11: =Cronogra!AE24 -> 2411010.3 | I11: =5609368 -> 5609368 | J11: =F11-G11 -> 393673.67 | K11: =(J11/F11)*100 -> 14.036293 | L11: =(G11/$G$27)*100 -> 2.6518741
A12: 2 | B12: Gabinete do Prefeito | F12: =SUM(SUM(Cronogra!S5:X5)) -> 1739807.8 | G12: =Cronogra!AE25 -> 1530846.5 | I12: =3952195.39 -> 3952195.4 | J12: =F12-G12 -> 208961.24 | K12: =(J12/F12)*100 -> 12.010594 | L12: =(G12/$G$27)*100 -> 1.6837805
A13: 3 | B13: Secretaria Geral do Município | F13: =SUM(SUM(Cronogra!S6:X6)) -> 933397.91 | G13: =Cronogra!AE26 -> 402228.03 | I13: =2019326.11 -> 2019326.1 | J13: =F13-G13 -> 531169.88 | K13: =(J13/F13)*100 -> 56.907121 | L13: =(G13/$G$27)*100 -> 0.44241125
A14: 4 | B14: Secretaria da Planejamento e Meio Ambiente | F14: =SUM(SUM(Cronogra!S7:X7)) -> 1313520 | G14: =Cronogra!AE27 -> 1436991.2 | I14: =3111454.3 -> 3111454.3 | J14: =F14-G14 -> -123471.19 | K14: =(J14/F14)*100 -> -9.4000233 | L14: =(G14/$G$27)*100 -> 1.5805489
A15: 5 | B15: Secretaria de Municipio da Administração | F15: =SUM(SUM(Cronogra!S8:X8)) -> 7062525.7 | G15: =Cronogra!AE28 -> 7357916.4 | I15: =15470195.76 -> 15470196 | J15: =F15-G15 -> -295390.69 | K15: =(J15/F15)*100 -> -4.1825078 | L15: =(G15/$G$27)*100 -> 8.0929839
A16: 6 | B16: Secretaria da Fazenda | F16: =SUM(SUM(Cronogra!S9:X9)) -> 2262171.7 | G16: =Cronogra!AE29 -> 1917636.6 | H16: =67686015.71 -> 67686016 | I16: =4946756.38 -> 4946756.4 | J16: =F16-G16 -> 344535.08 | K16: =(J16/F16)*100 -> 15.23028 | L16: =(G16/$G$27)*100 -> 2.1092115
A17: 7 | B17: Secretaria de Municipio da Cultura e do Turismo | F17: =SUM(SUM(Cronogra!S10:X10)) -> 863195.62 | G17: =Cronogra!AE30 -> 722962.83 | I17: =1947634.6 -> 1947634.6 | J17: =F17-G17 -> 140232.79 | K17: =(J17/F17)*100 -> 16.245772 | L17: =(G17/$G$27)*100 -> 0.79518796
A18: 8 | B18: Secretaria de Transporte, Serviços Urbanos e Interior | F18: =SUM(SUM(Cronogra!S11:X11)) -> 9981190.2 | G18: =Cronogra!AE31 -> 6503860.2 | I18: =22745435.94 -> 22745436 | J18: =F18-G18 -> 3477330 | K18: =(J18/F18)*100 -> 34.838831 | L18: =(G18/$G$27)*100 -> 7.1536061
A19: 9 | B19: Secretaria da Educação | F19: =SUM(SUM(Cronogra!S12:X12)) -> 28843120 | G19: =Cronogra!AE32 -> 28030393 | I19: =63883109.89 -> 63883110 | J19: =F19-G19 -> 812726.96 | K19: =(J19/F19)*100 -> 2.8177499 | L19: =(G19/$G$27)*100 -> 30.830673
A20: 10 | B20: Secretaria de Municipio da Saúde | F20: =SUM(SUM(Cronogra!S13:X13)) -> 19318463 | G20: =Cronogra!AE33 -> 16544060 | I20: =43285142.45 -> 43285142 | J20: =F20-G20 -> 2774402.3 | K20: =(J20/F20)*100 -> 14.361403 | L20: =(G20/$G$27)*100 -> 18.196838
A21: 11 | B21: Secretaria de Município da Ação Social | F21: =SUM(SUM(Cronogra!S14:X14)) -> 2693987 | G21: =Cronogra!AE34 -> 2143458.9 | I21: =6251701.18 -> 6251701.2 | J21: =F21-G21 -> 550528.1 | K21: =(J21/F21)*100 -> 20.43544 | L21: =(G21/$G$27)*100 -> 2.3575938
A22: 12 | B22: Secretaria de Munic. da Agropecuária Industria e Comércio | F22: =SUM(SUM(Cronogra!S15:X15)) -> 1235714 | G22: =Cronogra!AE35 -> 1504311.4 | I22: =3627103.08 -> 3627103.1 | J22: =F22-G22 -> -268597.36 | K22: =(J22/F22)*100 -> -21.736207 | L22: =(G22/$G$27)*100 -> 1.6545945
A23: 13 | B23: Encargos Gerais do Município | F23: =SUM(SUM(Cronogra!S16:X16)) -> 1682325.1 | G23: =Cronogra!AE36 -> 1154745.6 | I23: =3696620.2 -> 3696620.2 | J23: =F23-G23 -> 527579.5 | K23: =(J23/F23)*100 -> 31.360139 | L23: =(G23/$G$27)*100 -> 1.2701066
A24: 14 | B24: Reserva de Contigências | F24: =SUM(SUM(Cronogra!S17:X17)) -> 82519.419 | G24: =Cronogra!AE37 -> 0 | I24: =142.07 -> 142.07 | J24: =F24-G24 -> 82519.419 | K24: =(J24/F24)*100 -> 100 | L24: =(G24/$G$27)*100 -> 0
A25: 15 | B25: Regime Próprio de Previdência | F25: =SUM(SUM(Cronogra!S18:X18)) -> 24598536 | G25: =Cronogra!AE38 -> 17330717 | H25: =21296552.97 -> 21296553 | I25: 53822954 | J25: =F25-G25 -> 7267818.7 | K25: =(J25/F25)*100 -> 29.545737 | L25: =(G25/$G$27)*100 -> 19.062084
A26: 16 | B26: Fundo de assistência a Saúde do Servidor Municipal | F26: =SUM(SUM(Cronogra!S19:X19)) -> 2235980.3 | G26: =Cronogra!AE39 -> 1926086.6 | H26: =2622709.4 -> 2622709.4 | I26: =4892448.28 -> 4892448.3 | J26: =F26-G26 -> 309893.75 | K26: =(J26/F26)*100 -> 13.859413 | L26: =(G26/$G$27)*100 -> 2.1185057
A27: Total | F27: =SUM(F11:F26) -> 1.0765114e+08 | G27: =SUM(G11:G26) -> 90917225 | H27: =SUM(H11:H26) -> 91605278 | I27: =SUM(I11:I26) -> 2.3926159e+08 | J27: =SUM(J11:J26) -> 16733912 | L27: =SUM(L11:L26) -> 100
B28: FONTES: | C28: Demonstrativos da Despesas Fixada e Liquidada por Órgão e Receita Efetivamente Realizada. | I28: =239261587.54-I27 -> 0
G29: =G27-Cronogra!AE40 -> 0 | H29: =H27-Cronogra!D53 -> 0
B30: NOTAS: 1 - | C30: Na coluna: "% s/ Total de C " consta o percentual que cada Órgão representa em relação ao total da Despesa Liquidada, conforme se verifica nos Órgãos de nº 9 que lida
B31: com a Educação representa 30,83% e de Nº 10 que lida com a Saúde 18,20%, respectivamente da Despesa Total Líquidada.
B32: 2 - | C32: O valor constante na coluna: "Cota Mensal Acumulada" foi apurado em conformidade com o Decreto de Desembolso Financeiro e Orçamentário, publicado em janeiro
B33: do corrente ano, que regula os quantitativos referentes ao Cronograma das saídas de acordo com as entradas(Pagamentos igual ou menor que os Recebimentos).
B34: 3 - | C34: =IF(H34>0,"Superávit Orçamentário Consolidado apurado do período","Déficit Orçamentário Consolidado apurado do período") -> Superávit Orçamentário Consolidado apurado do período | H34: =H27-G27 -> 688053 | I34: SOBRE A DESPESA LIQUIDADA CONSOLIDADA.
B35: 4 - | C35: =IF(H35>0,"Superávit Orçamentário da Pref. Municipal apurado do período","Déficit Orçamentário da Pref. Municipal apurado do período") -> Déficit Orçamentário da Pref. Municipal apurado do período | H35: =H16-SUM(G11:G24) -> -3974405.4
B36: 5 - | C36: Restos a Pagar de exercícios anteriores pagos no período de Janeiro a Junho de 2023, totalizou: | J36: =Exec_Orç!K19 -> 10705245
C39: Giovani Amestoy da Silva | F39: Ihoko Nakashima Mota | J39: Arlei Lopes Souza
C40: Prefeito Municipal | F40: Secret. de Município da Fazenda | J40: Contador - CRC/RS: 068452/O-6
B74: OBSERVAÇÕES:
B75: 1ª - Os Órgãos que apresentam Déficit Orçamentário estão abaixo do ponto zero na representação gráfica com a coluna invertida para baixo.
B76: 2ª - Os Órgãos que apresentam Superávit Orçamentário e, consequentemente,estão situados acima do ponto zero na representação gráfica, coluna para cima.
B77: 3ª - O déficit é provocado pelo despêndio maior que o previsto para o periodo no Orçamento e Regumentado no Decreto Executivo nº 4865, de 03 Fevereiro de 2022.
B78: 4ª - Percent da Despesa Corrente s/ a Receita Corrente, exceto a Despesa e a Receita Intras - § 6º do art. 167-A da CF: | I78: =((Cronogra!AE56-Exec_Orç!W19)/SUM(RCL!D4:I4))*100 -> 7.1688377
I79: =(Cronogra!AE56/RCL!#REF!)*100 -> #REF!
C82: Giovani Amestoy da Silva | F82: Ihoko Nakashima Mota | J82: Arlei Lopes Souza
C83: Prefeito Municipal | F83: Secret. de Município da Fazenda | J83: Contador - CRC/RS: 068452/O-6

Sheet Exec_Orç
B1: POSIÇÃO DAS OBRIGAÇÕES REALIZADAS ATÉ JUNHO DE 2023. | P1: =B1 -> POSIÇÃO DAS OBRIGAÇÕES REALIZADAS ATÉ JUNHO DE 2023.
H2: Empenhos de restos a Pagar | P2: DESPESAS ORÇAMENTÁRIAS, EXCETO AS DESPESAS INTRAORÇAMENTÁRIAS | V2: Despesas Intraorçamentárias
A3: Seq. | B3: ÓRGÃOS | C3: 1. Dotações: | D3: 2. Empenhado: | E3: 3. Liquidado | F3: 4. Pago: | G3: 5. A Pagar = 3 - 4 | H3: 6.Empenhado¹ | I3: 7. Liquidado | J3: 8. Cancelado4 | K3: 9. Pago³ | L3: 10. A Pagar²= 7 - 9 | O3: 1. Dotações: | P3: Dot. Atualizada | Q3: 2. Empenhado: | R3: 3. Liquidado | S3: 4. Pago: | T3: 5. A Pagar = 3 - 4 | U3: A liquidar: | V3: 2. Empenhado: | W3: 3. Liquidado | X3: 4. Pago: | Y3: 5. A Pagar = 3 - 4
A4: 1 | B4: Câmara | C4: =Cruz!I11 -> 5609368 | D4: =2637008.09 -> 2637008.1 | E4: =Cruz!G11 -> 2411010.3 | F4: 2311275.7 | G4: =E4-F4 -> 99734.66 | H4: 1837.41 | I4: 1837.41 | K4: 1837.41 | L4: =I4-K4 -> 0 | M4: =I4-(K4+L4) -> 0 | O4: 5160368 | P4: 5160368 | Q4: 2267063.8 | R4: 2041066.1 | S4: 2000208.2 | T4: =R4-S4 -> 40857.83 | U4: =Q4-R4 -> 225997.76 | V4: =D4-Q4 -> 369944.25 | W4: =E4-R4 -> 369944.25 | X4: =F4-S4 -> 311067.42 | Y4: =W4-X4 -> 58876.83
A5: 2 | B5: Gabinete | C5: =Cruz!I12 -> 3952195.4 | D5: =1588836.46 -> 1588836.5 | E5: =Cruz!G12 -> 1530846.5 | F5: 1169413.2 | G5: =E5-F5 -> 361433.33 | H5: 523428.11 | I5: 517734.91 | J5: =2244.26 -> 2244.26 | K5: 224057.86 | L5: =I5-K5 -> 293677.05 | M5: =I5-(K5+L5) -> 0 | N5: =293677.05-L5 -> 0 | O5: 3108025.1 | P5: 3253425.1 | Q5: 1305646.1 | R5: 1247656.2 | S5: 1074245.4 | T5: =R5-S5 -> 173410.77 | U5: =Q5-R5 -> 57989.92 | V5: =D5-Q5 -> 283190.38 | W5: =E5-R5 -> 283190.38 | X5: =F5-S5 -> 95167.82 | Y5: =W5-X5 -> 188022.56
A6: 3 | B6: SGM | C6: =Cruz!I13 -> 2019326.1 | D6: =518048.37 -> 518048.37 | E6: =Cruz!G13 -> 402228.03 | F6: 334077.95 | G6: =E6-F6 -> 68150.08 | H6: 208488.75 | I6: 200974.07 | K6: 67728.87 | L6: =I6-K6 -> 133245.2 | M6: =I6-(K6+L6) -> 0 | N6: =133245.2-L6 -> 0 | O6: 1781092.2 | P6: 1758092.2 | Q6: 447128.26 | R6: 331307.92 | S6: 311059.27 | T6: =R6-S6 -> 20248.65 | U6: =Q6-R6 -> 115820.34 | V6: =D6-Q6 -> 70920.11 | W6: =E6-R6 -> 70920.11 | X6: =F6-S6 -> 23018.68 | Y6: =W6-X6 -> 47901.43
A7: 4 | B7: SMCP | C7: =Cruz!I14 -> 3111454.3 | D7: =1471260.55 -> 1471260.6 | E7: =Cruz!G14 -> 1436991.2 | F7: 1152709.7 | G7: =E7-F7 -> 284281.55 | H7: =473537.67 -> 473537.67 | I7: 467869.98 | J7: 4667.69 | K7: 120637.52 | L7: =I7-K7 -> 347232.46 | M7: =I7-(K7+L7) -> 0 | N7: =347232.46-L7 -> 0 | O7: 1990970 | P7: 2228370 | Q7: 1099016.3 | R7: 1064746.9 | S7: 1031232.9 | T7: =R7-S7 -> 33514.01 | U7: =Q7-R7 -> 34269.32 | V7: =D7-Q7 -> 372244.29 | W7: =E7-R7 -> 372244.29 | X7: =F7-S7 -> 121476.75 | Y7: =W7-X7 -> 250767.54
A8: 5 | B8: SMA | C8: =Cruz!I15 -> 15470196 | D8: =7457135 -> 7457135 | E8: =Cruz!G15 -> 7357916.4 | F8: 3276338.1 | G8: =E8-F8 -> 4081578.3 | H8: =5122791.35 -> 5122791.3 | I8: 5118772.3 | K8: 1192505.4 | L8: =I8-K8 -> 3926267 | M8: =I8-(K8+L8) -> 0 | N8: =3926266.96-L8 -> 0 | O8: 1982918.1 | P8: 1999918.1 | Q8: 926547.82 | R8: 827329.19 | S8: 805682.03 | T8: =R8-S8 -> 21647.16 | U8: =Q8-R8 -> 99218.63 | V8: =D8-Q8 -> 6530587.2 | W8: =E8-R8 -> 6530587.2 | X8: =F8-S8 -> 2470656.1 | Y8: =W8-X8 -> 4059931.1
A9: 6 | B9: SMF | C9: =Cruz!I16 -> 4946756.4 | D9: =2419278.37 -> 2419278.4 | E9: =Cruz!G16 -> 1917636.6 | F9: 1465388.1 | G9: =E9-F9 -> 452248.44 | H9: =897127.56 -> 897127.56 | I9: =896355.04 -> 896355.04 | J9: 322.52 | K9: 244640.15 | L9: =I9-K9 -> 651714.89 | M9: =I9-(K9+L9) -> 0 | N9: =651714.89-L9 -> 0 | O9: 3637912.5 | P9: 3635208.5 | Q9: 1896157 | R9: 1394515.2 | S9: 1299368.2 | T9: =R9-S9 -> 95147.03 | U9: =Q9-R9 -> 501641.79 | V9: =D9-Q9 -> 523121.39 | W9: =E9-R9 -> 523121.39 | X9: =F9-S9 -> 166019.98 | Y9: =W9-X9 -> 357101.41
A10: 7 | B10: SMTur | C10: =Cruz!I17 -> 1947634.6 | D10: =828503.76 -> 828503.76 | E10: =Cruz!G17 -> 722962.83 | F10: 584580.17 | G10: =E10-F10 -> 138382.66 | H10: =366930.79 -> 366930.79 | I10: =359236.51 -> 359236.51 | J10: 1000 | K10: 243149.75 | L10: =I10-K10 -> 116086.76 | M10: =I10-(K10+L10) -> 0 | N10: =116086.76-L10 -> 0 | O10: 1731368.4 | P10: 1790283.4 | Q10: 760365.99 | R10: 654825.06 | S10: 563134.35 | T10: =R10-S10 -> 91690.71 | U10: =Q10-R10 -> 105540.93 | V10: =D10-Q10 -> 68137.77 | W10: =E10-R10 -> 68137.77 | X10: =F10-S10 -> 21445.82 | Y10: =W10-X10 -> 46691.95
A11: 8 | B11: SMTSUI | C11: =Cruz!I18 -> 22745436 | D11: =11934394.86 -> 11934395 | E11: =Cruz!G18 -> 6503860.2 | F11: 4952833.3 | G11: =E11-F11 -> 1551026.8 | H11: =4668717.06 -> 4668717.1 | I11: =3670233.9 -> 3670233.9 | J11: 33922.18 | K11: 1727391.1 | L11: =I11-K11 -> 1942842.8 | M11: =I11-(K11+L11) -> 0 | N11: =1942842.8-L11 -> 0 | O11: 19407202 | P11: 20313243 | Q11: 10937318 | R11: 5506783.3 | S11: 4631421.4 | T11: =R11-S11 -> 875361.91 | U11: =Q11-R11 -> 5430534.7 | V11: =D11-Q11 -> 997076.89 | W11: =E11-R11 -> 997076.89 | X11: =F11-S11 -> 321411.95 | Y11: =W11-X11 -> 675664.94
A12: 9 | B12: SEDUC | C12: =Cruz!I19 -> 63883110 | D12: =29027646.25 -> 29027646 | E12: =Cruz!G19 -> 28030393 | F12: 24015309 | G12: =E12-F12 -> 4015083.7 | H12: =7344957.74 -> 7344957.7 | I12: 6991712.6 | J12: =30988.27 -> 30988.27 | K12: 2720557.5 | L12: =I12-K12 -> 4271155.2 | M12: =I12-(K12+L12) -> 0 | N12: =4271155.15-L12 -> 0 | O12: 43754834 | P12: 44532447 | Q12: 20970766 | R12: 19973512 | S12: 18789351 | T12: =R12-S12 -> 1184161.3 | U12: =Q12-R12 -> 997253.59 | V12: =D12-Q12 -> 8056880.2 | W12: =E12-R12 -> 8056880.3 | X12: =F12-S12 -> 5225957.8 | Y12: =W12-X12 -> 2830922.4
A13: 10 | B13: SMSMA | C13: =Cruz!I20 -> 43285142 | D13: =20414949.8 -> 20414950 | E13: =Cruz!G20 -> 16544060 | F13: 13344490 | G13: =E13-F13 -> 3199570.5 | H13: =7451561.9 -> 7451561.9 | I13: 7264139.6 | J13: 90200.43 | K13: 3053107.4 | L13: =I13-K13 -> 4211032.2 | M13: =I13-(K13+L13) -> 0 | N13: =4211032.22-L13 -> 0 | O13: 33779880 | P13: 34802510 | Q13: 17044258 | R13: 13173369 | S13: 12506454 | T13: =R13-S13 -> 666914.93 | U13: =Q13-R13 -> 3870889.3 | V13: =D13-Q13 -> 3370691.4 | W13: =E13-R13 -> 3370691.4 | X13: =F13-S13 -> 838035.79 | Y13: =W13-X13 -> 2532655.6
A14: 11 | B14: SMAS | C14: =Cruz!I21 -> 6251701.2 | D14: =2381731.31 -> 2381731.3 | E14: =Cruz!G21 -> 2143458.9 | F14: 1784540.1 | G14: =E14-F14 -> 358918.76 | H14: =899162.57 -> 899162.57 | I14: 848621.56 | J14: 28809.21 | K14: 299688.27 | L14: =I14-K14 -> 548933.29 | M14: =I14-(K14+L14) -> 0 | N14: =548933.29-L14 -> 0 | O14: 4906169.1 | P14: 5263278.1 | Q14: 1968282.5 | R14: 1730010.1 | S14: 1649413.8 | T14: =R14-S14 -> 80596.3 | U14: =Q14-R14 -> 238272.42 | V14: =D14-Q14 -> 413448.77 | W14: =E14-R14 -> 413448.77 | X14: =F14-S14 -> 135126.31 | Y14: =W14-X14 -> 278322.46
A15: 12 | B15: SMAIC | C15: =Cruz!I22 -> 3627103.1 | D15: =1939905.59 -> 1939905.6 | E15: =Cruz!G22 -> 1504311.4 | F15: 876622.84 | G15: =E15-F15 -> 627688.55 | H15: =946111.76 -> 946111.76 | I15: =884978.94 -> 884978.94 | J15: =22867.73 -> 22867.73 | K15: 616632.96 | L15: =I15-K15 -> 268345.98 | M15: =I15-(K15+L15) -> 0 | N15: =268345.98-L15 -> 0 | O15: 2135050.9 | P15: 3111343.5 | Q15: 1753188.4 | R15: 1317594.2 | S15: 814854.65 | T15: =R15-S15 -> 502739.53 | U15: =Q15-R15 -> 435594.2 | V15: =D15-Q15 -> 186717.21 | W15: =E15-R15 -> 186717.21 | X15: =F15-S15 -> 61768.19 | Y15: =W15-X15 -> 124949.02
A16: 13 | B16: Encargos | C16: =Cruz!I23 -> 3696620.2 | D16: =1446463.55 -> 1446463.6 | E16: =Cruz!G23 -> 1154745.6 | F16: 1128838 | G16: =E16-F16 -> 25907.66 | H16: 306841.69 | I16: 297326.17 | J16: 2004.37 | K16: 96423.32 | L16: =I16-K16 -> 200902.85 | M16: =I16-(K16+L16) -> 0 | N16: =200902.85-L16 -> 0 | O16: 3650208.2 | P16: 3665808.2 | Q16: 1423163.2 | R16: 1131445.3 | S16: 1105537.7 | T16: =R16-S16 -> 25907.66 | U16: =Q16-R16 -> 291717.91 | V16: =D16-Q16 -> 23300.31 | W16: =E16-R16 -> 23300.31 | X16: =F16-S16 -> 23300.31 | Y16: =W16-X16 -> 0
A17: 15 | B17: FAPS | C17: =Cruz!I25 -> 53822954 | D17: =17347767.93 -> 17347768 | E17: =Cruz!G25 -> 17330717 | F17: 17322407 | G17: =E17-F17 -> 8310.82 | H17: 45210.12 | I17: 45210.12 | K17: 4008.39 | L17: =I17-K17 -> 41201.73 | M17: =I17-(K17+L17) -> 0 | N17: =41201.73-L17 -> 0 | O17: 53822954 | P17: 53822954 | Q17: 17347768 | R17: 17330717 | S17: 17322407 | T17: =R17-S17 -> 8310.82 | U17: =Q17-R17 -> 17050.54 | V17: =D17-Q17 -> 0 | W17: =E17-R17 -> 0 | X17: =F17-S17 -> 0 | Y17: =W17-X17 -> 0
A18: 16 | B18: FASM | C18: =Cruz!I26 -> 4892448.3 | D18: =2258437.35 -> 2258437.4 | E18: =Cruz!G26 -> 1926086.6 | F18: 1881005.2 | G18: =E18-F18 -> 45081.39 | H18: 95299.6 | I18: 92879.12 | K18: 92879.12 | L18: =I18-K18 -> 0 | M18: =I18-(K18+L18) -> 0 | O18: 4892448.3 | P18: 4892448.3 | Q18: 2258437.4 | R18: 1926086.6 | S18: 1881005.2 | T18: =R18-S18 -> 45081.39 | U18: =Q18-R18 -> 332350.78 | V18: =D18-Q18 -> 0 | W18: =E18-R18 -> 0 | X18: =F18-S18 -> 0 | Y18: =W18-X18 -> 0
C19: =SUM(C4:C18) -> 2.3926145e+08 | D19: =SUM(D4:D18) -> 1.0367137e+08 | E19: =SUM(E4:E18) -> 90917225 | F19: =SUM(F4:F18) -> 75599828 | G19: =SUM(G4:G18) -> 15317397 | H19: =SUM(H4:H18) -> 29352004 | I19: =SUM(I4:I18) -> 27657882 | J19: =SUM(J4:J18) -> 217026.66 | ... L19: =SUM(L4:L18) -> 16952637 | M19: =I19-(K19+L19) -> 0 | O19: =SUM(O4:O18) -> 1.857414e+08 | P19: =SUM(P4:P18) -> 1.902297e+08 | Q19: =SUM(Q4:Q18) -> 82405107 | R19: =SUM(R4:R18) -> 69650965 | S19: =SUM(S4:S18) -> 65785375 | T19: =SUM(T4:T18) -> 3865590 | U19: =SUM(U4:U18) -> 12754142 | V19: =SUM(V4:V18) -> 21266260 | ... Y19: =SUM(Y4:Y18) -> 11451807
B20: Verificação: | C20: =C19+Cruz!I24-Cruz!I27 -> 0 | D20: =103671367.24-D19 -> 0 | E20: =90917225.08-E19 -> 0 | F20: =75599827.84-F19 -> 0 | G20: =15317397.24-G19 -> 0 | H20: =29352004.08-H19 -> 0 | I20: =27657882.31-I19 -> 0 | J20: =217026.66-J19 -> 0 | K20: =10705244.97-K19 -> 0 | L20: =16952637.34-L19 -> 0 | O20: Reserva de Contin. | P20: =185921958.03-O19 -> 180557.04 | Q20: =82405107.07-Q19 -> 0 | R20: =69650964.91-R19 -> 0 | S20: =65785374.93-S19 -> 0 | T20: =3865589.98-T19 -> 0 | U20: =(16619732.14-T19)-U19 -> 0 | Y20: =T19+Y19 -> 15317397
B21: Fonte: Relatório Consolidado da "Situacao de Empenhos de Restos a Pagar por Orgãos - Posicão até Abril/23" | P21: =190229839.52-P19 -> 142.07
B22: 3110 | C22: 6.3.2.7.0 | D22: RP PROCESSADOS - INSCRIÇÃO NO EXERCÍCIO | G22: =13674675.12 -> 13674675 | I22: =13674675.12-G22 -> 0
B23: 2986 | C23: 5.3.1.7.0. (3099) | D23: RP NÃO PROCESSADOS - INSCRIÇÃO NO EXERCÍCIO e Pago | G23: =3295727.51 -> 3295727.5 | H23: 2897110 | I23: =(G22+G23+G24+G25)-H19 -> 0
B24: 2989 | C24: 5.3.2.2.0 | D24: RP PROCESSADOS - EXERCÍCIOS ANTERIORES | G24: =10957304.4 -> 10957304
B25: 2983 | C25: 5.3.1.2.0 | D25: RP NÃO PROCESSADOS - EXERCÍCIOS ANTERIORES | G25: 1424297.1
B26: 3098 | C26: 6.3.1.3.0 | D26: RP NÃO PROCESSADOS LIQUIDADOS A PAGAR + Cta. 3115 | G26: 128792.75 | H26: 5971.88
B27: 3107 | C27: 6.3.2.1.0 | D27: RP PROCESSADOS A PAGAR | G27: =16817872.71 -> 16817873
B28: 3108 | C28: 6.3.2.2.0 | D28: RP PROCESSADOS PAGOS | G28: 7808134.9
D30: Execução orçamentária | I30: Execução dos Restos a Pagar Processados e não Processados
B31: 1.Receita Realizada: | D31: 2. Empenhado | E31: 3.Desp. Liquidada | F31: 4.Despesa Paga: | G31: 5.Resultado: 1-4 | H31: 6.A Pagar: 3-4 | I31: 7.Empenhado¹ | J31: 8. Liquidado | K31: 9. Pago³ | L31: 10. A Pagar²= 9 - 10 | M31: 11. Resultado:
B32: Pref. | C32: =Cruz!H16 -> 67686016 | D32: =SUM(D4:D16) -> 84065162 | E32: =SUM(E4:E16) -> 71660421 | F32: =SUM(F4:F16) -> 56396416 | G32: =C32-F32 -> 11289600 | H32: =E32-F32 -> 15264005 | I32: =SUM(H4:H16) -> 29211494 | J32: =SUM(I4:I16) -> 27519793 | K32: =SUM(K4:K16) -> 10608357 | L32: =SUM(L4:L16) -> 16911436 | M32: =C32-(F32+K32) -> 681242.16
B33: FAPS | C33: =Cruz!H25 -> 21296553 | D33: =D17 -> 17347768 | E33: =E17 -> 17330717 | F33: =F17 -> 17322407 | G33: =C33-F33 -> 3974146.4 | H33: =E33-F33 -> 8310.82 | I33: =H17 -> 45210.12 | J33: =I17 -> 45210.12 | K33: =K17 -> 4008.39 | L33: =L17 -> 41201.73 | M33: =C33-(F33+K33) -> 3970138
B34: FASM | C34: =Cruz!H26 -> 2622709.4 | D34: =D18 -> 2258437.4 | E34: =E18 -> 1926086.6 | F34: =F18 -> 1881005.2 | G34: =C34-F34 -> 741704.22 | H34: =E34-F34 -> 45081.39 | I34: =H18 -> 95299.6 | J34: =I18 -> 92879.12 | K34: =K18 -> 92879.12 | L34: =L18 -> 0 | M34: =C34-(F34+K34) -> 648825.1
B35: Total: | C35: =SUM(C32:C34) -> 91605278 | D35: =SUM(D32:D34) -> 1.0367137e+08 | E35: =SUM(E32:E34) -> 90917225 | F35: =SUM(F32:F34) -> 75599828 | G35: =SUM(G32:G34) -> 16005450 | H35: =SUM(H32:H34) -> 15317397 | I35: =SUM(I32:I34) -> 29352004 | J35: =SUM(J32:J34) -> 27657882 | ... M35: =SUM(M32:M34) -> 5300205.3
B36: O resultado apurado na tabela acima é sobre a despesa paga, sobre a despesa liquidada o resultado é | H36: =C35-E35 -> 688053 | I36: O saldo dos Restos a Pagar em 30 de Jun/23 ficou em | L36: =(D19-F19)+(L19) -> 45024177
R39: Giovani Amestoy da Silva | T39: Ihoko Nakashima Mota | W39: Arlei Lopes Souza
G40: Giovani Amestoy da Silva | I40: Ihoko Nakashima Mota | L40: Arlei Lopes Souza | R40: Prefeito Municipal | T40: Secret. de Município da Fazenda | W40: Contador - CRC/RS: 068452/O-6
G41: Prefeito Municipal | I41: Secret. de Município da Fazenda | L41: Contador - CRC/RS: 068452/O-6

Sheet Míni
B1: CALCULO DOS PERCENTUAIS MÍNIMOS LEGAIS
A2: PERÍODO: | B2: 1º de Janeiro a 30 de Junho de 2023 | E2: Artigos 198 e 212 da CF/88 e E/C nº 29
A4: Análise Horizontal das Receitas em relação ao montante arrecadado no mês em uma previsão de arrecadação de um doze avos ao mês.
A5: Os valores na coluna "Excesso" entre parenteses significa que foi arrecado valor maior que um doze avos ao mês na Receita Realizada.
A7: NÍVEL: | B7: 2. RECEITAS | C7: 3. PREVISTO | D7: 4. Realizado: | E7: LIVRE: 60% Excesso/Déficit | G7: MDE:25%/5% Excesso/Déficit | I7: FUNDEB 20% Excesso/Déficit | K7: ASPS: 15% | L7: Excesso/Déficit
A8: 1.1.1.2.50 | B8: IPTU | C8: 3387739.9 | D8: =1876271.3 -> 1876271.3 | E8: =D8*0.6 -> 1125762.8 | F8: =(((C8*0.6)/12)*6)-E8 -> -109440.83 | G8: =D8*0.25 -> 469067.83 | H8: =(((C8*0.25)/12)*6)-G8 -> -45600.344 | K8: =D8*0.15 -> 281440.7 | L8: =(((C8*0.25)/12)*6)-K8 -> 142026.79
A9: 1.1.1.2.53 | B9: ITBI | C9: 2375922.5 | D9: =1323448.6 -> 1323448.6 | E9: =D9*0.6 -> 794069.16 | F9: =(((C9*0.6)/12)*6)-E9 -> -81292.404 | G9: =D9*0.25 -> 330862.15 | H9: =(((C9*0.25)/12)*6)-G9 -> -33871.835 | K9: =D9*0.15 -> 198517.29 | L9: =(((C9*0.25)/12)*6)-K9 -> 98473.025
A10: 1.1.1.3.03 | B10: IRRF | C10: 5703256.5 | D10: =3414015.42 -> 3414015.4 | E10: =D10*0.6 -> 2048409.3 | F10: =(((C10*0.6)/12)*6)-E10 -> -337432.31 | G10: =D10*0.25 -> 853503.85 | H10: =(((C10*0.25)/12)*6)-G10 -> -140596.8 | K10: =D10*0.15 -> 512102.31 | L10: =(((C10*0.25)/12)*6)-K10 -> 200804.74
A11: 1.1.1.4.51.1 | B11: ISQN | C11: 7166361.4 | D11: =4008052.65 -> 4008052.6 | E11: =D11*0.6 -> 2404831.6 | F11: =(((C11*0.6)/12)*6)-E11 -> -254923.18 | G11: =D11*0.25 -> 1002013.2 | H11: =(((C11*0.25)/12)*6)-G11 -> -106217.99 | K11: =D11*0.15 -> 601207.9 | L11: =(((C11*0.25)/12)*6)-K11 -> 294587.27
